Workbook
Name ___U1052: #REF!
Name ___U1052: #REF!
Name ___U1052: #REF!
Name __EST1: #REF!
Name __EST1: #REF!
Name __EST10: #REF!
Name __EST10: #REF!
Name __EST10: #REF!
Name __EST10: #REF!
Name __EST11: #REF!
Name __EST11: #REF!
Name __EST11: #REF!
Name __EST11: #REF!
Name __EST12: #REF!
Name __EST12: #REF!
Name __EST12: #REF!
Name __EST12: #REF!
Name __EST13: #REF!
Name __EST13: #REF!
Name __EST13: #REF!
Name __EST13: #REF!
Name __EST14: #REF!
Name __EST14: #REF!
Name __EST14: #REF!
Name __EST14: #REF!
Name __EST15: #REF!
Name __EST15: #REF!
Name __EST15: #REF!
Name __EST15: #REF!
Name __EST16: #REF!
Name __EST16: #REF!
Name __EST16: #REF!
Name __EST16: #REF!
Name __EST17: #REF!
Name __EST17: #REF!
Name __EST17: #REF!
Name __EST17: #REF!
Name __EST18: #REF!
Name __EST18: #REF!
Name __EST18: #REF!
Name __EST18: #REF!
Name __EST19: #REF!
Name __EST19: #REF!
Name __EST19: #REF!
Name __EST19: #REF!
Name __EST2: #REF!
Name __EST2: #REF!
Name __EST2: #REF!
Name __EST2: #REF!
Name __EST3: #REF!
Name __EST3: #REF!
Name __EST4: #REF!
Name __EST4: #REF!
Name __EST4: #REF!
Name __EST4: #REF!
Name __EST5: #REF!
Name __EST5: #REF!
Name __EST5: #REF!
Name __EST5: #REF!
Name __EST6: #REF!

Sheet BASE
E2: FORMATO CUADRO DE TABULACIÓN Y ANÁLISIS DE DATOS ESTADÍSTICOS - ESTUDIO DE SECTOR
E3: CÓDIGO: GCON-FM-029 | M3: VERSIÓN: 3
E4: FECHA DE APLICACIÓN: DICIEMBRE DE 2021
B6: TABULACION INICIAL COTIZACIONES, CONTRATACIONES VIGENCIA ANTERIOR DE LA UAERMV Y CONTRATACIONES SIMILARES DE OTRAS ENTIDADES PARA EL ESTUDIO DE SECTOR PRESUPUESTO | F6: COTIZACIONES GESTIONADAS PARA EL ESTUDIO DE SECTOR | H6: CONTRATACIONES ANTERIORES UAERMV | M6: CONTRATACIONES SIMILARES OTRAS ENTIDADES VIGENCIA | N6: "PRESTAR EL SERVICIO DE MANTENIMIENTO E INGENIERÍA PARA LAS MÁQUINAS Y EQUIPOS INDUSTRIALES DE LA SEDE PRODUCCIÓN DE LA UAERMV"
H7: Contrato Nro. 902 de 2024 | I7: Contrato Nro. 645 de 2023 | J7: Contrato Nro. 631 de 2021 | K7: Contrato Nro. 562 de 2020 | L7: Contrato Nro. 460 de 2019 | M7: Visor de Precios Unitarios de Referencia 2024-I Fase II + M.O. 2025
F8: GECOLSA | G8: IMC SAS | H8: IMC SAS | I8: IMC SAS | J8: AUTOCARS INGENIERIA SAS | K8: REIMPODIESEL S.A.S | L8: IMC SAS | M8: IDU
B9: ITEM | C9: DESCRIPCIÓN | D9: UNIDAD DE MEDIDA | E9: CANTIDAD | F9: VALOR UNITARIO INCLUIDO IVA | H9: VALOR UNITARIO INCLUIDO IVA A PRECIO FEB 2025 | M9: VALOR UNITARIO INCLUIDO IVA A PRECIO FEB 2025 | N9: MUESTRA | O9: VALOR PROMEDIO UNITARIO | P9: VALOR PROMEDIO TOTAL | Q9: DESVIACION ESTANDAR | R9: COEF VARIACION | S9: MARGEN DE CONFIABILIDAD | T9: NIVEL DE CONFIABILIDAD DE LOS DATOS
B10: 1 | C10: MANO DE OBRA TÉCNICO MECÁNICO ACTIVIDADES DE DIAGNÓSTICO Y MANTENIMIENTO PREVENTIVO Y/O CORRECTIVO PARA COMPONENTES O SISTEMAS MECÁNICOS, NEUMÁTICOS Y/O ACTIVIDADES RELACIONADAS A REALIZAR POR UN TÉCNICO MECÁNICO CALIFICADO. | D10: HORA | E10: 1 | G10: 195220 | H10: 156055.94 | I10: 116892 | J10: 91400 | K10: 87353 | L10: 87291 | N10: =COUNT(F10:M10) -> 6 | O10: =IFERROR(ROUND(AVERAGE(F10:M10),0),0) -> 122369 | P10: =IFERROR(ROUND(+O10*E10,0),0) -> 122369 | Q10: =IFERROR(STDEVP(F10:M10),0) -> 40595.035 | R10: =IFERROR(Q10/O10*100,0) -> 33.17428 | S10: =IFERROR(100-R10,0) -> 66.82572 | T10: =IF(S10>70,"ALTO","BAJO") -> BAJO
B11: 2 | C11: MANO DE OBRA TÉCNICO ELÉCTRICISTA ACTIVIDADES DE DIAGNÓSTICO Y MANTENIMIENTO PREVENTIVO Y/O CORRECTIVO PARA COMPONENTES O SISTEMAS ELÉCTRICOS Y/O ACTIVIDADES RELACIONADAS A REALIZAR POR UN TÉCNICO ELECTRICISTA CALIFICADO. | D11: HORA | E11: 1 | G11: 153892 | H11: 135825.99 | I11: 117760 | J11: 91400 | K11: 87353 | L11: 87291 | N11: =COUNT(F11:M11) -> 6 | O11: =IFERROR(ROUND(AVERAGE(F11:M11),0),0) -> 112254 | P11: =IFERROR(ROUND(+O11*E11,0),0) -> 112254 | Q11: =IFERROR(STDEVP(F11:M11),0) -> 25812.717 | R11: =IFERROR(Q11/O11*100,0) -> 22.99492 | S11: =IFERROR(100-R11,0) -> 77.00508 | T11: =IF(S11>70,"ALTO","BAJO") -> ALTO
B12: 3 | C12: MANO DE OBRA ESPECIALIZADA Actividades de diagnóstico, mantenimiento preventivo, mantenimiento correctivo y/o mantenimiento predictivo que requieren de un técnico especialista, tales como actividades de calibración, verificación, instrumentación y/o intervención de sistemas o equipos electrónicos, térmicos, de pesaje, entre otros. De igual forma incluye actividades de fabricación o manufactura de partes y componentes que deben deberán cumplir requerimientos de diseño específicos del fabricante de cada equipo industrial de la UAERMV. Incluye el levantamiento de información para fabricación directamente con la parte o componente afectada o con repuestos disponibles en el stock de la UAERMV. También podrán estar disponibles planos de fabricantes para algunas partes y componentes de mayor rotación y que corresponden a piezas de desgaste, tales como paletas, recubrimientos, brazos de mezclador, o repuestos necesarios de fabricación tales como trunnios, ejes y diferentes piezas de máquinas. Los procesos de manufactura requeridos pueden incluir procesos de mecanizado, fresado, fundición, conformado de chapa, corte, rolado, entre otros.Igualmente podrán ser requeridas actividades de Diseño para la fabricación de partes y componentes. | D12: HORA | E12: 1 | G12: 242861 | H12: 214349.69 | I12: 185839 | J12: 111200 | K12: 104318 | L12: 108027 | N12: =COUNT(F12:M12) -> 6 | O12: =IFERROR(ROUND(AVERAGE(F12:M12),0),0) -> 161099 | P12: =IFERROR(ROUND(+O12*E12,0),0) -> 161099 | Q12: =IFERROR(STDEVP(F12:M12),0) -> 55772.391 | R12: =IFERROR(Q12/O12*100,0) -> 34.619949 | S12: =IFERROR(100-R12,0) -> 65.380051 | T12: =IF(S12>70,"ALTO","BAJO") -> BAJO
B13: 4 | C13: MANTENIMIENTO PREVENTIVO MOTOR ELECTRICO 100 a 150 HP - 440V - 4P - LAVAR DEVANADO Y HORNEAR - VERIFICAR AJUSTES - REEMPLAZAR RODAMIENTOS - PRUEBA DE RESISTENCIA DE AISLANTE -BARNIZADO DE AISLANTE - VIBRACION - PINTURA - PRUEBAS DE ARRANQUE | D13: UND | E13: 1 | G13: 16155949 | H13: 13642684 | I13: 11129419 | J13: 8724000 | K13: 9702896 | L13: 9250297 | N13: =COUNT(F13:M13) -> 6 | O13: =IFERROR(ROUND(AVERAGE(F13:M13),0),0) -> 11434208 | P13: =IFERROR(ROUND(+O13*E13,0),0) -> 11434208 | Q13: =IFERROR(STDEVP(F13:M13),0) -> 2657606.6 | R13: =IFERROR(Q13/O13*100,0) -> 23.242595 | S13: =IFERROR(100-R13,0) -> 76.757405 | T13: =IF(S13>70,"ALTO","BAJO") -> ALTO
B14: 5 | C14: MANTENIMIENTO PREVENTIVO MOTOR ELECTRICO 75HP a 100 HP - 440V - LAVAR DEVANADO Y HORNEAR - VERIFICAR AJUSTES - REEMPLAZAR RODAMIENTOS - PRUEBA DE RESISTENCIA DE AISLANTE -BARNIZADO DE AISLANTE - VIBRACION - PINTURA - PRUEBAS DE ARRANQUE | D14: UND | E14: 1 | G14: 12299329 | H14: 10386011 | I14: 8472693 | J14: 6243000 | K14: 6837230 | L14: 6535756 | N14: =COUNT(F14:M14) -> 6 | O14: =IFERROR(ROUND(AVERAGE(F14:M14),0),0) -> 8462336 | P14: =IFERROR(ROUND(+O14*E14,0),0) -> 8462336 | Q14: =IFERROR(STDEVP(F14:M14),0) -> 2224907.5 | R14: =IFERROR(Q14/O14*100,0) -> 26.291883 | S14: =IFERROR(100-R14,0) -> 73.708117 | T14: =IF(S14>70,"ALTO","BAJO") -> ALTO
B15: 6 | C15: MANTENIMIENTO PREVENTIVO MOTOR ELECTRICO 40HP A 75 HP- 440V - LAVAR DEVANADO Y HORNEAR - VERIFICAR AJUSTES - REEMPLAZAR RODAMIENTOS - PRUEBA DE RESISTENCIA DE AISLANTE -BARNIZADO DE AISLANTE - VIBRACION - PINTURA - PRUEBAS DE ARRANQUE | D15: UND | E15: 1 | G15: 10081078 | H15: 8512838.3 | I15: 6944598 | J15: 4712000 | K15: 5310366 | L15: 5139376 | N15: =COUNT(F15:M15) -> 6 | O15: =IFERROR(ROUND(AVERAGE(F15:M15),0),0) -> 6783376 | P15: =IFERROR(ROUND(+O15*E15,0),0) -> 6783376 | Q15: =IFERROR(STDEVP(F15:M15),0) -> 1960228 | R15: =IFERROR(Q15/O15*100,0) -> 28.897529 | S15: =IFERROR(100-R15,0) -> 71.102471 | T15: =IF(S15>70,"ALTO","BAJO") -> ALTO
B16: 7 | C16: MANTENIMIENTO GENERAL DE LA CALDERAS PARA ACEITE TERMICO 500,000 A 750,000 KCAL / HR, LIMPIADO DE PARED, CAMBIO DE EMPAQUETADURAS, DESHOLLINADO DE TUBERIA INTERNA, REVISION DE REFRACTARIO, LAVADO GENERAL, PUESTA EN MARCHA | D16: UND | E16: 1 | G16: 6202841 | H16: 4901437.2 | I16: 3600033 | J16: 2632000 | K16: 2969802 | L16: 2765181 | N16: =COUNT(F16:M16) -> 6 | O16: =IFERROR(ROUND(AVERAGE(F16:M16),0),0) -> 3845216 | P16: =IFERROR(ROUND(+O16*E16,0),0) -> 3845216 | Q16: =IFERROR(STDEVP(F16:M16),0) -> 1299925.1 | R16: =IFERROR(Q16/O16*100,0) -> 33.806296 | S16: =IFERROR(100-R16,0) -> 66.193704 | T16: =IF(S16>70,"ALTO","BAJO") -> BAJO
B17: 8 | C17: MANTENIMIENTO GENERAL PREVENTIVO QUEMADOR RIELLO LS130 Incluye: - Verificación, Limpieza General Exterior e Interior del quemador y cada uno de sus componentes ( Damper de Aire, carcaza interior , exterior y Ventilador) - Revisión y mantenimiento al difusor, boquillas, electrodos y cables de alta. - Revisión y limpieza Unidad detección de llama e Ignición (Transformador de Alta) - Limpieza y Calibración de los electrodos de Ignición / Ionización, fotocelda - Revisión del funcionamiento de las válvulas solenoides. - Verificación del funcionamiento de los Presóstatos de gas y de aire. - Verificación del funcionamiento del control de llama. CALIBRACIÓN ESTEQUIOMETRICA DEL QUEMADOR. - Verificación, y calibración de válvulas Principales del quemador - Realizará calibración de caudal según grafica de calibración. - Realizará calibración Entrada de Aire para el quemador (Dámper del aire). - Ajustarán Presiones estáticas y dinámicas de acuerdo a curva de fabricante. - Realizarán pruebas de calibración en proceso. ANALISIS DE GASES CON EQUIPO DIGITAL. - Toma de análisis de gases antes y después de la calibración. - Impresión inmediata y entrega de resultados de combustión. - Equipo calibrado y certificado. LIMPIEZA Y AJUSTE DEL TABLERO ELECTRICO Y LA INSTRUMENTACION - Limpieza y ajuste de contactos del tablero - Limpieza y ajuste de los controles de presión - Verificar amperaje de motores - Verificar voltaje de entrada para motores y mando REVISIÓN FINAL PARA ENTREGA - Pruebas de Funcionamiento y Operación del quemador. - Informe técnico con resultados y parámetros de calibración. - Asesoría y Capacitación a los operadores del quemador. ELSERVICIO DE MANTENIMIENTO INCLUYE. (GARANTÍA DE OPERACIÓN) - Dos paradas de emergencia durante los próximos 45 días. - Dos Visitas de seguimiento cada 20 días, en los siguientes 2 meses; programadas con producción. - Incluye, Insumos de Limpieza (desengrasante, Lija, Limpiador Electrónico) | D17: UND | E17: 1 | G17: 26028087 | H17: 19125899 | I17: 12223711 | N17: =COUNT(F17:M17) -> 3 | O17: =IFERROR(ROUND(AVERAGE(F17:M17),0),0) -> 19125899 | P17: =IFERROR(ROUND(+O17*E17,0),0) -> 19125899 | Q17: =IFERROR(STDEVP(F17:M17),0) -> 5635612.9 | R17: =IFERROR(Q17/O17*100,0) -> 29.465872 | S17: =IFERROR(100-R17,0) -> 70.534128 | T17: =IF(S17>70,"ALTO","BAJO") -> ALTO
B18: 9 | C18: MANTENIMIENTO EN GENERAL COMPRESOR INDUSTRIAL ATLAS COPCO GA37, SUMINISTRO Y CAMBIO DE: ACEITE, FILTRO DE ACEITE Y FILTRO DE AIRE ( DE ACUERDO CON ESPECIFICACIONES DEL FABRICANTE), REVISIÓN , AJUSTE Y LIMPIEZA DEL TABLERO ELECTRICO, REVISION DEL SISTEMA NEUMATICO, ASEO, | D18: UND | E18: 1 | G18: 3817139 | H18: 3082026.9 | I18: 2346915 | J18: 1716000 | L18: 1752840 | N18: =COUNT(F18:M18) -> 5 | O18: =IFERROR(ROUND(AVERAGE(F18:M18),0),0) -> 2542984 | P18: =IFERROR(ROUND(+O18*E18,0),0) -> 2542984 | Q18: =IFERROR(STDEVP(F18:M18),0) -> 807553.27 | R18: =IFERROR(Q18/O18*100,0) -> 31.756129 | S18: =IFERROR(100-R18,0) -> 68.243871 | T18: =IF(S18>70,"ALTO","BAJO") -> BAJO
B19: 10 | C19: MANTENIMIENTO GENERAL DEL TRANSFORMADOR 800 KVA 11,4 KV - 440V Mantenimiento general de transformador inmersos en aceite EL mantenimiento preventivo de los transformadores incluye al menos siguientes acciones. 1. Termo filtrado y vaciado de aceite 2. Regeneración del aceite dieléctrico 3. Lavado y secado de parte activa 4. Suministro, cambio e implementación de aceite dieléctrico, bushings, válvulas, accesorios 5. Informe técnica de mantenimiento. | D19: UND | E19: 1 | G19: 23991139 | H19: 17817525 | I19: 11643911 | J19: 7362000 | K19: 8221100 | L19: 7532343 | N19: =COUNT(F19:M19) -> 6 | O19: =IFERROR(ROUND(AVERAGE(F19:M19),0),0) -> 12761336 | P19: =IFERROR(ROUND(+O19*E19,0),0) -> 12761336 | Q19: =IFERROR(STDEVP(F19:M19),0) -> 6191810.4 | R19: =IFERROR(Q19/O19*100,0) -> 48.52008 | S19: =IFERROR(100-R19,0) -> 51.47992 | T19: =IF(S19>70,"ALTO","BAJO") -> BAJO
B20: 11 | C20: MANTENINIENTO PREDICTIVO TRANSFORMADOR 800 KVA 11,4 KV - 440V Consiste en la toma de la muestra del aceite del transformador y realizar el diagnostico completo que contemple los siguientes análisis. 1. Análisis dieléctrico 2. Análisis cromatográfico 3. Análisis de PBC'S 4. Análisis de contenido de furanos 5. Informe técnico de diagnostico | D20: UND | E20: 1 | G20: 9402586 | H20: 7939892.7 | I20: 6477200 | J20: 4331000 | K20: 4987739 | L20: 4809111 | N20: =COUNT(F20:M20) -> 6 | O20: =IFERROR(ROUND(AVERAGE(F20:M20),0),0) -> 6324588 | P20: =IFERROR(ROUND(+O20*E20,0),0) -> 6324588 | Q20: =IFERROR(STDEVP(F20:M20),0) -> 1833248.5 | R20: =IFERROR(Q20/O20*100,0) -> 28.986054 | S20: =IFERROR(100-R20,0) -> 71.013946 | T20: =IF(S20>70,"ALTO","BAJO") -> ALTO
B21: 12 | C21: MANTENINIENTO PREDICTIVO TRANSFORMADOR 30 KVA 11,4 KV - 440V Consiste en la toma de la muestra del aceite del transformador y realizar el diagnostico completo que contemple los siguientes análisis. 1. Análisis dieléctrico 2. Análisis cromatográfico 3. Análisis de PBC'S 4. Análisis de contenido de furanos 5. Informe técnico de diagnostico | D21: UND | E21: 1 | G21: 9265099 | H21: 6858723.9 | I21: 4452349 | J21: 2621000 | K21: 3759678 | L21: 3360584 | N21: =COUNT(F21:M21) -> 6 | O21: =IFERROR(ROUND(AVERAGE(F21:M21),0),0) -> 5052906 | P21: =IFERROR(ROUND(+O21*E21,0),0) -> 5052906 | Q21: =IFERROR(STDEVP(F21:M21),0) -> 2302707.7 | R21: =IFERROR(Q21/O21*100,0) -> 45.571948 | S21: =IFERROR(100-R21,0) -> 54.428052 | T21: =IF(S21>70,"ALTO","BAJO") -> BAJO
B22: 13 | C22: MANTENINIENTO PREDICTIVO TRANSFORMADOR 500 KVA 11,4 KV - 440V Consiste en la toma de la muestra del aceite del transformador y realizar el diagnostico completo que contemple los siguientes análisis. 1. Análisis dieléctrico 2. Análisis cromatográfico 3. Análisis de PBC'S 4. Análisis de contenido de furanos 5. Informe técnico de diagnostico | D22: UND | E22: 1 | G22: 15121112 | H22: 11079570 | I22: 7038028 | J22: 4263000 | K22: 4858271 | L22: 4635288 | N22: =COUNT(F22:M22) -> 6 | O22: =IFERROR(ROUND(AVERAGE(F22:M22),0),0) -> 7832545 | P22: =IFERROR(ROUND(+O22*E22,0),0) -> 7832545 | Q22: =IFERROR(STDEVP(F22:M22),0) -> 4002250.4 | R22: =IFERROR(Q22/O22*100,0) -> 51.097701 | S22: =IFERROR(100-R22,0) -> 48.902299 | T22: =IF(S22>70,"ALTO","BAJO") -> BAJO
B23: 14 | C23: MANTENIMIENTO GENERAL DEL TRANSFORMADOR 30 KVA 11,4 KV - 220V Mantenimiento general de transformador inmersos en aceite EL mantenimiento preventivo de los transformadores incluye al menos siguientes acciones. 1. Termo filtrado y vaciado de aceite 2. Regeneración del aceite dieléctrico 3. Lavado y secado de parte activa 4. Suministro, cambio e implementación de aceite dieléctrico, bushings, válvulas, accesorios 5. Informe técnica de mantenimiento. | D23: UND | E23: 1 | G23: 5416289 | H23: 4716291.8 | I23: 4016295 | J23: 2832000 | K23: 3161420 | L23: 2897055 | N23: =COUNT(F23:M23) -> 6 | O23: =IFERROR(ROUND(AVERAGE(F23:M23),0),0) -> 3839892 | P23: =IFERROR(ROUND(+O23*E23,0),0) -> 3839892 | Q23: =IFERROR(STDEVP(F23:M23),0) -> 970337.94 | R23: =IFERROR(Q23/O23*100,0) -> 25.269928 | S23: =IFERROR(100-R23,0) -> 74.730072 | T23: =IF(S23>70,"ALTO","BAJO") -> ALTO
B24: 15 | C24: MANTENIMIENTO GENERAL DEL TRANSFORMADOR 500 KVA 11,4 KV - 220V Mantenimiento general de transformador inmersos en aceite EL mantenimiento preventivo de los transformadores incluye al menos siguientes acciones. 1. Termo filtrado y vaciado de aceite 2. Regeneración del aceite dieléctrico 3. Lavado y secado de parte activa 4. Suministro, cambio e implementación de aceite dieléctrico, bushings, válvulas, accesorios 5. Informe técnica de mantenimiento. | D24: UND | E24: 1 | G24: 21836252 | H24: 16164818 | I24: 10493384 | J24: 6230000 | K24: 6959334 | L24: 6373521 | N24: =COUNT(F24:M24) -> 6 | O24: =IFERROR(ROUND(AVERAGE(F24:M24),0),0) -> 11342885 | P24: =IFERROR(ROUND(+O24*E24,0),0) -> 11342885 | Q24: =IFERROR(STDEVP(F24:M24),0) -> 5832882.8 | R24: =IFERROR(Q24/O24*100,0) -> 51.423274 | S24: =IFERROR(100-R24,0) -> 48.576726 | T24: =IF(S24>70,"ALTO","BAJO") -> BAJO
B25: 16 | C25: MANTENIMIENTO PREDICTIVO BANCO CONDENSADORES 400 KVA- 440 VAC Que incluye: 1. Control del funcionamiento de contactores 2.Verificación del funcionamiento de relé varimétrico 3.Medición de la corriente nominal de los pasos 4.Medición de aislación 5.Medición de capacidad. 6.Medición de corriente de trabajo 7. Limpieza y reajuste de conexiones 9. Informe técnico del mantenimiento | D25: UND | E25: 1 | G25: 13546608 | H25: 10778807 | I25: 8011006 | J25: 6273000 | K25: 6094521 | L25: 6663227 | N25: =COUNT(F25:M25) -> 6 | O25: =IFERROR(ROUND(AVERAGE(F25:M25),0),0) -> 8561195 | P25: =IFERROR(ROUND(+O25*E25,0),0) -> 8561195 | Q25: =IFERROR(STDEVP(F25:M25),0) -> 2738535.3 | R25: =IFERROR(Q25/O25*100,0) -> 31.987769 | S25: =IFERROR(100-R25,0) -> 68.012231 | T25: =IF(S25>70,"ALTO","BAJO") -> BAJO
B26: 17 | C26: MANTENIMIENTO PREDICTIVO BANCO CONDENSADORES 300 KVA- 440 VAC Que incluye: 1. Control del funcionamiento de contactores 2.Verificación del funcionamiento de relé varimétrico 3.Medición de la corriente nominal de los pasos 4.Medición de aislación 5.Medición de capacidad. 6.Medición de corriente de trabajo 7. Limpieza y reajuste de conexiones 9. Informe técnico del mantenimiento | D26: UND | E26: 1 | G26: 9713978 | H26: 8314630.1 | I26: 6915282 | J26: 5266000 | K26: 6066324 | L26: 5417493 | N26: =COUNT(F26:M26) -> 6 | O26: =IFERROR(ROUND(AVERAGE(F26:M26),0),0) -> 6948951 | P26: =IFERROR(ROUND(+O26*E26,0),0) -> 6948951 | Q26: =IFERROR(STDEVP(F26:M26),0) -> 1605631 | R26: =IFERROR(Q26/O26*100,0) -> 23.106092 | S26: =IFERROR(100-R26,0) -> 76.893908 | T26: =IF(S26>70,"ALTO","BAJO") -> ALTO
B27: 18 | C27: MANTENIMIENTO PREDICTIVO VARIADORES ABB ACS 355 POTENCIA 4 HP A 440 V Que incluye: 1. Limpieza general 2. Revisión de los codensadores en las tarjetas de potencia y de control 3. Revisión de los condensadores de potencia. 4. Revisión de las resistencias de carga y de freno. 5. Revisión general de los circuitos. 6. Levantamiento de hoja de vida, con backup de la programacion. 7. Tropicalización de tarjetas. 8. Informe de mantenimiento | D27: UND | E27: 1 | G27: 1744276 | H27: 1378360.5 | I27: 1012444 | J27: 711000 | K27: 860368 | L27: 911414 | N27: =COUNT(F27:M27) -> 6 | O27: =IFERROR(ROUND(AVERAGE(F27:M27),0),0) -> 1102977 | P27: =IFERROR(ROUND(+O27*E27,0),0) -> 1102977 | Q27: =IFERROR(STDEVP(F27:M27),0) -> 352254.21 | R27: =IFERROR(Q27/O27*100,0) -> 31.936678 | S27: =IFERROR(100-R27,0) -> 68.063322 | T27: =IF(S27>70,"ALTO","BAJO") -> BAJO
B28: 19 | C28: MANTENIMIENTO PREDICTIVO VARIADORES ABB ACS 355 POTENCIA 70 HP A 440 V Que incluye: 1. Limpieza general 2. Revisión de los codensadores en las tarjetas de potencia y de control 3. Revisión de los condensadores de potencia. 4. Revisión de las resistencias de carga y de freno. 5. Revisión general de los circuitos. 6. Levantamiento de hoja de vida, con backup de la programacion. 7. Tropicalización de tarjetas. 8. Informe de mantenimiento | D28: UND | E28: 1 | G28: 5239046 | H28: 4424044.9 | I28: 3609044 | J28: 1545000 | K28: 1693023 | L28: 1490825 | N28: =COUNT(F28:M28) -> 6 | O28: =IFERROR(ROUND(AVERAGE(F28:M28),0),0) -> 3000164 | P28: =IFERROR(ROUND(+O28*E28,0),0) -> 3000164 | Q28: =IFERROR(STDEVP(F28:M28),0) -> 1500832.5 | R28: =IFERROR(Q28/O28*100,0) -> 50.025014 | S28: =IFERROR(100-R28,0) -> 49.974986 | T28: =IF(S28>70,"ALTO","BAJO") -> BAJO
B29: 20 | C29: MANTENIMIENTO PREDICTIVO VARIADORES ABB ACS 355 POTENCIA 150 HP A 440 V Que incluye: 1. Limpieza general 2. Revisión de los codensadores en las tarjetas de potencia y de control 3. Revisión de los condensadores de potencia. 4. Revisión de las resistencias de carga y de freno. 5. Revisión general de los circuitos. 6. Levantamiento de hoja de vida, con backup de la programacion. 7. Tropicalización de tarjetas. 8. Informe de mantenimiento | D29: UND | E29: 1 | G29: 6912750 | H29: 5462409.9 | I29: 4012070 | J29: 2400000 | K29: 2546568 | L29: 2084599 | N29: =COUNT(F29:M29) -> 6 | O29: =IFERROR(ROUND(AVERAGE(F29:M29),0),0) -> 3903066 | P29: =IFERROR(ROUND(+O29*E29,0),0) -> 3903066 | Q29: =IFERROR(STDEVP(F29:M29),0) -> 1775187.8 | R29: =IFERROR(Q29/O29*100,0) -> 45.481879 | S29: =IFERROR(100-R29,0) -> 54.518121 | T29: =IF(S29>70,"ALTO","BAJO") -> BAJO
B30: 21 | C30: CALIBRACION BASCULA CAMIONERA DE 80 TON. EFECTUADA POR UN LABORATORIO ACREDITADO POR ONAC, de acuerdo al método de comparación directa con pesas patrón y/o sustitución de carga; realizando pruebas de Excentricidad de Carga, Repetibilidad y Exactitud de Carga. DEBE ENTREGARSE EL CERTIFICADO. | D30: UND | E30: 1 | G30: 17373038 | H30: 14670440 | I30: 11967842 | J30: 8002000 | K30: 8776505 | L30: 7735137 | N30: =COUNT(F30:M30) -> 6 | O30: =IFERROR(ROUND(AVERAGE(F30:M30),0),0) -> 11420827 | P30: =IFERROR(ROUND(+O30*E30,0),0) -> 11420827 | Q30: =IFERROR(STDEVP(F30:M30),0) -> 3618313.5 | R30: =IFERROR(Q30/O30*100,0) -> 31.681712 | S30: =IFERROR(100-R30,0) -> 68.318288 | T30: =IF(S30>70,"ALTO","BAJO") -> BAJO
B31: 22 | C31: MANTENIMIENTO PREVENTIVO BASCULA CAMIONERA DE 80 TON VERIFICACION Y AJUSTE CELDAS DE CARGA, SISTEMAS ELECTRICO Y MECANICO, PRUEBAS DE REPETIBILIDAD: AJUSTE CON PESAS CALIBRADAS y/o sustitución de carga. ENTREGA PROTOCOLOS DE VERIFICACIÓN. ENTREGA COPIA CERTIFICADO DE CALIBRACION DE LAS PESAS UTILIZADAS EXPEDIDA POR LABORATORIO ACREDITADO. | D31: UND | E31: 1 | G31: 5490919 | H31: 4338896.7 | I31: 3186875 | N31: =COUNT(F31:M31) -> 3 | O31: =IFERROR(ROUND(AVERAGE(F31:M31),0),0) -> 4338897 | P31: =IFERROR(ROUND(+O31*E31,0),0) -> 4338897 | Q31: =IFERROR(STDEVP(F31:M31),0) -> 940622.02 | R31: =IFERROR(Q31/O31*100,0) -> 21.678828 | S31: =IFERROR(100-R31,0) -> 78.321172 | T31: =IF(S31>70,"ALTO","BAJO") -> ALTO
B32: 23 | C32: SERVICIO DE BALANCEO DINÁMICO EN CAMPO, DE ROTOR EN ALUMINIO D=740MM, SE ENTREGA REPORTE TÉCNICO Y DE NORMATIVIDAD, INCLUYENDO UN ANÁLISIS DE LAS CONDICIONES DEL EQUIPO BASADO EN GRAFICAS DE TIEMPO Y FRECUENCIA. | D32: UND | E32: 1 | G32: 6615179 | H32: 5586102.7 | I32: 4557027 | J32: 2910000 | K32: 3326517 | L32: 3215731 | N32: =COUNT(F32:M32) -> 6 | O32: =IFERROR(ROUND(AVERAGE(F32:M32),0),0) -> 4368426 | P32: =IFERROR(ROUND(+O32*E32,0),0) -> 4368426 | Q32: =IFERROR(STDEVP(F32:M32),0) -> 1360606 | R32: =IFERROR(Q32/O32*100,0) -> 31.146368 | S32: =IFERROR(100-R32,0) -> 68.853632 | T32: =IF(S32>70,"ALTO","BAJO") -> BAJO
B33: 24 | C33: SERVICIO DE BALANCEO DINÁMICO EN CAMPO, DE ROTOR DE EXHAUSTOR EN ACERO D=900 MM, SE ENTREGA REPORTE TÉCNICO Y DE NORMATIVIDAD, INCLUYENDO UN ANÁLISIS DE LAS CONDICIONES DEL EQUIPO BASADO EN GRAFICAS DE TIEMPO Y FRECUENCIA. | D33: UND | E33: 1 | G33: 7138826 | H33: 6028289.7 | I33: 4917754 | J33: 3083000 | K33: 3524310 | L33: 3406937 | N33: =COUNT(F33:M33) -> 6 | O33: =IFERROR(ROUND(AVERAGE(F33:M33),0),0) -> 4683186 | P33: =IFERROR(ROUND(+O33*E33,0),0) -> 4683186 | Q33: =IFERROR(STDEVP(F33:M33),0) -> 1495933.1 | R33: =IFERROR(Q33/O33*100,0) -> 31.942636 | S33: =IFERROR(100-R33,0) -> 68.057364 | T33: =IF(S33>70,"ALTO","BAJO") -> BAJO
B34: 25 | C34: ABRAZADERA PLASTICA 15 CM PAQUETE 100 UN | D34: UND | E34: 1 | G34: 55062 | H34: 40771.738 | I34: 26482 | J34: 16600 | K34: 16818 | L34: 15649 | N34: =COUNT(F34:M34) -> 6 | O34: =IFERROR(ROUND(AVERAGE(F34:M34),0),0) -> 28564 | P34: =IFERROR(ROUND(+O34*E34,0),0) -> 28564 | Q34: =IFERROR(STDEVP(F34:M34),0) -> 14738.898 | R34: =IFERROR(Q34/O34*100,0) -> 51.599558 | S34: =IFERROR(100-R34,0) -> 48.400442 | T34: =IF(S34>70,"ALTO","BAJO") -> BAJO
B35: 26 | C35: ABRAZADERA PLASTICA 30 CM PAQUETE 100 UN | D35: UND | E35: 1 | G35: 59184 | H35: 46781.353 | I35: 34378 | J35: 27200 | K35: 26523 | L35: 24666 | N35: =COUNT(F35:M35) -> 6 | O35: =IFERROR(ROUND(AVERAGE(F35:M35),0),0) -> 36455 | P35: =IFERROR(ROUND(+O35*E35,0),0) -> 36455 | Q35: =IFERROR(STDEVP(F35:M35),0) -> 12588.587 | R35: =IFERROR(Q35/O35*100,0) -> 34.531852 | S35: =IFERROR(100-R35,0) -> 65.468148 | T35: =IF(S35>70,"ALTO","BAJO") -> BAJO
B36: 27 | C36: ABRAZADERAS INOXIDABLE 2", TORNILLO Y TUERCA , Paquete de 5 Und | D36: UND | E36: 1 | G36: 78002 | H36: 62381.252 | I36: 46760 | L36: 37709 | N36: =COUNT(F36:M36) -> 4 | O36: =IFERROR(ROUND(AVERAGE(F36:M36),0),0) -> 56213 | P36: =IFERROR(ROUND(+O36*E36,0),0) -> 56213 | Q36: =IFERROR(STDEVP(F36:M36),0) -> 15366.889 | R36: =IFERROR(Q36/O36*100,0) -> 27.336895 | S36: =IFERROR(100-R36,0) -> 72.663105 | T36: =IF(S36>70,"ALTO","BAJO") -> ALTO
B37: 28 | C37: ACEITE DE TRANSFERENCIA TERMICA, VISCOSIDAD CST, 40 °C - 46 , RANGO MÁXIMO DE TEMP. 315°C, CANECA 55 GALONES | D37: UND | E37: 1 | G37: 6096638 | H37: 5148228.2 | I37: 4199818 | J37: 2625900 | K37: 3159499 | L37: 2939934 | N37: =COUNT(F37:M37) -> 6 | O37: =IFERROR(ROUND(AVERAGE(F37:M37),0),0) -> 4028336 | P37: =IFERROR(ROUND(+O37*E37,0),0) -> 4028336 | Q37: =IFERROR(STDEVP(F37:M37),0) -> 1256168.8 | R37: =IFERROR(Q37/O37*100,0) -> 31.183319 | S37: =IFERROR(100-R37,0) -> 68.816681 | T37: =IF(S37>70,"ALTO","BAJO") -> BAJO
B38: 29 | C38: ACEITE GEAR 630 PARA REDUCTORES POR 55 GALONES | D38: UND | E38: 1 | G38: 11545145 | H38: 8546596.4 | I38: 5548047 | J38: 2827400 | K38: 3162540 | L38: 3158225 | N38: =COUNT(F38:M38) -> 6 | O38: =IFERROR(ROUND(AVERAGE(F38:M38),0),0) -> 5797992 | P38: =IFERROR(ROUND(+O38*E38,0),0) -> 5797992 | Q38: =IFERROR(STDEVP(F38:M38),0) -> 3250268.2 | R38: =IFERROR(Q38/O38*100,0) -> 56.058515 | S38: =IFERROR(100-R38,0) -> 43.941485 | T38: =IF(S38>70,"ALTO","BAJO") -> BAJO
B39: 30 | C39: ACEITE HIDRAULICO ISO 68 ( POR CANECA X 55 GAL ONES) | D39: UND | E39: 1 | G39: 10237511 | H39: 7672490.4 | I39: 5107469 | J39: 3256200 | K39: 3297578 | L39: 2705898 | N39: =COUNT(F39:M39) -> 6 | O39: =IFERROR(ROUND(AVERAGE(F39:M39),0),0) -> 5379524 | P39: =IFERROR(ROUND(+O39*E39,0),0) -> 5379524 | Q39: =IFERROR(STDEVP(F39:M39),0) -> 2736269.6 | R39: =IFERROR(Q39/O39*100,0) -> 50.864529 | S39: =IFERROR(100-R39,0) -> 49.135471 | T39: =IF(S39>70,"ALTO","BAJO") -> BAJO
B40: 31 | C40: ACEITE SINTETICO PARA COMPRESORES DE AIRE | D40: GALON | E40: 1 | G40: 1231832 | H40: 479586.59 | I40: 327342 | J40: 293100 | L40: 337842 | N40: =COUNT(F40:M40) -> 5 | O40: =IFERROR(ROUND(AVERAGE(F40:M40),0),0) -> 533941 | P40: =IFERROR(ROUND(+O40*E40,0),0) -> 533941 | Q40: =IFERROR(STDEVP(F40:M40),0) -> 354724.85 | R40: =IFERROR(Q40/O40*100,0) -> 66.435215 | S40: =IFERROR(100-R40,0) -> 33.564785 | T40: =IF(S40>70,"ALTO","BAJO") -> BAJO
B41: 32 | C41: ACETILENO INDUSTRIAL (PROCESO DE OXICORTE) CILINDRO POR 10 KG | D41: KG | E41: 1 | G41: 166151 | H41: 131328.19 | I41: 96505 | J41: 76400 | K41: 144850 | L41: 148936 | N41: =COUNT(F41:M41) -> 6 | O41: =IFERROR(ROUND(AVERAGE(F41:M41),0),0) -> 127362 | P41: =IFERROR(ROUND(+O41*E41,0),0) -> 127362 | Q41: =IFERROR(STDEVP(F41:M41),0) -> 31200.6 | R41: =IFERROR(Q41/O41*100,0) -> 24.497574 | S41: =IFERROR(100-R41,0) -> 75.502426 | T41: =IF(S41>70,"ALTO","BAJO") -> ALTO
B42: 33 | C42: ACOPLE DE CADENA CON CARCAZA , REF. 100-20 | D42: UND | E42: 1 | G42: 3119772 | H42: 2669501.9 | I42: 2219232 | J42: 1775700 | K42: 1674706 | L42: 1464108 | N42: =COUNT(F42:M42) -> 6 | O42: =IFERROR(ROUND(AVERAGE(F42:M42),0),0) -> 2153837 | P42: =IFERROR(ROUND(+O42*E42,0),0) -> 2153837 | Q42: =IFERROR(STDEVP(F42:M42),0) -> 584736.04 | R42: =IFERROR(Q42/O42*100,0) -> 27.148574 | S42: =IFERROR(100-R42,0) -> 72.851426 | T42: =IF(S42>70,"ALTO","BAJO") -> ALTO
B43: 34 | C43: ACOPLE DE CADENA CON CARCAZA , REF. 60-22 | D43: UND | E43: 1 | G43: 2086907 | H43: 1783972.3 | I43: 1481037 | J43: 1392000 | K43: 1471233 | L43: 1548474 | N43: =COUNT(F43:M43) -> 6 | O43: =IFERROR(ROUND(AVERAGE(F43:M43),0),0) -> 1627271 | P43: =IFERROR(ROUND(+O43*E43,0),0) -> 1627271 | Q43: =IFERROR(STDEVP(F43:M43),0) -> 239135.32 | R43: =IFERROR(Q43/O43*100,0) -> 14.695482 | S43: =IFERROR(100-R43,0) -> 85.304518 | T43: =IF(S43>70,"ALTO","BAJO") -> ALTO
B44: 35 | C44: ACOPLE DE CADENA, CON CARCAZA , REF. 80-18 | D44: UND | E44: 1 | G44: 2636040 | H44: 2003062.1 | I44: 1370084 | J44: 1165700 | K44: 1119394 | L44: 1068820 | N44: =COUNT(F44:M44) -> 6 | O44: =IFERROR(ROUND(AVERAGE(F44:M44),0),0) -> 1560517 | P44: =IFERROR(ROUND(+O44*E44,0),0) -> 1560517 | Q44: =IFERROR(STDEVP(F44:M44),0) -> 574615.31 | R44: =IFERROR(Q44/O44*100,0) -> 36.822112 | S44: =IFERROR(100-R44,0) -> 63.177888 | T44: =IF(S44>70,"ALTO","BAJO") -> BAJO
B45: 36 | C45: ACOPLE INDUSTRIAL PARA MANGUERA ALTA TEMPERATURA 1/2" | D45: UND | E45: 1 | G45: 502132 | H45: 424019.13 | I45: 345906 | J45: 315000 | K45: 310202 | L45: 285250 | N45: =COUNT(F45:M45) -> 6 | O45: =IFERROR(ROUND(AVERAGE(F45:M45),0),0) -> 363752 | P45: =IFERROR(ROUND(+O45*E45,0),0) -> 363752 | Q45: =IFERROR(STDEVP(F45:M45),0) -> 75835.957 | R45: =IFERROR(Q45/O45*100,0) -> 20.848259 | S45: =IFERROR(100-R45,0) -> 79.151741 | T45: =IF(S45>70,"ALTO","BAJO") -> ALTO
B46: 37 | C46: ACOPLE INDUSTRIAL PARA MANGUERA ALTA TEMPERATURA 3/4" | D46: UND | E46: 1 | G46: 277547 | H46: 254176.3 | I46: 230805 | J46: 219100 | K46: 215737 | L46: 200603 | N46: =COUNT(F46:M46) -> 6 | O46: =IFERROR(ROUND(AVERAGE(F46:M46),0),0) -> 232995 | P46: =IFERROR(ROUND(+O46*E46,0),0) -> 232995 | Q46: =IFERROR(STDEVP(F46:M46),0) -> 25750.326 | R46: =IFERROR(Q46/O46*100,0) -> 11.051879 | S46: =IFERROR(100-R46,0) -> 88.948121 | T46: =IF(S46>70,"ALTO","BAJO") -> ALTO
B47: 38 | C47: ACOPLE INDUSTRIAL HEMBRA Y MACHO PARA MANGUERA ALTA TEMPERATURA 1 IN CON EMPAQUE | D47: UND | E47: 1 | G47: 148317 | H47: 116143.41 | I47: 83969 | J47: 71800 | K47: 80958 | L47: 86777 | N47: =COUNT(F47:M47) -> 6 | O47: =IFERROR(ROUND(AVERAGE(F47:M47),0),0) -> 97994 | P47: =IFERROR(ROUND(+O47*E47,0),0) -> 97994 | Q47: =IFERROR(STDEVP(F47:M47),0) -> 26333.37 | R47: =IFERROR(Q47/O47*100,0) -> 26.872431 | S47: =IFERROR(100-R47,0) -> 73.127569 | T47: =IF(S47>70,"ALTO","BAJO") -> ALTO
B48: 39 | C48: ACOPLE INDUSTRIAL HEMBRA Y MACHO PARA MANGUERA ALTA TEMPERATURA 2 IN CON EMPAQUE | D48: UND | E48: 1 | G48: 576438 | H48: 437639.96 | I48: 298842 | J48: 242000 | K48: 215742 | L48: 191021 | N48: =COUNT(F48:M48) -> 6 | O48: =IFERROR(ROUND(AVERAGE(F48:M48),0),0) -> 326947 | P48: =IFERROR(ROUND(+O48*E48,0),0) -> 326947 | Q48: =IFERROR(STDEVP(F48:M48),0) -> 137445.14 | R48: =IFERROR(Q48/O48*100,0) -> 42.038967 | S48: =IFERROR(100-R48,0) -> 57.961033 | T48: =IF(S48>70,"ALTO","BAJO") -> BAJO
B49: 40 | C49: ACOPLE RAPIDO HEMBRA INDUSTRIAL PARA ALTA TEMPERATURA 4" CON EMPAQUE | D49: UND | E49: 1 | G49: 709419 | H49: 529066.23 | I49: 348713 | J49: 274100 | K49: 269599 | L49: 260492 | N49: =COUNT(F49:M49) -> 6 | O49: =IFERROR(ROUND(AVERAGE(F49:M49),0),0) -> 398565 | P49: =IFERROR(ROUND(+O49*E49,0),0) -> 398565 | Q49: =IFERROR(STDEVP(F49:M49),0) -> 166999.96 | R49: =IFERROR(Q49/O49*100,0) -> 41.900308 | S49: =IFERROR(100-R49,0) -> 58.099692 | T49: =IF(S49>70,"ALTO","BAJO") -> BAJO
B50: 41 | C50: ACOPLE RAPIDO MACHO INDUSTRIAL PARA ALTA TEMPERATURA 4" CON EMPAQUE | D50: UND | E50: 1 | G50: 304144 | H50: 353560.37 | I50: 402976 | J50: 335900 | K50: 330798 | L50: 334716 | N50: =COUNT(F50:M50) -> 6 | O50: =IFERROR(ROUND(AVERAGE(F50:M50),0),0) -> 343682 | P50: =IFERROR(ROUND(+O50*E50,0),0) -> 343682 | Q50: =IFERROR(STDEVP(F50:M50),0) -> 30231.221 | R50: =IFERROR(Q50/O50*100,0) -> 8.796277 | S50: =IFERROR(100-R50,0) -> 91.203723 | T50: =IF(S50>70,"ALTO","BAJO") -> ALTO
B51: 42 | C51: ANGULO EN ACERO A36, DE 1 1/2"X3/16", LONG 6M. | D51: UND | E51: 1 | G51: 166524.12 | H51: 154188.86 | J51: 68200 | K51: 65589 | L51: 62489 | N51: =COUNT(F51:M51) -> 5 | O51: =IFERROR(ROUND(AVERAGE(F51:M51),0),0) -> 103398 | P51: =IFERROR(ROUND(+O51*E51,0),0) -> 103398 | Q51: =IFERROR(STDEVP(F51:M51),0) -> 46704.571 | R51: =IFERROR(Q51/O51*100,0) -> 45.169704 | S51: =IFERROR(100-R51,0) -> 54.830296 | T51: =IF(S51>70,"ALTO","BAJO") -> BAJO
B52: 43 | C52: ANGULO EN ACERO A36, DE 2 1/2"X 3/16" , LONG 6M. | D52: UND | E52: 1 | G52: 360093.6 | H52: 333420.2 | N52: =COUNT(F52:M52) -> 2 | O52: =IFERROR(ROUND(AVERAGE(F52:M52),0),0) -> 346757 | P52: =IFERROR(ROUND(+O52*E52,0),0) -> 346757 | Q52: =IFERROR(STDEVP(F52:M52),0) -> 13336.701 | R52: =IFERROR(Q52/O52*100,0) -> 3.8461231 | S52: =IFERROR(100-R52,0) -> 96.153877 | T52: =IF(S52>70,"ALTO","BAJO") -> ALTO
B53: 44 | C53: ANGULO EN ACERO A36, DE 1"X3/16", LONG 6M. | D53: UND | E53: 1 | G53: 133603.56 | H53: 123707.32 | J53: 45300 | K53: 43822 | L53: 42150 | N53: =COUNT(F53:M53) -> 5 | O53: =IFERROR(ROUND(AVERAGE(F53:M53),0),0) -> 77717 | P53: =IFERROR(ROUND(+O53*E53,0),0) -> 77717 | Q53: =IFERROR(STDEVP(F53:M53),0) -> 41720.886 | R53: =IFERROR(Q53/O53*100,0) -> 53.683089 | S53: =IFERROR(100-R53,0) -> 46.316911 | T53: =IF(S53>70,"ALTO","BAJO") -> BAJO
B54: 45 | C54: ANGULO EN ACERO A36, DE 2"X1/4", LONG 6M. | D54: UND | E54: 1 | G54: 406743.12 | H54: 376614.12 | J54: 119300 | K54: 113165 | L54: 106184 | N54: =COUNT(F54:M54) -> 5 | O54: =IFERROR(ROUND(AVERAGE(F54:M54),0),0) -> 224401 | P54: =IFERROR(ROUND(+O54*E54,0),0) -> 224401 | Q54: =IFERROR(STDEVP(F54:M54),0) -> 136976.21 | R54: =IFERROR(Q54/O54*100,0) -> 61.04082 | S54: =IFERROR(100-R54,0) -> 38.95918 | T54: =IF(S54>70,"ALTO","BAJO") -> BAJO
B55: 46 | C55: ANGULO EN ACERO A36, DE 2"X3/16", LONG 6M. | D55: UND | E55: 1 | G55: 276811.56 | H55: 256306.94 | J55: 91700 | K55: 87326 | L55: 82266 | N55: =COUNT(F55:M55) -> 5 | O55: =IFERROR(ROUND(AVERAGE(F55:M55),0),0) -> 158882 | P55: =IFERROR(ROUND(+O55*E55,0),0) -> 158882 | Q55: =IFERROR(STDEVP(F55:M55),0) -> 88207.363 | R55: =IFERROR(Q55/O55*100,0) -> 55.51753 | S55: =IFERROR(100-R55,0) -> 44.48247 | T55: =IF(S55>70,"ALTO","BAJO") -> BAJO
B56: 47 | C56: ANGULO EN ACERO A36, DE 3"X1/4", LONG 6M. | D56: UND | E56: 1 | G56: 563664.96 | H56: 521911.65 | J56: 192100 | K56: 181108 | L56: 168695 | N56: =COUNT(F56:M56) -> 5 | O56: =IFERROR(ROUND(AVERAGE(F56:M56),0),0) -> 325496 | P56: =IFERROR(ROUND(+O56*E56,0),0) -> 325496 | Q56: =IFERROR(STDEVP(F56:M56),0) -> 178063.19 | R56: =IFERROR(Q56/O56*100,0) -> 54.705186 | S56: =IFERROR(100-R56,0) -> 45.294814 | T56: =IF(S56>70,"ALTO","BAJO") -> BAJO
B57: 48 | C57: ANGULO EN ACERO A36, DE 3"X3/8", LONG 6M. | D57: UND | E57: 1 | G57: 1306432 | H57: 653215.71 | J57: 259800 | K57: 238808 | L57: 216163 | N57: =COUNT(F57:M57) -> 5 | O57: =IFERROR(ROUND(AVERAGE(F57:M57),0),0) -> 534884 | P57: =IFERROR(ROUND(+O57*E57,0),0) -> 534884 | Q57: =IFERROR(STDEVP(F57:M57),0) -> 418139.69 | R57: =IFERROR(Q57/O57*100,0) -> 78.173901 | S57: =IFERROR(100-R57,0) -> 21.826099 | T57: =IF(S57>70,"ALTO","BAJO") -> BAJO
B58: 49 | C58: ANGULO EN ACERO A36, DE 1 1/2" x 1/4, LONG 6M. | D58: UND | E58: 1 | G58: 269928.72 | H58: 249934.34 | N58: =COUNT(F58:M58) -> 2 | O58: =IFERROR(ROUND(AVERAGE(F58:M58),0),0) -> 259932 | P58: =IFERROR(ROUND(+O58*E58,0),0) -> 259932 | Q58: =IFERROR(STDEVP(F58:M58),0) -> 9997.1916 | R58: =IFERROR(Q58/O58*100,0) -> 3.8460796 | S58: =IFERROR(100-R58,0) -> 96.15392 | T58: =IF(S58>70,"ALTO","BAJO") -> ALTO
B59: 50 | C59: BANDA 4 LONAS DE 18" EN CAUCHO | D59: METRO | E59: 1 | G59: 345459.6 | H59: 319869.84 | I59: 260943 | N59: =COUNT(F59:M59) -> 3 | O59: =IFERROR(ROUND(AVERAGE(F59:M59),0),0) -> 308757 | P59: =IFERROR(ROUND(+O59*E59,0),0) -> 308757 | Q59: =IFERROR(STDEVP(F59:M59),0) -> 35387.167 | R59: =IFERROR(Q59/O59*100,0) -> 11.461171 | S59: =IFERROR(100-R59,0) -> 88.538829 | T59: =IF(S59>70,"ALTO","BAJO") -> ALTO
B60: 51 | C60: BANDA 4 LONAS DE 22" EN CAUCHO | D60: METRO | E60: 1 | G60: 904821 | H60: 864614.17 | I60: 824407 | N60: =COUNT(F60:M60) -> 3 | O60: =IFERROR(ROUND(AVERAGE(F60:M60),0),0) -> 864614 | P60: =IFERROR(ROUND(+O60*E60,0),0) -> 864614 | Q60: =IFERROR(STDEVP(F60:M60),0) -> 32828.878 | R60: =IFERROR(Q60/O60*100,0) -> 3.7969404 | S60: =IFERROR(100-R60,0) -> 96.20306 | T60: =IF(S60>70,"ALTO","BAJO") -> ALTO
B61: 52 | C61: BANDA 4 LONAS DE 24" EN CAUCHO | D61: METRO | E61: 1 | G61: 606906 | H61: 444826.39 | I61: 282746 | N61: =COUNT(F61:M61) -> 3 | O61: =IFERROR(ROUND(AVERAGE(F61:M61),0),0) -> 444826 | P61: =IFERROR(ROUND(+O61*E61,0),0) -> 444826 | Q61: =IFERROR(STDEVP(F61:M61),0) -> 132337.77 | R61: =IFERROR(Q61/O61*100,0) -> 29.750457 | S61: =IFERROR(100-R61,0) -> 70.249543 | T61: =IF(S61>70,"ALTO","BAJO") -> ALTO
B62: 53 | C62: BANDA 4 LONAS DE 30" EN CAUCHO | D62: METRO | E62: 1 | G62: 1067574 | H62: 1019028.9 | I62: 970484 | N62: =COUNT(F62:M62) -> 3 | O62: =IFERROR(ROUND(AVERAGE(F62:M62),0),0) -> 1019029 | P62: =IFERROR(ROUND(+O62*E62,0),0) -> 1019029 | Q62: =IFERROR(STDEVP(F62:M62),0) -> 39636.827 | R62: =IFERROR(Q62/O62*100,0) -> 3.8896662 | S62: =IFERROR(100-R62,0) -> 96.110334 | T62: =IF(S62>70,"ALTO","BAJO") -> ALTO
B63: 54 | C63: BANDA 3 LONAS DE 36" EN CAUCHO | D63: METRO | E63: 1 | G63: 664414 | H63: 507402.66 | I63: 350392 | J63: 223200 | K63: 214335 | L63: 204420 | N63: =COUNT(F63:M63) -> 6 | O63: =IFERROR(ROUND(AVERAGE(F63:M63),0),0) -> 360694 | P63: =IFERROR(ROUND(+O63*E63,0),0) -> 360694 | Q63: =IFERROR(STDEVP(F63:M63),0) -> 172541.07 | R63: =IFERROR(Q63/O63*100,0) -> 47.835857 | S63: =IFERROR(100-R63,0) -> 52.164143 | T63: =IF(S63>70,"ALTO","BAJO") -> BAJO
B64: 55 | C64: BOMBA CENTRIFUGA AUTOCEBANTE DE 2X2, MOTOR ELECTRICO DE 3 HP CAUDAL 143 GPM, CABEZA 39 METROS | D64: UND | E64: 1 | G64: 6358643 | H64: 5024565.2 | I64: 3690487 | J64: 2553300 | K64: 2947340 | L64: 2612780 | N64: =COUNT(F64:M64) -> 6 | O64: =IFERROR(ROUND(AVERAGE(F64:M64),0),0) -> 3864519 | P64: =IFERROR(ROUND(+O64*E64,0),0) -> 3864519 | Q64: =IFERROR(STDEVP(F64:M64),0) -> 1397856.2 | R64: =IFERROR(Q64/O64*100,0) -> 36.171545 | S64: =IFERROR(100-R64,0) -> 63.828455 | T64: =IF(S64>70,"ALTO","BAJO") -> BAJO
B65: 56 | C65: BOMBA CENTRIFUGA AUTOCEBANTE DE 2X2, MOTOR ELECTRICO DE 5 HP CAUDAL 175 GPM, CABEZA 34 METROS | D65: UND | E65: 1 | G65: 7739885 | H65: 6116012.7 | I65: 4492141 | J65: 2972200 | K65: 3487119 | L65: 2908984 | N65: =COUNT(F65:M65) -> 6 | O65: =IFERROR(ROUND(AVERAGE(F65:M65),0),0) -> 4619390 | P65: =IFERROR(ROUND(+O65*E65,0),0) -> 4619390 | Q65: =IFERROR(STDEVP(F65:M65),0) -> 1775496.3 | R65: =IFERROR(Q65/O65*100,0) -> 38.43573 | S65: =IFERROR(100-R65,0) -> 61.56427 | T65: =IF(S65>70,"ALTO","BAJO") -> BAJO
B66: 57 | C66: BOMBA VIKING G32 CON SOPORTE BRACKET Y VALVULA DE ALIVIO | D66: UND | E66: 1 | G66: 13428400 | H66: 7618127.8 | I66: 5595430 | J66: 3862800 | K66: 3899280 | L66: 3627405 | N66: =COUNT(F66:M66) -> 6 | O66: =IFERROR(ROUND(AVERAGE(F66:M66),0),0) -> 6338574 | P66: =IFERROR(ROUND(+O66*E66,0),0) -> 6338574 | Q66: =IFERROR(STDEVP(F66:M66),0) -> 3461338.9 | R66: =IFERROR(Q66/O66*100,0) -> 54.607534 | S66: =IFERROR(100-R66,0) -> 45.392466 | T66: =IF(S66>70,"ALTO","BAJO") -> BAJO
B67: 58 | C67: BOMBA VIKING KK224 - ENCHAQUETADA | D67: UND | E67: 1 | G67: 31264652 | H67: 20843101 | I67: 20769506 | J67: 14422400 | K67: 13520505 | L67: 12521282 | N67: =COUNT(F67:M67) -> 6 | O67: =IFERROR(ROUND(AVERAGE(F67:M67),0),0) -> 18890241 | P67: =IFERROR(ROUND(+O67*E67,0),0) -> 18890241 | Q67: =IFERROR(STDEVP(F67:M67),0) -> 6452785.5 | R67: =IFERROR(Q67/O67*100,0) -> 34.15936 | S67: =IFERROR(100-R67,0) -> 65.84064 | T67: =IF(S67>70,"ALTO","BAJO") -> BAJO
B68: 59 | C68: Mantenimiento correctivo - BOMBA VIKING KK224 - ENCHAQUETADA - Cambio de bujes; Cambio de rodamientos; rectificacion de eje y cambio de empaquetadura por desgaste. | D68: UND | E68: 1 | G68: 14573205 | H68: 13493708 | N68: =COUNT(F68:M68) -> 2 | O68: =IFERROR(ROUND(AVERAGE(F68:M68),0),0) -> 14033456 | P68: =IFERROR(ROUND(+O68*E68,0),0) -> 14033456 | Q68: =IFERROR(STDEVP(F68:M68),0) -> 539748.51 | R68: =IFERROR(Q68/O68*100,0) -> 3.8461553 | S68: =IFERROR(100-R68,0) -> 96.153845 | T68: =IF(S68>70,"ALTO","BAJO") -> ALTO
B69: 60 | C69: BOMBA VIKING LQ34 - ENCHAQUETADA | D69: UND | E69: 1 | G69: 49988449 | H69: 24416887 | I69: 22933474 | J69: 18419900 | K69: 19541116 | L69: 18183443 | N69: =COUNT(F69:M69) -> 6 | O69: =IFERROR(ROUND(AVERAGE(F69:M69),0),0) -> 25580545 | P69: =IFERROR(ROUND(+O69*E69,0),0) -> 25580545 | Q69: =IFERROR(STDEVP(F69:M69),0) -> 11154771 | R69: =IFERROR(Q69/O69*100,0) -> 43.606464 | S69: =IFERROR(100-R69,0) -> 56.393536 | T69: =IF(S69>70,"ALTO","BAJO") -> BAJO
B70: 61 | C70: BOMBA ZIHI ZTND 050160 0AA-002 | D70: UND | E70: 1 | G70: 39179907 | H70: 30498337 | I70: 22400531 | J70: 19778400 | K70: 19262497 | L70: 22407138 | N70: =COUNT(F70:M70) -> 6 | O70: =IFERROR(ROUND(AVERAGE(F70:M70),0),0) -> 25587802 | P70: =IFERROR(ROUND(+O70*E70,0),0) -> 25587802 | Q70: =IFERROR(STDEVP(F70:M70),0) -> 7105075.9 | R70: =IFERROR(Q70/O70*100,0) -> 27.767434 | S70: =IFERROR(100-R70,0) -> 72.232566 | T70: =IF(S70>70,"ALTO","BAJO") -> ALTO
B71: 62 | C71: Mantenimiento correctivo - BOMBA ZIHI ZTND 050160 0AA-002 - Cambio de bujes; Cambio de rodamientos; rectificacion de eje y cambio de empaquetadura por desgaste. | D71: UND | E71: 1 | G71: 33460000 | H71: 16730000 | N71: =COUNT(F71:M71) -> 2 | O71: =IFERROR(ROUND(AVERAGE(F71:M71),0),0) -> 25095000 | P71: =IFERROR(ROUND(+O71*E71,0),0) -> 25095000 | Q71: =IFERROR(STDEVP(F71:M71),0) -> 8365000.1 | R71: =IFERROR(Q71/O71*100,0) -> 33.333334 | S71: =IFERROR(100-R71,0) -> 66.666666 | T71: =IF(S71>70,"ALTO","BAJO") -> BAJO
B72: 63 | C72: BOMBA ZIHI ZTND 032125…200-500 CAUDAL MX 1000 M2 X H VELOCIDAD 3600RPM TEM 350°C BRIDAS DIN EN 1092-2 PN 16 / 25 1) | D72: UND | E72: 1 | G72: 47560401 | H72: 34980466 | I72: 25692621 | N72: =COUNT(F72:M72) -> 3 | O72: =IFERROR(ROUND(AVERAGE(F72:M72),0),0) -> 36077829 | P72: =IFERROR(ROUND(+O72*E72,0),0) -> 36077829 | Q72: =IFERROR(STDEVP(F72:M72),0) -> 8961142.2 | R72: =IFERROR(Q72/O72*100,0) -> 24.838363 | S72: =IFERROR(100-R72,0) -> 75.161637 | T72: =IF(S72>70,"ALTO","BAJO") -> ALTO
B73: 64 | C73: Mantenimiento correctivo - BOMBA ZIHI ZTND 032125 - Cambio de bujes; Cambio de rodamientos; rectificacion de eje y cambio de empaquetadura por desgaste. | D73: UND | E73: 1 | G73: 7922355 | H73: 16807488 | N73: =COUNT(F73:M73) -> 2 | O73: =IFERROR(ROUND(AVERAGE(F73:M73),0),0) -> 12364922 | P73: =IFERROR(ROUND(+O73*E73,0),0) -> 12364922 | Q73: =IFERROR(STDEVP(F73:M73),0) -> 4442566.7 | R73: =IFERROR(Q73/O73*100,0) -> 35.928789 | S73: =IFERROR(100-R73,0) -> 64.071211 | T73: =IF(S73>70,"ALTO","BAJO") -> BAJO
B74: 65 | C74: BOQUILLA OXICORTE ACETILENO | D74: UND | E74: 1 | G74: 178499 | H74: 141076.8 | I74: 103655 | J74: 75900 | K74: 76115 | L74: 76392 | N74: =COUNT(F74:M74) -> 6 | O74: =IFERROR(ROUND(AVERAGE(F74:M74),0),0) -> 108606 | P74: =IFERROR(ROUND(+O74*E74,0),0) -> 108606 | Q74: =IFERROR(STDEVP(F74:M74),0) -> 39002.107 | R74: =IFERROR(Q74/O74*100,0) -> 35.911558 | S74: =IFERROR(100-R74,0) -> 64.088442 | T74: =IF(S74>70,"ALTO","BAJO") -> BAJO
B75: 66 | C75: BOQUILLA OXICORTE OXIGENO | D75: UND | E75: 1 | G75: 186554 | H75: 142878.23 | I75: 99202 | J75: 78400 | K75: 81216 | L75: 78147 | N75: =COUNT(F75:M75) -> 6 | O75: =IFERROR(ROUND(AVERAGE(F75:M75),0),0) -> 111066 | P75: =IFERROR(ROUND(+O75*E75,0),0) -> 111066 | Q75: =IFERROR(STDEVP(F75:M75),0) -> 40605.75 | R75: =IFERROR(Q75/O75*100,0) -> 36.560018 | S75: =IFERROR(100-R75,0) -> 63.439982 | T75: =IF(S75>70,"ALTO","BAJO") -> BAJO
B76: 67 | C76: CADENA ACODADA, REX S102B - PASO 4" PULGADAS.CON ADITAMENTO K-2M | D76: METRO | E76: 1 | G76: 4021347 | H76: 3177673 | I76: 2333999 | J76: 1687900 | L76: 1806399 | N76: =COUNT(F76:M76) -> 5 | O76: =IFERROR(ROUND(AVERAGE(F76:M76),0),0) -> 2605464 | P76: =IFERROR(ROUND(+O76*E76,0),0) -> 2605464 | Q76: =IFERROR(STDEVP(F76:M76),0) -> 881620.06 | R76: =IFERROR(Q76/O76*100,0) -> 33.837353 | S76: =IFERROR(100-R76,0) -> 66.162647 | T76: =IF(S76>70,"ALTO","BAJO") -> BAJO
B77: 68 | C77: CADENA DE RODILLOS DOBLE, PASO 1 3/4", REF 140-2 | D77: METRO | E77: 1 | G77: 2442255 | H77: 1929879 | I77: 1417503 | J77: 1120300 | K77: 1132581 | L77: 1050467 | N77: =COUNT(F77:M77) -> 6 | O77: =IFERROR(ROUND(AVERAGE(F77:M77),0),0) -> 1515498 | P77: =IFERROR(ROUND(+O77*E77,0),0) -> 1515498 | Q77: =IFERROR(STDEVP(F77:M77),0) -> 509780 | R77: =IFERROR(Q77/O77*100,0) -> 33.637788 | S77: =IFERROR(100-R77,0) -> 66.362212 | T77: =IF(S77>70,"ALTO","BAJO") -> BAJO
B78: 69 | C78: CADENA DE RODILLOS PASO 1 1/2", REF 120. | D78: METRO | E78: 1 | G78: 1345273 | H78: 1063045.4 | I78: 780817 | J78: 712300 | K78: 719213 | L78: 668813 | N78: =COUNT(F78:M78) -> 6 | O78: =IFERROR(ROUND(AVERAGE(F78:M78),0),0) -> 881577 | P78: =IFERROR(ROUND(+O78*E78,0),0) -> 881577 | Q78: =IFERROR(STDEVP(F78:M78),0) -> 244398.11 | R78: =IFERROR(Q78/O78*100,0) -> 27.722832 | S78: =IFERROR(100-R78,0) -> 72.277168 | T78: =IF(S78>70,"ALTO","BAJO") -> ALTO
B79: 70 | C79: CADENA DE RODILLOS PASO 1 1/4", REF 100. | D79: METRO | E79: 1 | G79: 698566 | H79: 552035.03 | I79: 405504 | J79: 271000 | K79: 273636 | L79: 254411 | N79: =COUNT(F79:M79) -> 6 | O79: =IFERROR(ROUND(AVERAGE(F79:M79),0),0) -> 409192 | P79: =IFERROR(ROUND(+O79*E79,0),0) -> 409192 | Q79: =IFERROR(STDEVP(F79:M79),0) -> 166124.78 | R79: =IFERROR(Q79/O79*100,0) -> 40.598248 | S79: =IFERROR(100-R79,0) -> 59.401752 | T79: =IF(S79>70,"ALTO","BAJO") -> BAJO
B80: 71 | C80: CADENA DE RODILLOS PASO 1", REF. 80 | D80: METRO | E80: 1 | G80: 200221 | H80: 158253.2 | I80: 116285 | J80: 78600 | K80: 83757 | L80: 88834 | N80: =COUNT(F80:M80) -> 6 | O80: =IFERROR(ROUND(AVERAGE(F80:M80),0),0) -> 120992 | P80: =IFERROR(ROUND(+O80*E80,0),0) -> 120992 | Q80: =IFERROR(STDEVP(F80:M80),0) -> 44544.829 | R80: =IFERROR(Q80/O80*100,0) -> 36.816342 | S80: =IFERROR(100-R80,0) -> 63.183658 | T80: =IF(S80>70,"ALTO","BAJO") -> BAJO
B81: 72 | C81: CADENA DE RODILLOS PASO 2", REF 160 | D81: METRO | E81: 1 | G81: 1034972 | H81: 780778.83 | I81: 526586 | J81: 329000 | K81: 357443 | L81: 386045 | N81: =COUNT(F81:M81) -> 6 | O81: =IFERROR(ROUND(AVERAGE(F81:M81),0),0) -> 569137 | P81: =IFERROR(ROUND(+O81*E81,0),0) -> 569137 | Q81: =IFERROR(STDEVP(F81:M81),0) -> 258072.31 | R81: =IFERROR(Q81/O81*100,0) -> 45.344497 | S81: =IFERROR(100-R81,0) -> 54.655503 | T81: =IF(S81>70,"ALTO","BAJO") -> BAJO
B82: 73 | C82: CADENA DE RODILLOS PASO 3/4", REF. 60 | D82: METRO | E82: 1 | G82: 138212 | H82: 109222.46 | I82: 80232 | J82: 51100 | K82: 52899 | L82: 54398 | N82: =COUNT(F82:M82) -> 6 | O82: =IFERROR(ROUND(AVERAGE(F82:M82),0),0) -> 81011 | P82: =IFERROR(ROUND(+O82*E82,0),0) -> 81011 | Q82: =IFERROR(STDEVP(F82:M82),0) -> 32816.794 | R82: =IFERROR(Q82/O82*100,0) -> 40.50906 | S82: =IFERROR(100-R82,0) -> 59.49094 | T82: =IF(S82>70,"ALTO","BAJO") -> BAJO
B83: 74 | C83: CADENA DE RODILLOS TRT2510 | D83: METRO | E83: 1 | G83: 5246420 | H83: 4430271.8 | I83: 3614124 | J83: 2414300 | K83: 2324013 | L83: 2225620 | N83: =COUNT(F83:M83) -> 6 | O83: =IFERROR(ROUND(AVERAGE(F83:M83),0),0) -> 3375791 | P83: =IFERROR(ROUND(+O83*E83,0),0) -> 3375791 | Q83: =IFERROR(STDEVP(F83:M83),0) -> 1156256.9 | R83: =IFERROR(Q83/O83*100,0) -> 34.251437 | S83: =IFERROR(100-R83,0) -> 65.748563 | T83: =IF(S83>70,"ALTO","BAJO") -> BAJO
B84: 75 | C84: CADENA TS856, PASO 6", CON ADITAMENTO K-2M, CADA 2 PIES. | D84: METRO | E84: 1 | G84: 6713584 | H84: 5305034.2 | I84: 3896484 | J84: 2700700 | K84: 2560094 | L84: 2409181 | N84: =COUNT(F84:M84) -> 6 | O84: =IFERROR(ROUND(AVERAGE(F84:M84),0),0) -> 3930846 | P84: =IFERROR(ROUND(+O84*E84,0),0) -> 3930846 | Q84: =IFERROR(STDEVP(F84:M84),0) -> 1599004.3 | R84: =IFERROR(Q84/O84*100,0) -> 40.678377 | S84: =IFERROR(100-R84,0) -> 59.321623 | T84: =IF(S84>70,"ALTO","BAJO") -> BAJO
B85: 76 | C85: CHUMACERA SNL 520-617, PARA EJE 75MM. | D85: UND | E85: 1 | G85: 1461853 | H85: 1071858.5 | I85: 681865 | J85: 447800 | K85: 423664 | L85: 397708 | N85: =COUNT(F85:M85) -> 6 | O85: =IFERROR(ROUND(AVERAGE(F85:M85),0),0) -> 747458 | P85: =IFERROR(ROUND(+O85*E85,0),0) -> 747458 | Q85: =IFERROR(STDEVP(F85:M85),0) -> 395149.95 | R85: =IFERROR(Q85/O85*100,0) -> 52.86584 | S85: =IFERROR(100-R85,0) -> 47.13416 | T85: =IF(S85>70,"ALTO","BAJO") -> BAJO
B86: 77 | C86: CHUMACERA SNL 524-620 | D86: UND | E86: 1 | G86: 1411550 | H86: 1291622.2 | I86: 1171694 | J86: 658500 | K86: 622952 | L86: 584864 | N86: =COUNT(F86:M86) -> 6 | O86: =IFERROR(ROUND(AVERAGE(F86:M86),0),0) -> 956864 | P86: =IFERROR(ROUND(+O86*E86,0),0) -> 956864 | Q86: =IFERROR(STDEVP(F86:M86),0) -> 342504.65 | R86: =IFERROR(Q86/O86*100,0) -> 35.794497 | S86: =IFERROR(100-R86,0) -> 64.205503 | T86: =IF(S86>70,"ALTO","BAJO") -> BAJO
B87: 78 | C87: CINTA AISLANTE AUTOFUNDENTE 23 3M | D87: UND | E87: 1 | G87: 103403 | H87: 91214.854 | I87: 79027 | J87: 59500 | K87: 54734 | L87: 51407 | N87: =COUNT(F87:M87) -> 6 | O87: =IFERROR(ROUND(AVERAGE(F87:M87),0),0) -> 73214 | P87: =IFERROR(ROUND(+O87*E87,0),0) -> 73214 | Q87: =IFERROR(STDEVP(F87:M87),0) -> 19469.321 | R87: =IFERROR(Q87/O87*100,0) -> 26.592348 | S87: =IFERROR(100-R87,0) -> 73.407652 | T87: =IF(S87>70,"ALTO","BAJO") -> ALTO
B88: 79 | C88: CODO CALLE GALVANIZADO DE 3/4 | D88: UND | E88: 1 | G88: 8658 | H88: 6866.8902 | I88: 5076 | J88: 4300 | K88: 3892 | L88: 3884 | N88: =COUNT(F88:M88) -> 6 | O88: =IFERROR(ROUND(AVERAGE(F88:M88),0),0) -> 5446 | P88: =IFERROR(ROUND(+O88*E88,0),0) -> 5446 | Q88: =IFERROR(STDEVP(F88:M88),0) -> 1762.614 | R88: =IFERROR(Q88/O88*100,0) -> 32.365296 | S88: =IFERROR(100-R88,0) -> 67.634704 | T88: =IF(S88>70,"ALTO","BAJO") -> BAJO
... B97: 88 | C97: CORREA TRAPEZOIDAL PERFIL B, REF B-90 | D97: UND | E97: 1 | G97: 152870 | H97: 119711.53 | I97: 86554 | J97: 68300 | K97: 64227 | L97: 55748 | N97: =COUNT(F97:M97) -> 6 | O97: =IFERROR(ROUND(AVERAGE(F97:M97),0),0) -> 91235 | P97: =IFERROR(ROUND(+O97*E97,0),0) -> 91235 | Q97: =IFERROR(STDEVP(F97:M97),0) -> 34512.006 | R97: =IFERROR(Q97/O97*100,0) -> 37.827594 | S97: =IFERROR(100-R97,0) -> 62.172406 | T97: =IF(S97>70,"ALTO","BAJO") -> BAJO
B98: 89 | C98: CORREA TRAPEZOIDAL PERFIL B, REF B-120 | D98: UND | E98: 1 | G98: 286933 | H98: 224675.61 | I98: 162419 | J98: 147000 | N98: =COUNT(F98:M98) -> 4 | O98: =IFERROR(ROUND(AVERAGE(F98:M98),0),0) -> 205257 | P98: =IFERROR(ROUND(+O98*E98,0),0) -> 205257 | Q98: =IFERROR(STDEVP(F98:M98),0) -> 55400.866 | R98: =IFERROR(Q98/O98*100,0) -> 26.990975 | S98: =IFERROR(100-R98,0) -> 73.009025 | T98: =IF(S98>70,"ALTO","BAJO") -> ALTO
B99: 90 | C99: CORREA TRAPEZOIDAL PERFIL B, REF B-93 | D99: UND | E99: 1 | G99: 167937 | H99: 128709.06 | I99: 89481 | J99: 70700 | K99: 66767 | L99: 57222 | N99: =COUNT(F99:M99) -> 6 | O99: =IFERROR(ROUND(AVERAGE(F99:M99),0),0) -> 96803 | P99: =IFERROR(ROUND(+O99*E99,0),0) -> 96803 | Q99: =IFERROR(STDEVP(F99:M99),0) -> 39331.577 | R99: =IFERROR(Q99/O99*100,0) -> 40.630535 | S99: =IFERROR(100-R99,0) -> 59.369465 | T99: =IF(S99>70,"ALTO","BAJO") -> BAJO
B100: 91 | C100: CORREA TRAPEZOIDAL PERFIL C, XPC-2240 | D100: UND | E100: 1 | G100: 353664 | H100: 276952.99 | I100: 200242 | N100: =COUNT(F100:M100) -> 3 | O100: =IFERROR(ROUND(AVERAGE(F100:M100),0),0) -> 276953 | P100: =IFERROR(ROUND(+O100*E100,0),0) -> 276953 | Q100: =IFERROR(STDEVP(F100:M100),0) -> 62634.269 | R100: =IFERROR(Q100/O100*100,0) -> 22.615487 | S100: =IFERROR(100-R100,0) -> 77.384513 | T100: =IF(S100>70,"ALTO","BAJO") -> ALTO
B101: 92 | C101: CORREA TRAPEZOIDAL PERFIL C, REF - SPC-3550 | D101: UND | E101: 1 | G101: 656469 | H101: 514045.57 | I101: 371623 | J101: 236800 | K101: 212397 | L101: 215758 | N101: =COUNT(F101:M101) -> 6 | O101: =IFERROR(ROUND(AVERAGE(F101:M101),0),0) -> 367849 | P101: =IFERROR(ROUND(+O101*E101,0),0) -> 367849 | Q101: =IFERROR(STDEVP(F101:M101),0) -> 167908.72 | R101: =IFERROR(Q101/O101*100,0) -> 45.646098 | S101: =IFERROR(100-R101,0) -> 54.353902 | T101: =IF(S101>70,"ALTO","BAJO") -> BAJO
B102: 93 | C102: CORREA TRAPEZOIDAL PERFIL C, REF - SPC-3750 | D102: UND | E102: 1 | G102: 441347 | H102: 345592.93 | I102: 249839 | J102: 159200 | N102: =COUNT(F102:M102) -> 4 | O102: =IFERROR(ROUND(AVERAGE(F102:M102),0),0) -> 298995 | P102: =IFERROR(ROUND(+O102*E102,0),0) -> 298995 | Q102: =IFERROR(STDEVP(F102:M102),0) -> 105349.91 | R102: =IFERROR(Q102/O102*100,0) -> 35.234672 | S102: =IFERROR(100-R102,0) -> 64.765328 | T102: =IF(S102>70,"ALTO","BAJO") -> BAJO
B103: 94 | C103: CORREA TRAPEZOIDAL PERFIL C, REF C-104 | D103: UND | E103: 1 | G103: 142231 | H103: 121206.94 | I103: 100183 | J103: 63800 | K103: 58831 | L103: 54711 | N103: =COUNT(F103:M103) -> 6 | O103: =IFERROR(ROUND(AVERAGE(F103:M103),0),0) -> 90160 | P103: =IFERROR(ROUND(+O103*E103,0),0) -> 90160 | Q103: =IFERROR(STDEVP(F103:M103),0) -> 33438.374 | R103: =IFERROR(Q103/O103*100,0) -> 37.087815 | S103: =IFERROR(100-R103,0) -> 62.912185 | T103: =IF(S103>70,"ALTO","BAJO") -> BAJO
B104: 95 | C104: CORREA TRAPEZOIDAL PERFIL C, REF C-76 | D104: UND | E104: 1 | G104: 248132 | H104: 194313.78 | I104: 140496 | J104: 89400 | K104: 77107 | L104: 88451 | N104: =COUNT(F104:M104) -> 6 | O104: =IFERROR(ROUND(AVERAGE(F104:M104),0),0) -> 139650 | P104: =IFERROR(ROUND(+O104*E104,0),0) -> 139650 | Q104: =IFERROR(STDEVP(F104:M104),0) -> 63001.608 | R104: =IFERROR(Q104/O104*100,0) -> 45.113934 | S104: =IFERROR(100-R104,0) -> 54.886066 | T104: =IF(S104>70,"ALTO","BAJO") -> BAJO
B105: 96 | C105: CORREA TRAPEZOIDAL PERFIL C, REF C-92 | D105: UND | E105: 1 | G105: 190544 | H105: 149226.7 | I105: 107910 | J105: 72800 | K105: 67195 | L105: 62260 | N105: =COUNT(F105:M105) -> 6 | O105: =IFERROR(ROUND(AVERAGE(F105:M105),0),0) -> 108323 | P105: =IFERROR(ROUND(+O105*E105,0),0) -> 108323 | Q105: =IFERROR(STDEVP(F105:M105),0) -> 47449.574 | R105: =IFERROR(Q105/O105*100,0) -> 43.803785 | S105: =IFERROR(100-R105,0) -> 56.196215 | T105: =IF(S105>70,"ALTO","BAJO") -> BAJO
B106: 97 | C106: CORREA TRAPEZOIDAL PERFIL C, REF C-109 | D106: UND | E106: 1 | G106: 441347 | H106: 345592.93 | I106: 249839 | J106: 159200 | N106: =COUNT(F106:M106) -> 4 | O106: =IFERROR(ROUND(AVERAGE(F106:M106),0),0) -> 298995 | P106: =IFERROR(ROUND(+O106*E106,0),0) -> 298995 | Q106: =IFERROR(STDEVP(F106:M106),0) -> 105349.91 | R106: =IFERROR(Q106/O106*100,0) -> 35.234672 | S106: =IFERROR(100-R106,0) -> 64.765328 | T106: =IF(S106>70,"ALTO","BAJO") -> BAJO
B107: 98 | C107: CORREA TRAPEZOIDAL PERFIL C, REF C-96 | D107: UND | E107: 1 | G107: 146528 | H107: 149524.05 | I107: 152520 | J107: 97100 | K107: 84210 | L107: 95067 | N107: =COUNT(F107:M107) -> 6 | O107: =IFERROR(ROUND(AVERAGE(F107:M107),0),0) -> 120825 | P107: =IFERROR(ROUND(+O107*E107,0),0) -> 120825 | Q107: =IFERROR(STDEVP(F107:M107),0) -> 29028.322 | R107: =IFERROR(Q107/O107*100,0) -> 24.025096 | S107: =IFERROR(100-R107,0) -> 75.974904 | T107: =IF(S107>70,"ALTO","BAJO") -> ALTO
B108: 99 | C108: DISCO DE CORTE 7" PULIDORA, PARA CORTE METALMECÁNICO | D108: UND | E108: 1 | G108: 20867.76 | H108: 476618.95 | I108: 17891 | J108: 14600 | L108: 11855 | N108: =COUNT(F108:M108) -> 5 | O108: =IFERROR(ROUND(AVERAGE(F108:M108),0),0) -> 108367 | P108: =IFERROR(ROUND(+O108*E108,0),0) -> 108367 | Q108: =IFERROR(STDEVP(F108:M108),0) -> 184151.21 | R108: =IFERROR(Q108/O108*100,0) -> 169.93292 | S108: =IFERROR(100-R108,0) -> -69.93292 | T108: =IF(S108>70,"ALTO","BAJO") -> BAJO
B109: 100 | C109: EJE HEXAGONAL SAE 1045, DIST. ENTRE CARAS 2" X 3M. | D109: UND | E109: 1 | G109: 2520091 | H109: 1991390.4 | I109: 1462689 | J109: 1030000 | K109: 958334 | L109: 862300 | N109: =COUNT(F109:M109) -> 6 | O109: =IFERROR(ROUND(AVERAGE(F109:M109),0),0) -> 1470801 | P109: =IFERROR(ROUND(+O109*E109,0),0) -> 1470801 | Q109: =IFERROR(STDEVP(F109:M109),0) -> 605432.36 | R109: =IFERROR(Q109/O109*100,0) -> 41.163445 | S109: =IFERROR(100-R109,0) -> 58.836555 | T109: =IF(S109>70,"ALTO","BAJO") -> BAJO
B110: 101 | C110: ELECTROBOMBA SUMERGIBLE DE 2IN//1,5HP//CAUDAL 360 L/MIN A 110/220 V COLUMNA DE AGUA 11 M | D110: UND | E110: 1 | G110: 7080903 | H110: 5595290.4 | I110: 4109677 | J110: 3734000 | K110: 3498077 | L110: 3073279 | N110: =COUNT(F110:M110) -> 6 | O110: =IFERROR(ROUND(AVERAGE(F110:M110),0),0) -> 4515204 | P110: =IFERROR(ROUND(+O110*E110,0),0) -> 4515204 | Q110: =IFERROR(STDEVP(F110:M110),0) -> 1392708.7 | R110: =IFERROR(Q110/O110*100,0) -> 30.844867 | S110: =IFERROR(100-R110,0) -> 69.155133 | T110: =IF(S110>70,"ALTO","BAJO") -> BAJO
...

Sheet TABLA DINÁMICA
A3: Suma de CANTIDAD | B3: Conf.
A4: MUESTRA | B4: ALTO | C4: BAJO | D4: Total general
A5: 1 | B5: 178 | D5: 178
A6: 2 | B6: 34 | C6: 26 | D6: 60
A7: 3 | B7: 42 | C7: 1 | D7: 43
A8: 4 | B8: 218 | C8: 24 | D8: 242
A9: 5 | B9: 93 | C9: 56 | D9: 149
A10: 6 | B10: 275 | C10: 182 | D10: 457
A11: 7 | B11: 1 | C11: 5 | D11: 6
A12: Total general | B12: 841 | C12: 294 | D12: 1135

Sheet FM-029 INICIAL
E2: FORMATO CUADRO DE TABULACIÓN Y ANÁLISIS DE DATOS ESTADÍSTICOS - ESTUDIO DE SECTOR
E3: CÓDIGO: GCON-FM-029 | L3: VERSIÓN 4
E4: FECHA DE APLICACIÓN: AGOSTO DE 2025
B6: TABULACIÓN INICIAL COTIZACIONES, CONTRATACIONES VIGENCIA ANTERIOR DE LA UAERMV Y CONTRATACIONES SIMILARES DE OTRAS ENTIDADES PARA EL ESTUDIO DE SECTOR PRESUPUESTO | F6: COTIZACIONES GESTIONADAS PARA EL ESTUDIO DE SECTOR | H6: CONTRATACIONES ANTERIORES UAERMV | M6: "PRESTAR EL SERVICIO DE MANTENIMIENTO E INGENIERÍA PARA LOS EQUIPOS Y PLANTAS INDUSTRIALES DE LAS SEDES DE LA UNIDAD ADMINISTRATIVA ESPECIAL DE REHABILITACIÓN Y MANTENIMIENTO VIAL – UAERMV, CON EL FIN DE GARANTIZAR SU ADECUADA OPERACIÓN Y DISPONIBILIDAD EN APOYO AL CUMPLIMIENTO DE LAS FUNCIONES MISIONALES DE LA ENTIDAD "
H7: Contrato Nro. 650 de 2025 | I7: Contrato Nro. 902 de 2024 | J7: Contrato Nro. 645 de 2023 | K7: Contrato Nro. 631 de 2021 | L7: Contrato Nro. 562 de 2020
F8: 1. IMC S.A.S. | G8: 2. AUTOCARS INGENIERIA SAS | H8: AUTOCARS INGENIERIA SAS | I8: IMC S.A.S. | J8: IMC S.A.S. | K8: AUTOCARS INGENIERIA SAS | L8: REIMPODIESEL S.A.S
B9: ITEM | C9: DESCRIPCIÓN | D9: UNID DE MEDIDA | E9: CANTIDAD | F9: VALOR UNITARIO INCLUIDO IVA | H9: VALOR UNITARIO INCLUIDO IVA | M9: MUESTRA | N9: VALOR PROMEDIO UNITARIO | O9: VALOR PROMEDIO TOTAL | P9: DESVIACION ESTANDAR | Q9: COEF VARIACION | R9: MARGEN DE CONFIABILIDAD | S9: NIVEL DE CONFIABILIDAD DE LOS DATOS
B10: 1 | C10: MANO DE OBRA TÉCNICO MECÁNICO ACTIVIDADES DE DIAGNÓSTICO Y MANTENIMIENTO PREVENTIVO Y/O CORRECTIVO PARA COMPONENTES O SISTEMAS MECÁNICOS, NEUMÁTICOS Y/O ACTIVIDADES RELACIONADAS A REALIZAR POR UN TÉCNICO MECÁNICO CALIFICADO. | D10: HORA | E10: 1 | F10: 186826.7 | G10: 261086 | H10: 174347.05 | I10: 176409.15 | J10: 139632.02 | K10: 133386.63 | L10: 134967.29 | M10: =COUNTIF(F10:L10,">0") -> 7 | N10: =IFERROR(ROUND(AVERAGEIF(F10:L10,">0"),0),0) -> 172379 | O10: =IFERROR(ROUND(+N10*E10,0),0) -> 172379 | P10: {=IFERROR(_xlfn.STDEV.P(IF((F10:L10<>0)*(F10:L10<>""), F10:L10)), 0)} -> 41559.231 | Q10: =IFERROR(P10/N10*100,0) -> 24.109219 | R10: =IFERROR(100-Q10,0) -> 75.890781 | S10: =IF(R10>70,"ALTO","BAJO") -> ALTO
B11: 2 | C11: MANO DE OBRA TÉCNICO ELÉCTRICISTA ACTIVIDADES DE DIAGNÓSTICO Y MANTENIMIENTO PREVENTIVO Y/O CORRECTIVO PARA COMPONENTES O SISTEMAS ELÉCTRICOS Y/O ACTIVIDADES RELACIONADAS A REALIZAR POR UN TÉCNICO ELECTRICISTA CALIFICADO. | D11: HORA | E11: 1 | F11: 151891.85 | G11: 193602 | H11: 152250.31 | I11: 153540.75 | J11: 140668.88 | K11: 133386.63 | L11: 134967.29 | M11: =COUNTIF(F11:L11,">0") -> 7 | N11: =IFERROR(ROUND(AVERAGEIF(F11:L11,">0"),0),0) -> 151473 | O11: =IFERROR(ROUND(+N11*E11,0),0) -> 151473 | P11: {=IFERROR(_xlfn.STDEV.P(IF((F11:L11<>0)*(F11:L11<>""), F11:L11)), 0)} -> 18883.826 | Q11: =IFERROR(P11/N11*100,0) -> 12.466794 | R11: =IFERROR(100-Q11,0) -> 87.533206 | S11: =IF(R11>70,"ALTO","BAJO") -> ALTO
B12: 3 | C12: MANO DE OBRA ESPECIALIZADA Actividades de diagnóstico, mantenimiento preventivo, mantenimiento correctivo y/o mantenimiento predictivo que requieren de un técnico especialista, tales como actividades de calibración, verificación, instrumentación y/o intervención de sistemas o equipos electrónicos, térmicos, de pesaje, entre otros. De igual forma incluye actividades de fabricación o manufactura de partes y componentes que deben deberán cumplir requerimientos de diseño específicos del fabricante de cada equipo industrial de la UAERMV. Incluye el levantamiento de información para fabricación directamente con la parte o componente afectada o con repuestos disponibles en el stock de la UAERMV. También podrán estar disponibles planos de fabricantes para algunas partes y componentes de mayor rotación y que corresponden a piezas de desgaste, tales como paletas, recubrimientos, brazos de mezclador, o repuestos necesarios de fabricación tales como trunnios, ejes y diferentes piezas de máquinas. Los procesos de manufactura requeridos pueden incluir procesos de mecanizado, fresado, fundición, conformado de chapa, corte, rolado, entre otros.Igualmente podrán ser requeridas actividades de Diseño para la fabricación de partes y componentes. | D12: HORA | E12: 1 | F12: 242861 | G12: 413121 | H12: 240381.79 | I12: 242305.72 | J12: 221991.89 | K12: 162282.2 | L12: 161179.56 | M12: =COUNTIF(F12:L12,">0") -> 7 | N12: =IFERROR(ROUND(AVERAGEIF(F12:L12,">0"),0),0) -> 240589 | O12: =IFERROR(ROUND(+N12*E12,0),0) -> 240589 | P12: {=IFERROR(_xlfn.STDEV.P(IF((F12:L12<>0)*(F12:L12<>""), F12:L12)), 0)} -> 77973.538 | Q12: =IFERROR(P12/N12*100,0) -> 32.409436 | R12: =IFERROR(100-Q12,0) -> 67.590564 | S12: =IF(R12>70,"ALTO","BAJO") -> BAJO
B13: 4 | C13: MANTENIMIENTO PREVENTIVO MOTOR ELECTRICO 100 a 150 HP - 440V - 4P - LAVAR DEVANADO Y HORNEAR - VERIFICAR AJUSTES - REEMPLAZAR RODAMIENTOS - PRUEBA DE RESISTENCIA DE AISLANTE -BARNIZADO DE AISLANTE - VIBRACION - PINTURA - PRUEBAS DE ARRANQUE | D13: UND | E13: 1 | F13: 15885456 | G13: 20811969 | H13: 14855518 | I13: 15421997 | J13: 13294522 | K13: 12731564 | L13: 14991741 | M13: =COUNTIF(F13:L13,">0") -> 7 | N13: =IFERROR(ROUND(AVERAGEIF(F13:L13,">0"),0),0) -> 15427538 | O13: =IFERROR(ROUND(+N13*E13,0),0) -> 15427538 | P13: {=IFERROR(_xlfn.STDEV.P(IF((F13:L13<>0)*(F13:L13<>""), F13:L13)), 0)} -> 2435950.3 | Q13: =IFERROR(P13/N13*100,0) -> 15.789624 | R13: =IFERROR(100-Q13,0) -> 84.210376 | S13: =IF(R13>70,"ALTO","BAJO") -> ALTO
B14: 5 | C14: MANTENIMIENTO PREVENTIVO MOTOR ELECTRICO 75HP a 100 HP - 440V - LAVAR DEVANADO Y HORNEAR - VERIFICAR AJUSTES - REEMPLAZAR RODAMIENTOS - PRUEBA DE RESISTENCIA DE AISLANTE -BARNIZADO DE AISLANTE - VIBRACION - PINTURA - PRUEBAS DE ARRANQUE | D14: UND | E14: 1 | F14: 12146537 | G14: 14037878 | H14: 10326454 | I14: 11740580 | J14: 10120960 | K14: 9110861.3 | L14: 10564061 | M14: =COUNTIF(F14:L14,">0") -> 7 | N14: =IFERROR(ROUND(AVERAGEIF(F14:L14,">0"),0),0) -> 11149619 | O14: =IFERROR(ROUND(+N14*E14,0),0) -> 11149619 | P14: {=IFERROR(_xlfn.STDEV.P(IF((F14:L14<>0)*(F14:L14<>""), F14:L14)), 0)} -> 1508086.4 | Q14: =IFERROR(P14/N14*100,0) -> 13.525901 | R14: =IFERROR(100-Q14,0) -> 86.474099 | S14: =IF(R14>70,"ALTO","BAJO") -> ALTO
B15: 6 | C15: MANTENIMIENTO PREVENTIVO MOTOR ELECTRICO 40HP A 75 HP- 440V - LAVAR DEVANADO Y HORNEAR - VERIFICAR AJUSTES - REEMPLAZAR RODAMIENTOS - PRUEBA DE RESISTENCIA DE AISLANTE -BARNIZADO DE AISLANTE - VIBRACION - PINTURA - PRUEBAS DE ARRANQUE | D15: UND | E15: 1 | F15: 9937439.4 | G15: 15599884 | H15: 8243869.1 | I15: 9623104 | J15: 8295591.4 | K15: 6876562.3 | L15: 8204935.3 | M15: =COUNTIF(F15:L15,">0") -> 7 | N15: =IFERROR(ROUND(AVERAGEIF(F15:L15,">0"),0),0) -> 9540198 | O15: =IFERROR(ROUND(+N15*E15,0),0) -> 9540198 | P15: {=IFERROR(_xlfn.STDEV.P(IF((F15:L15<>0)*(F15:L15<>""), F15:L15)), 0)} -> 2645531.6 | Q15: =IFERROR(P15/N15*100,0) -> 27.730364 | R15: =IFERROR(100-Q15,0) -> 72.269636 | S15: =IF(R15>70,"ALTO","BAJO") -> ALTO
B16: 7 | C16: MANTENIMIENTO GENERAL DE LA CALDERAS PARA ACEITE TERMICO 500,000 A 750,000 KCAL / HR, LIMPIADO DE PARED, CAMBIO DE EMPAQUETADURAS, DESHOLLINADO DE TUBERIA INTERNA, REVISION DE REFRACTARIO, LAVADO GENERAL, PUESTA EN MARCHA | D16: UND | E16: 1 | F16: 6219756.8 | G16: 7270998 | H16: 3998869.8 | I16: 5540694.9 | J16: 4300378.9 | K16: 3841067.9 | L16: 4588578.9 | M16: =COUNTIF(F16:L16,">0") -> 7 | N16: =IFERROR(ROUND(AVERAGEIF(F16:L16,">0"),0),0) -> 5108621 | O16: =IFERROR(ROUND(+N16*E16,0),0) -> 5108621 | P16: {=IFERROR(_xlfn.STDEV.P(IF((F16:L16<>0)*(F16:L16<>""), F16:L16)), 0)} -> 1186779.7 | Q16: =IFERROR(P16/N16*100,0) -> 23.230921 | R16: =IFERROR(100-Q16,0) -> 76.769079 | S16: =IF(R16>70,"ALTO","BAJO") -> ALTO
B17: 8 | C17: MANTENIMIENTO GENERAL PREVENTIVO QUEMADOR RIELLO LS130 Incluye: - Verificación, Limpieza General Exterior e Interior del quemador y cada uno de sus componentes ( Damper de Aire, carcaza interior , exterior y Ventilador) - Revisión y mantenimiento al difusor, boquillas, electrodos y cables de alta. - Revisión y limpieza Unidad detección de llama e Ignición (Transformador de Alta) - Limpieza y Calibración de los electrodos de Ignición / Ionización, fotocelda - Revisión del funcionamiento de las válvulas solenoides. - Verificación del funcionamiento de los Presóstatos de gas y de aire. - Verificación del funcionamiento del control de llama. CALIBRACIÓN ESTEQUIOMETRICA DEL QUEMADOR. - Verificación, y calibración de válvulas Principales del quemador - Realizará calibración de caudal según grafica de calibración. - Realizará calibración Entrada de Aire para el quemador (Dámper del aire). - Ajustarán Presiones estáticas y dinámicas de acuerdo a curva de fabricante. - Realizarán pruebas de calibración en proceso. ANALISIS DE GASES CON EQUIPO DIGITAL. - Toma de análisis de gases antes y después de la calibración. - Impresión inmediata y entrega de resultados de combustión. - Equipo calibrado y certificado. LIMPIEZA Y AJUSTE DEL TABLERO ELECTRICO Y LA INSTRUMENTACION - Limpieza y ajuste de contactos del tablero - Limpieza y ajuste de los controles de presión - Verificar amperaje de motores - Verificar voltaje de entrada para motores y mando REVISIÓN FINAL PARA ENTREGA - Pruebas de Funcionamiento y Operación del quemador. - Informe técnico con resultados y parámetros de calibración. - Asesoría y Capacitación a los operadores del quemador. ELSERVICIO DE MANTENIMIENTO INCLUYE. (GARANTÍA DE OPERACIÓN) - Dos paradas de emergencia durante los próximos 45 días. - Dos Visitas de seguimiento cada 20 días, en los siguientes 2 meses; programadas con producción. - Incluye, Insumos de Limpieza (desengrasante, Lija, Limpiador Electrónico) | D17: UND | E17: 1 | F17: 21421007 | G17: 23585413 | H17: 17222423 | I17: 21620346 | J17: 14601696 | K17: 0 | L17: 0 | M17: =COUNTIF(F17:L17,">0") -> 5 | N17: =IFERROR(ROUND(AVERAGEIF(F17:L17,">0"),0),0) -> 19690177 | O17: =IFERROR(ROUND(+N17*E17,0),0) -> 19690177 | P17: {=IFERROR(_xlfn.STDEV.P(IF((F17:L17<>0)*(F17:L17<>""), F17:L17)), 0)} -> 3282579.2 | Q17: =IFERROR(P17/N17*100,0) -> 16.671151 | R17: =IFERROR(100-Q17,0) -> 83.328849 | S17: =IF(R17>70,"ALTO","BAJO") -> ALTO
B18: 9 | C18: MANTENIMIENTO EN GENERAL COMPRESOR INDUSTRIAL ATLAS COPCO GA37, SUMINISTRO Y CAMBIO DE: ACEITE, FILTRO DE ACEITE Y FILTRO DE AIRE ( DE ACUERDO CON ESPECIFICACIONES DEL FABRICANTE), REVISIÓN , AJUSTE Y LIMPIEZA DEL TABLERO ELECTRICO, REVISION DEL SISTEMA NEUMATICO, ASEO, | D18: UND | E18: 1 | F18: 13359986 | H18: 0 | I18: 3483992.6 | J18: 2803480.9 | K18: 2504282.9 | L18: 0 | M18: =COUNTIF(F18:L18,">0") -> 4 | N18: =IFERROR(ROUND(AVERAGEIF(F18:L18,">0"),0),0) -> 5537936 | O18: =IFERROR(ROUND(+N18*E18,0),0) -> 5537936 | P18: {=IFERROR(_xlfn.STDEV.P(IF((F18:L18<>0)*(F18:L18<>""), F18:L18)), 0)} -> 4529996 | Q18: =IFERROR(P18/N18*100,0) -> 81.799355 | R18: =IFERROR(100-Q18,0) -> 18.200645 | S18: =IF(R18>70,"ALTO","BAJO") -> BAJO
B19: 10 | C19: MANTENIMIENTO GENERAL DEL TRANSFORMADOR 800 KVA 11,4 KV - 440V Mantenimiento general de transformador inmersos en aceite EL mantenimiento preventivo de los transformadores incluye al menos siguientes acciones. 1. Termo filtrado y vaciado de aceite 2. Regeneración del aceite dieléctrico 3. Lavado y secado de parte activa 4. Suministro, cambio e implementación de aceite dieléctrico, bushings, válvulas, accesorios 5. Informe técnica de mantenimiento. | D19: UND | E19: 1 | F19: 20311978 | H19: 19019666 | I19: 20141331 | J19: 13909103 | K19: 10743899 | L19: 12702249 | M19: =COUNTIF(F19:L19,">0") -> 6 | N19: =IFERROR(ROUND(AVERAGEIF(F19:L19,">0"),0),0) -> 16138038 | O19: =IFERROR(ROUND(+N19*E19,0),0) -> 16138038 | P19: {=IFERROR(_xlfn.STDEV.P(IF((F19:L19<>0)*(F19:L19<>""), F19:L19)), 0)} -> 3821462.3 | Q19: =IFERROR(P19/N19*100,0) -> 23.679845 | R19: =IFERROR(100-Q19,0) -> 76.320155 | S19: =IF(R19>70,"ALTO","BAJO") -> ALTO
B20: 11 | C20: MANTENINIENTO PREDICTIVO TRANSFORMADOR 800 KVA 11,4 KV - 440V Consiste en la toma de la muestra del aceite del transformador y realizar el diagnostico completo que contemple los siguientes análisis. 1. Análisis dieléctrico 2. Análisis cromatográfico 3. Análisis de PBC'S 4. Análisis de contenido de furanos 5. Informe técnico de diagnostico | D20: UND | E20: 1 | F20: 9402586 | H20: 8223305.1 | I20: 8975433.4 | J20: 7737266.4 | K20: 6320541.5 | L20: 7706451 | M20: =COUNTIF(F20:L20,">0") -> 6 | N20: =IFERROR(ROUND(AVERAGEIF(F20:L20,">0"),0),0) -> 8060931 | O20: =IFERROR(ROUND(+N20*E20,0),0) -> 8060931 | P20: {=IFERROR(_xlfn.STDEV.P(IF((F20:L20<>0)*(F20:L20<>""), F20:L20)), 0)} -> 993486.18 | Q20: =IFERROR(P20/N20*100,0) -> 12.324708 | R20: =IFERROR(100-Q20,0) -> 87.675292 | S20: =IF(R20>70,"ALTO","BAJO") -> ALTO
B21: 12 | C21: MANTENINIENTO PREDICTIVO TRANSFORMADOR 30 KVA 11,4 KV - 440V Consiste en la toma de la muestra del aceite del transformador y realizar el diagnostico completo que contemple los siguientes análisis. 1. Análisis dieléctrico 2. Análisis cromatográfico 3. Análisis de PBC'S 4. Análisis de contenido de furanos 5. Informe técnico de diagnostico | D21: UND | E21: 1 | F21: 9265099 | H21: 7475848 | I21: 7753255.8 | J21: 5318503.4 | K21: 3825014.8 | L21: 5808999.7 | M21: =COUNTIF(F21:L21,">0") -> 6 | N21: =IFERROR(ROUND(AVERAGEIF(F21:L21,">0"),0),0) -> 6574453 | O21: =IFERROR(ROUND(+N21*E21,0),0) -> 6574453 | P21: {=IFERROR(_xlfn.STDEV.P(IF((F21:L21<>0)*(F21:L21<>""), F21:L21)), 0)} -> 1787195.4 | Q21: =IFERROR(P21/N21*100,0) -> 27.18394 | R21: =IFERROR(100-Q21,0) -> 72.81606 | S21: =IF(R21>70,"ALTO","BAJO") -> ALTO
B22: 13 | C22: MANTENINIENTO PREDICTIVO TRANSFORMADOR 500 KVA 11,4 KV - 440V Consiste en la toma de la muestra del aceite del transformador y realizar el diagnostico completo que contemple los siguientes análisis. 1. Análisis dieléctrico 2. Análisis cromatográfico 3. Análisis de PBC'S 4. Análisis de contenido de furanos 5. Informe técnico de diagnostico | D22: UND | E22: 1 | F22: 13627871 | H22: 11819836 | I22: 12524596 | J22: 8407197.1 | K22: 6221304.1 | L22: 7506412.7 | M22: =COUNTIF(F22:L22,">0") -> 6 | N22: =IFERROR(ROUND(AVERAGEIF(F22:L22,">0"),0),0) -> 10017869 | O22: =IFERROR(ROUND(+N22*E22,0),0) -> 10017869 | P22: {=IFERROR(_xlfn.STDEV.P(IF((F22:L22<>0)*(F22:L22<>""), F22:L22)), 0)} -> 2765214.2 | Q22: =IFERROR(P22/N22*100,0) -> 27.602819 | R22: =IFERROR(100-Q22,0) -> 72.397181 | S22: =IF(R22>70,"ALTO","BAJO") -> ALTO
B23: 14 | C23: MANTENIMIENTO GENERAL DEL TRANSFORMADOR 30 KVA 11,4 KV - 220V Mantenimiento general de transformador inmersos en aceite EL mantenimiento preventivo de los transformadores incluye al menos siguientes acciones. 1. Termo filtrado y vaciado de aceite 2. Regeneración del aceite dieléctrico 3. Lavado y secado de parte activa 4. Suministro, cambio e implementación de aceite dieléctrico, bushings, válvulas, accesorios 5. Informe técnica de mantenimiento. | D23: UND | E23: 1 | F23: 5416289 | G23: 9327769.9 | H23: 4962185.1 | I23: 5331402.4 | J23: 4797620 | K23: 4132942.4 | L23: 4884643.8 | M23: =COUNTIF(F23:L23,">0") -> 7 | N23: =IFERROR(ROUND(AVERAGEIF(F23:L23,">0"),0),0) -> 5550408 | O23: =IFERROR(ROUND(+N23*E23,0),0) -> 5550408 | P23: {=IFERROR(_xlfn.STDEV.P(IF((F23:L23<>0)*(F23:L23<>""), F23:L23)), 0)} -> 1590128.5 | Q23: =IFERROR(P23/N23*100,0) -> 28.648858 | R23: =IFERROR(100-Q23,0) -> 71.351142 | S23: =IF(R23>70,"ALTO","BAJO") -> ALTO
B24: 15 | C24: MANTENIMIENTO GENERAL DEL TRANSFORMADOR 500 KVA 11,4 KV - 220V Mantenimiento general de transformador inmersos en aceite EL mantenimiento preventivo de los transformadores incluye al menos siguientes acciones. 1. Termo filtrado y vaciado de aceite 2. Regeneración del aceite dieléctrico 3. Lavado y secado de parte activa 4. Suministro, cambio e implementación de aceite dieléctrico, bushings, válvulas, accesorios 5. Informe técnica de mantenimiento. | D24: UND | E24: 1 | F24: 21836252 | G24: 17227548 | H24: 17252949 | I24: 18273074 | J24: 12534754 | K24: 9091889.5 | L24: 10752721 | M24: =COUNTIF(F24:L24,">0") -> 7 | N24: =IFERROR(ROUND(AVERAGEIF(F24:L24,">0"),0),0) -> 15281313 | O24: =IFERROR(ROUND(+N24*E24,0),0) -> 15281313 | P24: {=IFERROR(_xlfn.STDEV.P(IF((F24:L24<>0)*(F24:L24<>""), F24:L24)), 0)} -> 4241861.7 | Q24: =IFERROR(P24/N24*100,0) -> 27.75849 | R24: =IFERROR(100-Q24,0) -> 72.24151 | S24: =IF(R24>70,"ALTO","BAJO") -> ALTO
B25: 16 | C25: MANTENIMIENTO PREDICTIVO BANCO CONDENSADORES 400 KVA- 440 VAC Que incluye: 1. Control del funcionamiento de contactores 2.Verificación del funcionamiento de relé varimétrico 3.Medición de la corriente nominal de los pasos 4.Medición de aislación 5.Medición de capacidad. 6.Medición de corriente de trabajo 7. Limpieza y reajuste de conexiones 9. Informe técnico del mantenimiento | D25: UND | E25: 1 | F25: 13546608 | G25: 10631909 | H25: 10380099 | I25: 12184606 | J25: 9569457.1 | K25: 9154642.5 | L25: 9416516.7 | M25: =COUNTIF(F25:L25,">0") -> 7 | N25: =IFERROR(ROUND(AVERAGEIF(F25:L25,">0"),0),0) -> 10697691 | O25: =IFERROR(ROUND(+N25*E25,0),0) -> 10697691 | P25: {=IFERROR(_xlfn.STDEV.P(IF((F25:L25<>0)*(F25:L25<>""), F25:L25)), 0)} -> 1498940.3 | Q25: =IFERROR(P25/N25*100,0) -> 14.011811 | R25: =IFERROR(100-Q25,0) -> 85.988189 | S25: =IF(R25>70,"ALTO","BAJO") -> ALTO
B26: 17 | C26: MANTENIMIENTO PREDICTIVO BANCO CONDENSADORES 300 KVA- 440 VAC Que incluye: 1. Control del funcionamiento de contactores 2.Verificación del funcionamiento de relé varimétrico 3.Medición de la corriente nominal de los pasos 4.Medición de aislación 5.Medición de capacidad. 6.Medición de corriente de trabajo 7. Limpieza y reajuste de conexiones 9. Informe técnico del mantenimiento | D26: UND | E26: 1 | F26: 9713978 | G26: 9070415.6 | H26: 8522696.6 | I26: 9399045 | J26: 8260572.3 | K26: 7685054.6 | L26: 9372950.1 | M26: =COUNTIF(F26:L26,">0") -> 7 | N26: =IFERROR(ROUND(AVERAGEIF(F26:L26,">0"),0),0) -> 8860673 | O26: =IFERROR(ROUND(+N26*E26,0),0) -> 8860673 | P26: {=IFERROR(_xlfn.STDEV.P(IF((F26:L26<>0)*(F26:L26<>""), F26:L26)), 0)} -> 674094.23 | Q26: =IFERROR(P26/N26*100,0) -> 7.6077091 | R26: =IFERROR(100-Q26,0) -> 92.392291 | S26: =IF(R26>70,"ALTO","BAJO") -> ALTO
B27: 18 | C27: MANTENIMIENTO PREDICTIVO VARIADORES ABB ACS 355 POTENCIA 4 HP A 440 V Que incluye: 1. Limpieza general 2. Revisión de los codensadores en las tarjetas de potencia y de control 3. Revisión de los condensadores de potencia. 4. Revisión de las resistencias de carga y de freno. 5. Revisión general de los circuitos. 6. Levantamiento de hoja de vida, con backup de la programacion. 7. Tropicalización de tarjetas. 8. Informe de mantenimiento | D27: UND | E27: 1 | F27: 1744276 | G27: 2487871.6 | H27: 1340747.9 | I27: 1558129.7 | J27: 1209403.6 | K27: 1037613.7 | L27: 1329336.6 | M27: =COUNTIF(F27:L27,">0") -> 7 | N27: =IFERROR(ROUND(AVERAGEIF(F27:L27,">0"),0),0) -> 1529626 | O27: =IFERROR(ROUND(+N27*E27,0),0) -> 1529626 | P27: {=IFERROR(_xlfn.STDEV.P(IF((F27:L27<>0)*(F27:L27<>""), F27:L27)), 0)} -> 444896.6 | Q27: =IFERROR(P27/N27*100,0) -> 29.085319 | R27: =IFERROR(100-Q27,0) -> 70.914681 | S27: =IF(R27>70,"ALTO","BAJO") -> ALTO
B28: 19 | C28: MANTENIMIENTO PREDICTIVO VARIADORES ABB ACS 355 POTENCIA 70 HP A 440 V Que incluye: 1. Limpieza general 2. Revisión de los codensadores en las tarjetas de potencia y de control 3. Revisión de los condensadores de potencia. 4. Revisión de las resistencias de carga y de freno. 5. Revisión general de los circuitos. 6. Levantamiento de hoja de vida, con backup de la programacion. 7. Tropicalización de tarjetas. 8. Informe de mantenimiento | D28: UND | E28: 1 | F28: 5239046 | G28: 5017067.4 | H28: 4182924.1 | I28: 5001039.9 | J28: 4311142.9 | K28: 2254730.2 | L28: 2615854.4 | M28: =COUNTIF(F28:L28,">0") -> 7 | N28: =IFERROR(ROUND(AVERAGEIF(F28:L28,">0"),0),0) -> 4088829 | O28: =IFERROR(ROUND(+N28*E28,0),0) -> 4088829 | P28: {=IFERROR(_xlfn.STDEV.P(IF((F28:L28<>0)*(F28:L28<>""), F28:L28)), 0)} -> 1108963.8 | Q28: =IFERROR(P28/N28*100,0) -> 27.121794 | R28: =IFERROR(100-Q28,0) -> 72.878206 | S28: =IF(R28>70,"ALTO","BAJO") -> ALTO
B29: 20 | C29: MANTENIMIENTO PREDICTIVO VARIADORES ABB ACS 355 POTENCIA 150 HP A 440 V Que incluye: 1. Limpieza general 2. Revisión de los codensadores en las tarjetas de potencia y de control 3. Revisión de los condensadores de potencia. 4. Revisión de las resistencias de carga y de freno. 5. Revisión general de los circuitos. 6. Levantamiento de hoja de vida, con backup de la programacion. 7. Tropicalización de tarjetas. 8. Informe de mantenimiento | D29: UND | E29: 1 | F29: 6912750 | G29: 6950150.1 | H29: 5320458.7 | I29: 6174831 | J29: 4792573.1 | K29: 3502493.5 | L29: 3934648.9 | M29: =COUNTIF(F29:L29,">0") -> 7 | N29: =IFERROR(ROUND(AVERAGEIF(F29:L29,">0"),0),0) -> 5369701 | O29: =IFERROR(ROUND(+N29*E29,0),0) -> 5369701 | P29: {=IFERROR(_xlfn.STDEV.P(IF((F29:L29<>0)*(F29:L29<>""), F29:L29)), 0)} -> 1276624.7 | Q29: =IFERROR(P29/N29*100,0) -> 23.774595 | R29: =IFERROR(100-Q29,0) -> 76.225405 | S29: =IF(R29>70,"ALTO","BAJO") -> ALTO
B30: 21 | C30: CALIBRACION BASCULA CAMIONERA DE 80 TON. EFECTUADA POR UN LABORATORIO ACREDITADO POR ONAC, de acuerdo al método de comparación directa con pesas patrón y/o sustitución de carga; realizando pruebas de Excentricidad de Carga, Repetibilidad y Exactitud de Carga. DEBE ENTREGARSE EL CERTIFICADO. | D30: UND | E30: 1 | F30: 17373038 | G30: 16400727 | H30: 13807264 | I30: 16583796 | J30: 14296051 | K30: 11677897 | L30: 13560394 | M30: =COUNTIF(F30:L30,">0") -> 7 | N30: =IFERROR(ROUND(AVERAGEIF(F30:L30,">0"),0),0) -> 14814167 | O30: =IFERROR(ROUND(+N30*E30,0),0) -> 14814167 | P30: {=IFERROR(_xlfn.STDEV.P(IF((F30:L30<>0)*(F30:L30<>""), F30:L30)), 0)} -> 1885547.1 | Q30: =IFERROR(P30/N30*100,0) -> 12.727999 | R30: =IFERROR(100-Q30,0) -> 87.272001 | S30: =IF(R30>70,"ALTO","BAJO") -> ALTO
B31: 22 | C31: MANTENIMIENTO PREVENTIVO BASCULA CAMIONERA DE 80 TON VERIFICACION Y AJUSTE CELDAS DE CARGA, SISTEMAS ELECTRICO Y MECANICO, PRUEBAS DE REPETIBILIDAD: AJUSTE CON PESAS CALIBRADAS y/o sustitución de carga. ENTREGA PROTOCOLOS DE VERIFICACIÓN. ENTREGA COPIA CERTIFICADO DE CALIBRACION DE LAS PESAS UTILIZADAS EXPEDIDA POR LABORATORIO ACREDITADO. | D31: UND | E31: 1 | F31: 5490919 | G31: 5511482.6 | H31: 4644145.5 | I31: 4904786.4 | J31: 3806845.7 | K31: 0 | L31: 0 | M31: =COUNTIF(F31:L31,">0") -> 5 | N31: =IFERROR(ROUND(AVERAGEIF(F31:L31,">0"),0),0) -> 4871636 | O31: =IFERROR(ROUND(+N31*E31,0),0) -> 4871636 | P31: {=IFERROR(_xlfn.STDEV.P(IF((F31:L31<>0)*(F31:L31<>""), F31:L31)), 0)} -> 629212.92 | Q31: =IFERROR(P31/N31*100,0) -> 12.915844 | R31: =IFERROR(100-Q31,0) -> 87.084156 | S31: =IF(R31>70,"ALTO","BAJO") -> ALTO
B32: 23 | C32: SERVICIO DE BALANCEO DINÁMICO EN CAMPO, DE ROTOR EN ALUMINIO D=740MM, SE ENTREGA REPORTE TÉCNICO Y DE NORMATIVIDAD, INCLUYENDO UN ANÁLISIS DE LAS CONDICIONES DEL EQUIPO BASADO EN GRAFICAS DE TIEMPO Y FRECUENCIA. | D32: UND | E32: 1 | F32: 5862040.7 | G32: 9594076.3 | H32: 5289548.8 | I32: 6314656.2 | J32: 5443545.3 | K32: 4246773.4 | L32: 5139731.7 | M32: =COUNTIF(F32:L32,">0") -> 7 | N32: =IFERROR(ROUND(AVERAGEIF(F32:L32,">0"),0),0) -> 5984339 | O32: =IFERROR(ROUND(+N32*E32,0),0) -> 5984339 | P32: {=IFERROR(_xlfn.STDEV.P(IF((F32:L32<>0)*(F32:L32<>""), F32:L32)), 0)} -> 1588438.4 | Q32: =IFERROR(P32/N32*100,0) -> 26.543256 | R32: =IFERROR(100-Q32,0) -> 73.456744 | S32: =IF(R32>70,"ALTO","BAJO") -> ALTO
B33: 24 | C33: SERVICIO DE BALANCEO DINÁMICO EN CAMPO, DE ROTOR DE EXHAUSTOR EN ACERO D=900 MM, SE ENTREGA REPORTE TÉCNICO Y DE NORMATIVIDAD, INCLUYENDO UN ANÁLISIS DE LAS CONDICIONES DEL EQUIPO BASADO EN GRAFICAS DE TIEMPO Y FRECUENCIA. | D33: UND | E33: 1 | F33: 6331082.3 | G33: 9728938.9 | H33: 5663149.7 | I33: 6814514.3 | J33: 5874447.7 | K33: 4499244.8 | L33: 5445337.6 | M33: =COUNTIF(F33:L33,">0") -> 7 | N33: =IFERROR(ROUND(AVERAGEIF(F33:L33,">0"),0),0) -> 6336674 | O33: =IFERROR(ROUND(+N33*E33,0),0) -> 6336674 | P33: {=IFERROR(_xlfn.STDEV.P(IF((F33:L33<>0)*(F33:L33<>""), F33:L33)), 0)} -> 1538725.7 | Q33: =IFERROR(P33/N33*100,0) -> 24.282861 | R33: =IFERROR(100-Q33,0) -> 75.717139 | S33: =IF(R33>70,"ALTO","BAJO") -> ALTO
B34: 25 | C34: ABRAZADERA PLASTICA 15 CM PAQUETE 100 UN | D34: UND | E34: 1 | F34: 52089.8 | G34: 68062.463 | H34: 36913.037 | I34: 46089.29 | J34: 31633.775 | K34: 24225.58 | L34: 25985.139 | M34: =COUNTIF(F34:L34,">0") -> 7 | N34: =IFERROR(ROUND(AVERAGEIF(F34:L34,">0"),0),0) -> 40714 | O34: =IFERROR(ROUND(+N34*E34,0),0) -> 40714 | P34: {=IFERROR(_xlfn.STDEV.P(IF((F34:L34<>0)*(F34:L34<>""), F34:L34)), 0)} -> 14599.149 | Q34: =IFERROR(P34/N34*100,0) -> 35.857811 | R34: =IFERROR(100-Q34,0) -> 64.142189 | S34: =IF(R34>70,"ALTO","BAJO") -> BAJO
... B68: 59 | C68: Mantenimiento correctivo - BOMBA VIKING KK224 - ENCHAQUETADA - Cambio de bujes; Cambio de rodamientos; rectificacion de eje y cambio de empaquetadura por desgaste. | D68: UND | E68: 1 | F68: 15483910 | G68: 18531573 | H68: 14748227 | I68: 15253591 | J68: 0 | K68: 0 | L68: 0 | M68: =COUNTIF(F68:L68,">0") -> 4 | N68: =IFERROR(ROUND(AVERAGEIF(F68:L68,">0"),0),0) -> 16004325 | O68: =IFERROR(ROUND(+N68*E68,0),0) -> 16004325 | P68: {=IFERROR(_xlfn.STDEV.P(IF((F68:L68<>0)*(F68:L68<>""), F68:L68)), 0)} -> 1483172.2 | Q68: =IFERROR(P68/N68*100,0) -> 9.2673209 | R68: =IFERROR(100-Q68,0) -> 90.732679 | S68: =IF(R68>70,"ALTO","BAJO") -> ALTO
B69: 60 | C69: BOMBA VIKING LQ34 - ENCHAQUETADA CARCAZA EN ACERO ENCAMISADA PARA ALTAS TEMPERATURAS. SALIDA EN FLANCHE CLASS 125 ANSI 2 1/2". ORIENTADA A 90º. BUJES EN BRONCE. EJE EN ACERO. PASADOR DEL TENSOR EN ACERO REFORZADO. | D69: UND | E69: 1 | F69: 49988449 | H69: 40066867 | I69: 27601399 | J69: 27394923 | K69: 26881492 | L69: 30192569 | M69: =COUNTIF(F69:L69,">0") -> 6 | N69: =IFERROR(ROUND(AVERAGEIF(F69:L69,">0"),0),0) -> 33687616 | O69: =IFERROR(ROUND(+N69*E69,0),0) -> 33687616 | P69: {=IFERROR(_xlfn.STDEV.P(IF((F69:L69<>0)*(F69:L69<>""), F69:L69)), 0)} -> 8578953.9 | Q69: =IFERROR(P69/N69*100,0) -> 25.466195 | R69: =IFERROR(100-Q69,0) -> 74.533805 | S69: =IF(R69>70,"ALTO","BAJO") -> ALTO
B70: 61 | C70: BOMBA ZIHI ZTND 050160 0AA-002 | D70: UND | E70: 1 | F70: 38055965 | G70: 31554577 | H70: 31318094 | I70: 34476006 | J70: 26758302 | K70: 28864049 | L70: 29762081 | M70: =COUNTIF(F70:L70,">0") -> 7 | N70: =IFERROR(ROUND(AVERAGEIF(F70:L70,">0"),0),0) -> 31541296 | O70: =IFERROR(ROUND(+N70*E70,0),0) -> 31541296 | P70: {=IFERROR(_xlfn.STDEV.P(IF((F70:L70<>0)*(F70:L70<>""), F70:L70)), 0)} -> 3470564.3 | Q70: =IFERROR(P70/N70*100,0) -> 11.00324 | R70: =IFERROR(100-Q70,0) -> 88.99676 | S70: =IF(R70>70,"ALTO","BAJO") -> ALTO
B71: 62 | C71: Mantenimiento correctivo - BOMBA ZIHI ZTND 050160 0AA-002 - Cambio de bujes; Cambio de rodamientos; rectificacion de eje y cambio de empaquetadura por desgaste. | D71: UND | E71: 1 | F71: 18068400 | H71: 0 | I71: 18911968 | J71: 0 | K71: 0 | L71: 0 | M71: =COUNTIF(F71:L71,">0") -> 2 | N71: =IFERROR(ROUND(AVERAGEIF(F71:L71,">0"),0),0) -> 18490184 | O71: =IFERROR(ROUND(+N71*E71,0),0) -> 18490184 | P71: {=IFERROR(_xlfn.STDEV.P(IF((F71:L71<>0)*(F71:L71<>""), F71:L71)), 0)} -> 421784.07 | Q71: =IFERROR(P71/N71*100,0) -> 2.2811242 | R71: =IFERROR(100-Q71,0) -> 97.718876 | S71: =IF(R71>70,"ALTO","BAJO") -> ALTO
B72: 63 | C72: BOMBA ZIHI ZTND 032125…200-500 CAUDAL MX 1000 M2 X H VELOCIDAD 3600RPM TEM 350°C BRIDAS DIN EN 1092-2 PN 16 / 25 1) | D72: UND | E72: 1 | F72: 46119094 | G72: 50046909 | H72: 38570803 | I72: 39542706 | J72: 30690831 | K72: 0 | L72: 0 | M72: =COUNTIF(F72:L72,">0") -> 5 | N72: =IFERROR(ROUND(AVERAGEIF(F72:L72,">0"),0),0) -> 40994068 | O72: =IFERROR(ROUND(+N72*E72,0),0) -> 40994068 | P72: {=IFERROR(_xlfn.STDEV.P(IF((F72:L72<>0)*(F72:L72<>""), F72:L72)), 0)} -> 6668660.5 | Q72: =IFERROR(P72/N72*100,0) -> 16.267379 | R72: =IFERROR(100-Q72,0) -> 83.732621 | S72: =IF(R72>70,"ALTO","BAJO") -> ALTO
B73: 64 | C73: Mantenimiento correctivo - BOMBA ZIHI ZTND 032125 - Cambio de bujes; Cambio de rodamientos; rectificacion de eje y cambio de empaquetadura por desgaste. | D73: UND | E73: 1 | F73: 18152087 | H73: 0 | I73: 18999563 | J73: 0 | K73: 0 | L73: 0 | M73: =COUNTIF(F73:L73,">0") -> 2 | N73: =IFERROR(ROUND(AVERAGEIF(F73:L73,">0"),0),0) -> 18575825 | O73: =IFERROR(ROUND(+N73*E73,0),0) -> 18575825 | P73: {=IFERROR(_xlfn.STDEV.P(IF((F73:L73<>0)*(F73:L73<>""), F73:L73)), 0)} -> 423738.09 | Q73: =IFERROR(P73/N73*100,0) -> 2.2811266 | R73: =IFERROR(100-Q73,0) -> 97.718873 | S73: =IF(R73>70,"ALTO","BAJO") -> ALTO
B74: 65 | C74: BOQUILLA OXICORTE ACETILENO | D74: UND | E74: 1 | F74: 166574.36 | G74: 251568.13 | H74: 130792.22 | I74: 159476.39 | J74: 123819.91 | K74: 110766.36 | L74: 117603.69 | M74: =COUNTIF(F74:L74,">0") -> 7 | N74: =IFERROR(ROUND(AVERAGEIF(F74:L74,">0"),0),0) -> 151514 | O74: =IFERROR(ROUND(+N74*E74,0),0) -> 151514 | P74: {=IFERROR(_xlfn.STDEV.P(IF((F74:L74<>0)*(F74:L74<>""), F74:L74)), 0)} -> 45210.11 | Q74: =IFERROR(P74/N74*100,0) -> 29.838899 | R74: =IFERROR(100-Q74,0) -> 70.161101 | S74: =IF(R74>70,"ALTO","BAJO") -> ALTO
B75: 66 | C75: BOQUILLA OXICORTE OXIGENO | D75: UND | E75: 1 | F75: 178367.15 | G75: 208917.79 | H75: 133857.66 | I75: 161512.77 | J75: 118500.63 | K75: 114414.79 | L75: 125485.14 | M75: =COUNTIF(F75:L75,">0") -> 7 | N75: =IFERROR(ROUND(AVERAGEIF(F75:L75,">0"),0),0) -> 148722 | O75: =IFERROR(ROUND(+N75*E75,0),0) -> 148722 | P75: {=IFERROR(_xlfn.STDEV.P(IF((F75:L75<>0)*(F75:L75<>""), F75:L75)), 0)} -> 32770.168 | Q75: =IFERROR(P75/N75*100,0) -> 22.034513 | R75: =IFERROR(100-Q75,0) -> 77.965487 | S75: =IF(R75>70,"ALTO","BAJO") -> ALTO
B76: 67 | C76: CADENA ACODADA, REX S102B - PASO 4" PULGADAS.CON ADITAMENTO K-2M | D76: METRO | E76: 1 | F76: 3856205.6 | G76: 4221751.7 | H76: 3051392.6 | I76: 3592113.1 | J76: 2788052.2 | K76: 2463274.5 | L76: 0 | M76: =COUNTIF(F76:L76,">0") -> 6 | N76: =IFERROR(ROUND(AVERAGEIF(F76:L76,">0"),0),0) -> 3328798 | O76: =IFERROR(ROUND(+N76*E76,0),0) -> 3328798 | P76: {=IFERROR(_xlfn.STDEV.P(IF((F76:L76<>0)*(F76:L76<>""), F76:L76)), 0)} -> 614186.54 | Q76: =IFERROR(P76/N76*100,0) -> 18.4507 | R76: =IFERROR(100-Q76,0) -> 81.5493 | S76: =IF(R76>70,"ALTO","BAJO") -> ALTO
B77: 68 | C77: CADENA DE RODILLOS DOBLE, PASO 1 3/4", REF 140-2 | D77: METRO | E77: 1 | F77: 2297421.6 | G77: 3422807.8 | H77: 1831985.1 | I77: 2181578.7 | J77: 1693262.3 | K77: 1634934.8 | L77: 1749927.2 | M77: =COUNTIF(F77:L77,">0") -> 7 | N77: =IFERROR(ROUND(AVERAGEIF(F77:L77,">0"),0),0) -> 2115988 | O77: =IFERROR(ROUND(+N77*E77,0),0) -> 2115988 | P77: {=IFERROR(_xlfn.STDEV.P(IF((F77:L77<>0)*(F77:L77<>""), F77:L77)), 0)} -> 581840.15 | Q77: =IFERROR(P77/N77*100,0) -> 27.497327 | R77: =IFERROR(100-Q77,0) -> 72.502673 | S77: =IF(R77>70,"ALTO","BAJO") -> ALTO
B78: 69 | C78: CADENA DE RODILLOS PASO 1 1/2", REF 120. | D78: METRO | E78: 1 | F78: 1308795 | G78: 1082828.4 | H78: 1076992.1 | I78: 1201690.4 | J78: 932716.16 | K78: 1039510.9 | L78: 1111240.9 | M78: =COUNTIF(F78:L78,">0") -> 7 | N78: =IFERROR(ROUND(AVERAGEIF(F78:L78,">0"),0),0) -> 1107682 | O78: =IFERROR(ROUND(+N78*E78,0),0) -> 1107682 | P78: {=IFERROR(_xlfn.STDEV.P(IF((F78:L78<>0)*(F78:L78<>""), F78:L78)), 0)} -> 110916.06 | Q78: =IFERROR(P78/N78*100,0) -> 10.013348 | R78: =IFERROR(100-Q78,0) -> 89.986652 | S78: =IF(R78>70,"ALTO","BAJO") -> ALTO
B79: 70 | C79: CADENA DE RODILLOS PASO 1 1/4", REF 100. | D79: METRO | E79: 1 | F79: 660430.7 | G79: 882378.14 | H79: 488682.63 | I79: 624032.82 | J79: 484390.24 | K79: 395489.89 | L79: 422789.25 | M79: =COUNTIF(F79:L79,">0") -> 7 | N79: =IFERROR(ROUND(AVERAGEIF(F79:L79,">0"),0),0) -> 565456 | O79: =IFERROR(ROUND(+N79*E79,0),0) -> 565456 | P79: {=IFERROR(_xlfn.STDEV.P(IF((F79:L79<>0)*(F79:L79<>""), F79:L79)), 0)} -> 157932.7 | Q79: =IFERROR(P79/N79*100,0) -> 27.930149 | R79: =IFERROR(100-Q79,0) -> 72.069851 | S79: =IF(R79>70,"ALTO","BAJO") -> ALTO
B80: 71 | C80: CADENA DE RODILLOS PASO 1", REF. 80 | D80: METRO | E80: 1 | F80: 184005.9 | G80: 220049.57 | H80: 145480.79 | I80: 178892.97 | J80: 138906.94 | K80: 114706.66 | L80: 129411.19 | M80: =COUNTIF(F80:L80,">0") -> 7 | N80: =IFERROR(ROUND(AVERAGEIF(F80:L80,">0"),0),0) -> 158779 | O80: =IFERROR(ROUND(+N80*E80,0),0) -> 158779 | P80: {=IFERROR(_xlfn.STDEV.P(IF((F80:L80<>0)*(F80:L80<>""), F80:L80)), 0)} -> 34166.883 | Q80: =IFERROR(P80/N80*100,0) -> 21.518515 | R80: =IFERROR(100-Q80,0) -> 78.481485 | S80: =IF(R80>70,"ALTO","BAJO") -> ALTO
B81: 72 | C81: CADENA DE RODILLOS PASO 2", REF 160 | D81: METRO | E81: 1 | F81: 774462.6 | G81: 872787.76 | H81: 590097.69 | I81: 882609.96 | J81: 629027.38 | K81: 480133.49 | L81: 552277.69 | M81: =COUNTIF(F81:L81,">0") -> 7 | N81: =IFERROR(ROUND(AVERAGEIF(F81:L81,">0"),0),0) -> 683057 | O81: =IFERROR(ROUND(+N81*E81,0),0) -> 683057 | P81: {=IFERROR(_xlfn.STDEV.P(IF((F81:L81<>0)*(F81:L81<>""), F81:L81)), 0)} -> 148331.65 | Q81: =IFERROR(P81/N81*100,0) -> 21.715852 | R81: =IFERROR(100-Q81,0) -> 78.284148 | S81: =IF(R81>70,"ALTO","BAJO") -> ALTO
B82: 73 | C82: CADENA DE RODILLOS PASO 3/4", REF. 60 | D82: METRO | E82: 1 | F82: 128019.52 | G82: 155653.1 | H82: 96816.894 | I82: 123467.53 | J82: 95840.233 | K82: 74573.925 | L82: 81733.137 | M82: =COUNTIF(F82:L82,">0") -> 7 | N82: =IFERROR(ROUND(AVERAGEIF(F82:L82,">0"),0),0) -> 108015 | O82: =IFERROR(ROUND(+N82*E82,0),0) -> 108015 | P82: {=IFERROR(_xlfn.STDEV.P(IF((F82:L82<>0)*(F82:L82<>""), F82:L82)), 0)} -> 26702.098 | Q82: =IFERROR(P82/N82*100,0) -> 24.720731 | R82: =IFERROR(100-Q82,0) -> 75.279269 | S82: =IF(R82>70,"ALTO","BAJO") -> ALTO
B83: 74 | C83: CADENA DE RODILLOS TRT2510 | D83: METRO | E83: 1 | F83: 5053881.6 | G83: 5174477.9 | H83: 4061583.7 | I83: 5008078.9 | J83: 4317211.1 | K83: 3523362.6 | L83: 3590783.8 | M83: =COUNTIF(F83:L83,">0") -> 7 | N83: =IFERROR(ROUND(AVERAGEIF(F83:L83,">0"),0),0) -> 4389911 | O83: =IFERROR(ROUND(+N83*E83,0),0) -> 4389911 | P83: {=IFERROR(_xlfn.STDEV.P(IF((F83:L83<>0)*(F83:L83<>""), F83:L83)), 0)} -> 648198.42 | Q83: =IFERROR(P83/N83*100,0) -> 14.765639 | R83: =IFERROR(100-Q83,0) -> 85.234361 | S83: =IF(R83>70,"ALTO","BAJO") -> ALTO
B84: 75 | C84: CADENA TS856, PASO 6", CON ADITAMENTO K-2M, CADA 2 PIES. | D84: METRO | E84: 1 | F84: 5611771.7 | G84: 6536393.2 | H84: 4693192.5 | I84: 5996930.1 | J84: 4654501.1 | K84: 3941326.8 | L84: 3955547.6 | M84: =COUNTIF(F84:L84,">0") -> 7 | N84: =IFERROR(ROUND(AVERAGEIF(F84:L84,">0"),0),0) -> 5055666 | O84: =IFERROR(ROUND(+N84*E84,0),0) -> 5055666 | P84: {=IFERROR(_xlfn.STDEV.P(IF((F84:L84<>0)*(F84:L84<>""), F84:L84)), 0)} -> 935957.65 | Q84: =IFERROR(P84/N84*100,0) -> 18.513044 | R84: =IFERROR(100-Q84,0) -> 81.486956 | S84: =IF(R84>70,"ALTO","BAJO") -> ALTO
B85: 76 | C85: CHUMACERA SNL 520-617, PARA EJE 75MM. | D85: UND | E85: 1 | F85: 1433998.8 | G85: 1369688.3 | H85: 1143410.1 | I85: 1211653 | J85: 814514.16 | K85: 653506.92 | L85: 654594.37 | M85: =COUNTIF(F85:L85,">0") -> 7 | N85: =IFERROR(ROUND(AVERAGEIF(F85:L85,">0"),0),0) -> 1040195 | O85: =IFERROR(ROUND(+N85*E85,0),0) -> 1040195 | P85: {=IFERROR(_xlfn.STDEV.P(IF((F85:L85<>0)*(F85:L85<>""), F85:L85)), 0)} -> 305391.05 | Q85: =IFERROR(P85/N85*100,0) -> 29.359019 | R85: =IFERROR(100-Q85,0) -> 70.640981 | S85: =IF(R85>70,"ALTO","BAJO") -> ALTO
B86: 77 | C86: CHUMACERA SNL 524-620, Según foto | D86: UND | E86: 1 | F86: 1411550 | H86: 1146347.8 | I86: 1460078.8 | J86: 1399633.9 | K86: 960996.66 | L86: 962510.09 | M86: =COUNTIF(F86:L86,">0") -> 6 | N86: =IFERROR(ROUND(AVERAGEIF(F86:L86,">0"),0),0) -> 1223520 | O86: =IFERROR(ROUND(+N86*E86,0),0) -> 1223520 | P86: {=IFERROR(_xlfn.STDEV.P(IF((F86:L86<>0)*(F86:L86<>""), F86:L86)), 0)} -> 210290.14 | Q86: =IFERROR(P86/N86*100,0) -> 17.187307 | R86: =IFERROR(100-Q86,0) -> 82.812693 | S86: =IF(R86>70,"ALTO","BAJO") -> ALTO
B87: 78 | C87: CINTA AISLANTE AUTOFUNDENTE 23 3M | D87: UND | E87: 1 | F87: 109945.17 | G87: 130850.74 | H87: 89025.561 | I87: 103111.32 | J87: 94400.813 | K87: 86832.652 | L87: 84568.357 | M87: =COUNTIF(F87:L87,">0") -> 7 | N87: =IFERROR(ROUND(AVERAGEIF(F87:L87,">0"),0),0) -> 99819 | O87: =IFERROR(ROUND(+N87*E87,0),0) -> 99819 | P87: {=IFERROR(_xlfn.STDEV.P(IF((F87:L87<>0)*(F87:L87<>""), F87:L87)), 0)} -> 15228.872 | Q87: =IFERROR(P87/N87*100,0) -> 15.256487 | R87: =IFERROR(100-Q87,0) -> 84.743513 | S87: =IF(R87>70,"ALTO","BAJO") -> ALTO
B88: 79 | C88: CODO CALLE GALVANIZADO DE 3/4 | D88: UND | E88: 1 | F88: 8398.41 | G88: 12021.57 | H88: 6514.0654 | I88: 7762.4872 | J88: 6063.4787 | K88: 6275.3009 | L88: 6013.4477 | M88: =COUNTIF(F88:L88,">0") -> 7 | N88: =IFERROR(ROUND(AVERAGEIF(F88:L88,">0"),0),0) -> 7578 | O88: =IFERROR(ROUND(+N88*E88,0),0) -> 7578 | P88: {=IFERROR(_xlfn.STDEV.P(IF((F88:L88<>0)*(F88:L88<>""), F88:L88)), 0)} -> 2000.8214 | Q88: =IFERROR(P88/N88*100,0) -> 26.403027 | R88: =IFERROR(100-Q88,0) -> 73.596973 | S88: =IF(R88>70,"ALTO","BAJO") -> ALTO
B89: 80 | C89: CORDON PLOMAGINADO DE 1/2" X CAJA X 5 KG | D89: UND | E89: 1 | F89: 993423.9 | G89: 940429.78 | H89: 858707.09 | I89: 907466.73 | J89: 687638.62 | K89: 546388.99 | L89: 523987.29 | M89: =COUNTIF(F89:L89,">0") -> 7 | N89: =IFERROR(ROUND(AVERAGEIF(F89:L89,">0"),0),0) -> 779720 | O89: =IFERROR(ROUND(+N89*E89,0),0) -> 779720 | P89: {=IFERROR(_xlfn.STDEV.P(IF((F89:L89<>0)*(F89:L89<>""), F89:L89)), 0)} -> 178236.09 | Q89: =IFERROR(P89/N89*100,0) -> 22.858987 | R89: =IFERROR(100-Q89,0) -> 77.141013 | S89: =IF(R89>70,"ALTO","BAJO") -> ALTO
B90: 81 | C90: CORDON PLOMAGINADO DE 3/8" X CAJA X 5 KG | D90: UND | E90: 1 | F90: 907195.08 | G90: 868356.7 | H90: 706967.69 | I90: 818839.27 | J90: 581065.45 | K90: 532962.77 | L90: 511927.95 | M90: =COUNTIF(F90:L90,">0") -> 7 | N90: =IFERROR(ROUND(AVERAGEIF(F90:L90,">0"),0),0) -> 703902 | O90: =IFERROR(ROUND(+N90*E90,0),0) -> 703902 | P90: {=IFERROR(_xlfn.STDEV.P(IF((F90:L90<>0)*(F90:L90<>""), F90:L90)), 0)} -> 152482.54 | Q90: =IFERROR(P90/N90*100,0) -> 21.662467 | R90: =IFERROR(100-Q90,0) -> 78.337533 | S90: =IF(R90>70,"ALTO","BAJO") -> ALTO
B91: 82 | C91: CORREA TRAPEZOIDAL PERFIL A, REF A-61 | D91: UND | E91: 1 | F91: 125702.06 | G91: 157010.25 | H91: 101798.24 | I91: 107919.63 | J91: 71457.308 | K91: 51807.717 | L91: 50731.126 | M91: =COUNTIF(F91:L91,">0") -> 7 | N91: =IFERROR(ROUND(AVERAGEIF(F91:L91,">0"),0),0) -> 95204 | O91: =IFERROR(ROUND(+N91*E91,0),0) -> 95204 | P91: {=IFERROR(_xlfn.STDEV.P(IF((F91:L91<>0)*(F91:L91<>""), F91:L91)), 0)} -> 36606.587 | Q91: =IFERROR(P91/N91*100,0) -> 38.450681 | R91: =IFERROR(100-Q91,0) -> 61.549319 | S91: =IF(R91>70,"ALTO","BAJO") -> BAJO
B92: 83 | C92: CORREA TRAPEZOIDAL PERFIL B, REF B-36 | D92: UND | E92: 1 | F92: 114837.09 | G92: 95539.703 | H92: 91452.369 | I92: 97030.544 | J92: 65230.177 | K92: 39694.927 | L92: 38580.624 | M92: =COUNTIF(F92:L92,">0") -> 7 | N92: =IFERROR(ROUND(AVERAGEIF(F92:L92,">0"),0),0) -> 77481 | O92: =IFERROR(ROUND(+N92*E92,0),0) -> 77481 | P92: {=IFERROR(_xlfn.STDEV.P(IF((F92:L92<>0)*(F92:L92<>""), F92:L92)), 0)} -> 27749.099 | Q92: =IFERROR(P92/N92*100,0) -> 35.814069 | R92: =IFERROR(100-Q92,0) -> 64.185931 | S92: =IF(R92>70,"ALTO","BAJO") -> BAJO
B93: 84 | C93: CORREA TRAPEZOIDAL PERFIL B, REF B-46 | D93: UND | E93: 1 | F93: 122640 | G93: 160880.13 | H93: 100904.15 | I93: 106939.64 | J93: 71920.789 | K93: 50932.093 | L93: 49678.927 | M93: =COUNTIF(F93:L93,">0") -> 7 | N93: =IFERROR(ROUND(AVERAGEIF(F93:L93,">0"),0),0) -> 94842 | O93: =IFERROR(ROUND(+N93*E93,0),0) -> 94842 | P93: {=IFERROR(_xlfn.STDEV.P(IF((F93:L93<>0)*(F93:L93<>""), F93:L93)), 0)} -> 37435.719 | Q93: =IFERROR(P93/N93*100,0) -> 39.471667 | R93: =IFERROR(100-Q93,0) -> 60.528333 | S93: =IF(R93>70,"ALTO","BAJO") -> BAJO
B94: 85 | C94: CORREA TRAPEZOIDAL PERFIL B, REF B-57 | D94: UND | E94: 1 | F94: 154684.16 | G94: 179619.91 | H94: 124278.15 | I94: 131720.01 | J94: 88564.297 | K94: 65671.754 | L94: 66490.932 | M94: =COUNTIF(F94:L94,">0") -> 7 | N94: =IFERROR(ROUND(AVERAGEIF(F94:L94,">0"),0),0) -> 115861 | O94: =IFERROR(ROUND(+N94*E94,0),0) -> 115861 | P94: {=IFERROR(_xlfn.STDEV.P(IF((F94:L94<>0)*(F94:L94<>""), F94:L94)), 0)} -> 40701.469 | Q94: =IFERROR(P94/N94*100,0) -> 35.129569 | R94: =IFERROR(100-Q94,0) -> 64.870431 | S94: =IF(R94>70,"ALTO","BAJO") -> BAJO
B95: 86 | C95: CORREA TRAPEZOIDAL PERFIL B, REF B-62 | D95: UND | E95: 1 | F95: 144533.75 | G95: 196915.13 | H95: 118913.63 | I95: 125879.32 | J95: 89413.614 | K95: 65233.942 | L95: 66354.965 | M95: =COUNTIF(F95:L95,">0") -> 7 | N95: =IFERROR(ROUND(AVERAGEIF(F95:L95,">0"),0),0) -> 115321 | O95: =IFERROR(ROUND(+N95*E95,0),0) -> 115321 | P95: {=IFERROR(_xlfn.STDEV.P(IF((F95:L95<>0)*(F95:L95<>""), F95:L95)), 0)} -> 43446.109 | Q95: =IFERROR(P95/N95*100,0) -> 37.674065 | R95: =IFERROR(100-Q95,0) -> 62.325935 | S95: =IF(R95>70,"ALTO","BAJO") -> BAJO
B96: 87 | C96: CORREA TRAPEZOIDAL PERFIL B, REF B-81 | D96: UND | E96: 1 | F96: 141644.3 | G96: 153229.81 | H96: 106268.68 | I96: 129603.96 | J96: 99017.706 | K96: 98069.819 | L96: 96409.843 | M96: =COUNTIF(F96:L96,">0") -> 7 | N96: =IFERROR(ROUND(AVERAGEIF(F96:L96,">0"),0),0) -> 117749 | O96: =IFERROR(ROUND(+N96*E96,0),0) -> 117749 | P96: {=IFERROR(_xlfn.STDEV.P(IF((F96:L96<>0)*(F96:L96<>""), F96:L96)), 0)} -> 21698.263 | Q96: =IFERROR(P96/N96*100,0) -> 18.427556 | R96: =IFERROR(100-Q96,0) -> 81.572444 | S96: =IF(R96>70,"ALTO","BAJO") -> ALTO
B97: 88 | C97: CORREA TRAPEZOIDAL PERFIL B, REF B-90 | D97: UND | E97: 1 | F97: 142653.72 | G97: 195197.62 | H97: 109461.84 | I97: 135324.61 | J97: 103392.11 | K97: 99675.128 | L97: 99235.792 | M97: =COUNTIF(F97:L97,">0") -> 7 | N97: =IFERROR(ROUND(AVERAGEIF(F97:L97,">0"),0),0) -> 126420 | O97: =IFERROR(ROUND(+N97*E97,0),0) -> 126420 | P97: {=IFERROR(_xlfn.STDEV.P(IF((F97:L97<>0)*(F97:L97<>""), F97:L97)), 0)} -> 32393.383 | Q97: =IFERROR(P97/N97*100,0) -> 25.623622 | R97: =IFERROR(100-Q97,0) -> 74.376378 | S97: =IF(R97>70,"ALTO","BAJO") -> ALTO
B98: 89 | C98: CORREA TRAPEZOIDAL PERFIL B, REF B-120 | D98: UND | E98: 1 | F98: 251826.4 | G98: 292901.75 | H98: 231185.46 | I98: 253978.37 | J98: 194015.79 | K98: 214527.73 | L98: 0 | M98: =COUNTIF(F98:L98,">0") -> 6 | N98: =IFERROR(ROUND(AVERAGEIF(F98:L98,">0"),0),0) -> 239739 | O98: =IFERROR(ROUND(+N98*E98,0),0) -> 239739 | P98: {=IFERROR(_xlfn.STDEV.P(IF((F98:L98<>0)*(F98:L98<>""), F98:L98)), 0)} -> 31555.577 | Q98: =IFERROR(P98/N98*100,0) -> 13.162471 | R98: =IFERROR(100-Q98,0) -> 86.837529 | S98: =IF(R98>70,"ALTO","BAJO") -> ALTO
... B110: 101 | C110: ELECTROBOMBA SUMERGIBLE DE 2IN//1,5HP//CAUDAL 360 L/MIN A 110/220 V COLUMNA DE AGUA 11 M | D110: UND | E110: 1 | F110: 6823050.2 | G110: 10312033 | H110: 5483310.4 | I110: 6325042.2 | J110: 4909168.4 | K110: 5449296.2 | L110: 5404805.5 | M110: =COUNTIF(F110:L110,">0") -> 7 | N110: =IFERROR(ROUND(AVERAGEIF(F110:L110,">0"),0),0) -> 6386672 | O110: =IFERROR(ROUND(+N110*E110,0),0) -> 6386672 | P110: {=IFERROR(_xlfn.STDEV.P(IF((F110:L110<>0)*(F110:L110<>""), F110:L110)), 0)} -> 1708988.6 | Q110: =IFERROR(P110/N110*100,0) -> 26.758672 | R110: =IFERROR(100-Q110,0) -> 73.241328 | S110: =IF(R110>70,"ALTO","BAJO") -> ALTO
B111: 102 | C111: SERVICIO DE RECARGA GAS PROPANO CILINDRO DE 50 KILOS | D111: UND | E111: 1 | F111: 481641.12 | H111: 324170.55 | I111: 339024.15 | J111: 259038.12 | K111: 312889.42 | L111: 290640.19 | M111: =COUNTIF(F111:L111,">0") -> 6 | N111: =IFERROR(ROUND(AVERAGEIF(F111:L111,">0"),0),0) -> 334567 | O111: =IFERROR(ROUND(+N111*E111,0),0) -> 334567 | P111: {=IFERROR(_xlfn.STDEV.P(IF((F111:L111<>0)*(F111:L111<>""), F111:L111)), 0)} -> 70548.853 | Q111: =IFERROR(P111/N111*100,0) -> 21.086614 | R111: =IFERROR(100-Q111,0) -> 78.913386 | S111: =IF(R111>70,"ALTO","BAJO") -> ALTO
B112: 103 | C112: GRAPA DE PLACA SOLIDA ATORNILLADA, TAMAÑO 2", CON TORNILLOS Y TUERCAS, CAJA X 10 UNIDADES | D112: UND | E112: 1 | F112: 716032 | G112: 720745.11 | H112: 575409.11 | I112: 654860.14 | J112: 500239.38 | K112: 576598 | L112: 560944.04 | M112: =COUNTIF(F112:L112,">0") -> 7 | N112: =IFERROR(ROUND(AVERAGEIF(F112:L112,">0"),0),0) -> 614975 | O112: =IFERROR(ROUND(+N112*E112,0),0) -> 614975 | P112: {=IFERROR(_xlfn.STDEV.P(IF((F112:L112<>0)*(F112:L112<>""), F112:L112)), 0)} -> 77563.356 | Q112: =IFERROR(P112/N112*100,0) -> 12.61244 | R112: =IFERROR(100-Q112,0) -> 87.38756 | S112: =IF(R112>70,"ALTO","BAJO") -> ALTO
B113: 104 | C113: LAMINA ALFAJOR ACERO GALVANIZADO HOT ROLLED DE 2,0 MM X 1 X 3 M | D113: UND | E113: 1 | F113: 736414.35 | G113: 662828.66 | H113: 569533.68 | I113: 717768.7 | J113: 557123.31 | K113: 581413.93 | L113: 578434.33 | M113: =COUNTIF(F113:L113,">0") -> 7 | N113: =IFERROR(ROUND(AVERAGEIF(F113:L113,">0"),0),0) -> 629074 | O113: =IFERROR(ROUND(+N113*E113,0),0) -> 629074 | P113: {=IFERROR(_xlfn.STDEV.P(IF((F113:L113<>0)*(F113:L113<>""), F113:L113)), 0)} -> 69781.174 | Q113: =IFERROR(P113/N113*100,0) -> 11.092681 | R113: =IFERROR(100-Q113,0) -> 88.907319 | S113: =IF(R113>70,"ALTO","BAJO") -> ALTO
B114: 105 | C114: LAMINA ALFAJOR ACERO GALVANIZADO HOT ROLLED DE 2,5 MM X 1,22 X 3 M | D114: UND | E114: 1 | F114: 623577.15 | G114: 538476.83 | H114: 475143.6 | I114: 627809.84 | J114: 487315.66 | K114: 490640.97 | L114: 478841.63 | M114: =COUNTIF(F114:L114,">0") -> 7 | N114: =IFERROR(ROUND(AVERAGEIF(F114:L114,">0"),0),0) -> 531687 | O114: =IFERROR(ROUND(+N114*E114,0),0) -> 531687 | P114: {=IFERROR(_xlfn.STDEV.P(IF((F114:L114<>0)*(F114:L114<>""), F114:L114)), 0)} -> 62533.287 | Q114: =IFERROR(P114/N114*100,0) -> 11.761297 | R114: =IFERROR(100-Q114,0) -> 88.238703 | S114: =IF(R114>70,"ALTO","BAJO") -> ALTO
B115: 106 | C115: LAMINA ANTIDESGASTE FORA 400/450, ESPESOR 1/2", 4FT X 8 FT. | D115: UND | E115: 1 | F115: 7271720.3 | G115: 9252542.3 | H115: 5754091.1 | I115: 7233527.1 | J115: 6235657.1 | K115: 5533064.2 | L115: 5190660.6 | M115: =COUNTIF(F115:L115,">0") -> 7 | N115: =IFERROR(ROUND(AVERAGEIF(F115:L115,">0"),0),0) -> 6638752 | O115: =IFERROR(ROUND(+N115*E115,0),0) -> 6638752 | P115: {=IFERROR(_xlfn.STDEV.P(IF((F115:L115<>0)*(F115:L115<>""), F115:L115)), 0)} -> 1301149.5 | Q115: =IFERROR(P115/N115*100,0) -> 19.599309 | R115: =IFERROR(100-Q115,0) -> 80.400691 | S115: =IF(R115>70,"ALTO","BAJO") -> ALTO
B116: 107 | C116: LAMINA ANTIDESGASTE FORA 400/450, ESPESOR 3/16", 4FT X 8 FT. | D116: UND | E116: 1 | F116: 3834187.5 | G116: 3260241.2 | H116: 3033894 | I116: 3529547.2 | J116: 2696066.8 | K116: 2222770 | L116: 2104437.8 | M116: =COUNTIF(F116:L116,">0") -> 7 | N116: =IFERROR(ROUND(AVERAGEIF(F116:L116,">0"),0),0) -> 2954449 | O116: =IFERROR(ROUND(+N116*E116,0),0) -> 2954449 | P116: {=IFERROR(_xlfn.STDEV.P(IF((F116:L116<>0)*(F116:L116<>""), F116:L116)), 0)} -> 601086.24 | Q116: =IFERROR(P116/N116*100,0) -> 20.345122 | R116: =IFERROR(100-Q116,0) -> 79.654878 | S116: =IF(R116>70,"ALTO","BAJO") -> ALTO
B117: 108 | C117: LAMINA ANTIDESGASTE FORA 400/450, ESPESOR 1", 4FT X 8 FT. | D117: UND | E117: 1 | F117: 22552796 | G117: 32937171 | H117: 19333108 | I117: 20425785 | J117: 15602252 | K117: 4942456.2 | L117: 2104437.8 | M117: =COUNTIF(F117:L117,">0") -> 7 | N117: =IFERROR(ROUND(AVERAGEIF(F117:L117,">0"),0),0) -> 16842572 | O117: =IFERROR(ROUND(+N117*E117,0),0) -> 16842572 | P117: {=IFERROR(_xlfn.STDEV.P(IF((F117:L117<>0)*(F117:L117<>""), F117:L117)), 0)} -> 9791021.6 | Q117: =IFERROR(P117/N117*100,0) -> 58.13258 | R117: =IFERROR(100-Q117,0) -> 41.86742 | S117: =IF(R117>70,"ALTO","BAJO") -> BAJO
B118: 109 | C118: LAMINA ANTIDESGASTE FORA400/ 450, ESPESOR 1/4", 4 FT X 8 FT. | D118: UND | E118: 1 | F118: 6313279.7 | G118: 5726940.9 | H118: 4995649.5 | I118: 5956755.7 | J118: 4550104.4 | K118: 0 | L118: 0 | M118: =COUNTIF(F118:L118,">0") -> 5 | N118: =IFERROR(ROUND(AVERAGEIF(F118:L118,">0"),0),0) -> 5508546 | O118: =IFERROR(ROUND(+N118*E118,0),0) -> 5508546 | P118: {=IFERROR(_xlfn.STDEV.P(IF((F118:L118<>0)*(F118:L118<>""), F118:L118)), 0)} -> 644648.38 | Q118: =IFERROR(P118/N118*100,0) -> 11.702696 | R118: =IFERROR(100-Q118,0) -> 88.297304 | S118: =IF(R118>70,"ALTO","BAJO") -> ALTO
B119: 110 | C119: LAMINA ANTIDESGASTE FORA 400/450, ESPESOR 3/4", 4FT X 8 FT. | D119: UND | E119: 1 | F119: 15428413 | G119: 15720904 | H119: 12208380 | I119: 14557186 | J119: 11119513 | K119: 0 | L119: 0 | M119: =COUNTIF(F119:L119,">0") -> 5 | N119: =IFERROR(ROUND(AVERAGEIF(F119:L119,">0"),0),0) -> 13806879 | O119: =IFERROR(ROUND(+N119*E119,0),0) -> 13806879 | P119: {=IFERROR(_xlfn.STDEV.P(IF((F119:L119<>0)*(F119:L119<>""), F119:L119)), 0)} -> 1823894.5 | Q119: =IFERROR(P119/N119*100,0) -> 13.210042 | R119: =IFERROR(100-Q119,0) -> 86.789958 | S119: =IF(R119>70,"ALTO","BAJO") -> ALTO
B120: 111 | C120: LAMINA ANTIDESGASTE FORA 400/450, ESPESOR 3/8", 4FT X 8 FT. | D120: UND | E120: 1 | F120: 5220784 | G120: 8523650.4 | H120: 5370527.6 | I120: 6403742 | J120: 4891538.2 | K120: 4179350.4 | L120: 4211007.9 | M120: =COUNTIF(F120:L120,">0") -> 7 | N120: =IFERROR(ROUND(AVERAGEIF(F120:L120,">0"),0),0) -> 5542943 | O120: =IFERROR(ROUND(+N120*E120,0),0) -> 5542943 | P120: {=IFERROR(_xlfn.STDEV.P(IF((F120:L120<>0)*(F120:L120<>""), F120:L120)), 0)} -> 1404933.6 | Q120: =IFERROR(P120/N120*100,0) -> 25.346348 | R120: =IFERROR(100-Q120,0) -> 74.653652 | S120: =IF(R120>70,"ALTO","BAJO") -> ALTO
B121: 112 | C121: LUBRICADOR Y PENETRADOR AFLOJATODO EN SPRAY Wd-40 11 Oz 311g 382ml | D121: UND | E121: 1 | F121: 116591 | H121: 141010.36 | I121: 179349.14 | J121: 139272.47 | K121: 129592.26 | L121: 135197.51 | M121: =COUNTIF(F121:L121,">0") -> 6 | N121: =IFERROR(ROUND(AVERAGEIF(F121:L121,">0"),0),0) -> 140169 | O121: =IFERROR(ROUND(+N121*E121,0),0) -> 140169 | P121: {=IFERROR(_xlfn.STDEV.P(IF((F121:L121<>0)*(F121:L121<>""), F121:L121)), 0)} -> 19274.769 | Q121: =IFERROR(P121/N121*100,0) -> 13.751093 | R121: =IFERROR(100-Q121,0) -> 86.248907 | S121: =IF(R121>70,"ALTO","BAJO") -> ALTO
B122: 113 | C122: MALLA EN ACERO SAE 1070, 1830MM X 1325 MM , PASANTE PARA 3/16" (N.4) | D122: UND | E122: 1 | F122: 1799502.9 | G122: 2117928.7 | H122: 1423898.1 | I122: 1731956.8 | J122: 1344277.8 | K122: 1297673.9 | L122: 1230531.9 | M122: =COUNTIF(F122:L122,">0") -> 7 | N122: =IFERROR(ROUND(AVERAGEIF(F122:L122,">0"),0),0) -> 1563681 | O122: =IFERROR(ROUND(+N122*E122,0),0) -> 1563681 | P122: {=IFERROR(_xlfn.STDEV.P(IF((F122:L122<>0)*(F122:L122<>""), F122:L122)), 0)} -> 302500.17 | Q122: =IFERROR(P122/N122*100,0) -> 19.345389 | R122: =IFERROR(100-Q122,0) -> 80.654611 | S122: =IF(R122>70,"ALTO","BAJO") -> ALTO
B123: 114 | C123: MANGAS PARA FILTRO, EN NOMEX, DENSIDAD 550 GR/M2, 5"X1600MM | D123: UND | E123: 1 | F123: 437021.25 | G123: 603788.75 | H123: 359550.87 | I123: 472017.72 | J123: 345435.52 | K123: 388484.91 | L123: 359189.16 | M123: =COUNTIF(F123:L123,">0") -> 7 | N123: =IFERROR(ROUND(AVERAGEIF(F123:L123,">0"),0),0) -> 423641 | O123: =IFERROR(ROUND(+N123*E123,0),0) -> 423641 | P123: {=IFERROR(_xlfn.STDEV.P(IF((F123:L123<>0)*(F123:L123<>""), F123:L123)), 0)} -> 85009.397 | Q123: =IFERROR(P123/N123*100,0) -> 20.066376 | R123: =IFERROR(100-Q123,0) -> 79.933624 | S123: =IF(R123>70,"ALTO","BAJO") -> ALTO
B124: 115 | C124: MANGUERA ACORAZADA DE 2" POR 6 METROS PARA ALTA TEMPERATURA | D124: UND | E124: 1 | F124: 1793496.6 | G124: 1372639 | H124: 1317757.1 | I124: 1728397 | J124: 1320250.8 | K124: 1086794.6 | L124: 1060480.5 | M124: =COUNTIF(F124:L124,">0") -> 7 | N124: =IFERROR(ROUND(AVERAGEIF(F124:L124,">0"),0),0) -> 1382831 | O124: =IFERROR(ROUND(+N124*E124,0),0) -> 1382831 | P124: {=IFERROR(_xlfn.STDEV.P(IF((F124:L124<>0)*(F124:L124<>""), F124:L124)), 0)} -> 263997.91 | Q124: =IFERROR(P124/N124*100,0) -> 19.091119 | R124: =IFERROR(100-Q124,0) -> 80.908881 | S124: =IF(R124>70,"ALTO","BAJO") -> ALTO
B125: 116 | C125: MANGUERA PARKER DE 4" POR 6 METROS PARA ALTA TEMPERATURA CON ACOPLES | D125: UND | E125: 1 | F125: 1879268 | G125: 2468316.5 | H125: 1789963 | I125: 1878792.5 | J125: 1825773.6 | K125: 0 | L125: 0 | M125: =COUNTIF(F125:L125,">0") -> 5 | N125: =IFERROR(ROUND(AVERAGEIF(F125:L125,">0"),0),0) -> 1968423 | O125: =IFERROR(ROUND(+N125*E125,0),0) -> 1968423 | P125: {=IFERROR(_xlfn.STDEV.P(IF((F125:L125<>0)*(F125:L125<>""), F125:L125)), 0)} -> 252219.16 | Q125: =IFERROR(P125/N125*100,0) -> 12.81326 | R125: =IFERROR(100-Q125,0) -> 87.18674 | S125: =IF(R125>70,"ALTO","BAJO") -> ALTO
B126: 117 | C126: MANGUERA INDUSTRIAL REFORZADA PARA ALTA TEMPERATURA 1 IN 5000PSI 300C° | D126: METRO | E126: 1 | F126: 232373.2 | G126: 323227.3 | H126: 211515.54 | I126: 238621.45 | J126: 238217.31 | K126: 212776.48 | L126: 208210.22 | M126: =COUNTIF(F126:L126,">0") -> 7 | N126: =IFERROR(ROUND(AVERAGEIF(F126:L126,">0"),0),0) -> 237849 | O126: =IFERROR(ROUND(+N126*E126,0),0) -> 237849 | P126: {=IFERROR(_xlfn.STDEV.P(IF((F126:L126<>0)*(F126:L126<>""), F126:L126)), 0)} -> 36879.554 | Q126: =IFERROR(P126/N126*100,0) -> 15.505448 | R126: =IFERROR(100-Q126,0) -> 84.494552 | S126: =IF(R126>70,"ALTO","BAJO") -> ALTO
B127: 118 | C127: MANGUERA INDUSTRIAL REFORZADA PARA ALTA TEMPERATURA 4 IN 5000PSI 300C° | D127: METRO | E127: 1 | F127: 624209.76 | G127: 637197.39 | H127: 594440.4 | I127: 668676.12 | J127: 746559.24 | K127: 604763.88 | L127: 608274.45 | M127: =COUNTIF(F127:L127,">0") -> 7 | N127: =IFERROR(ROUND(AVERAGEIF(F127:L127,">0"),0),0) -> 640589 | O127: =IFERROR(ROUND(+N127*E127,0),0) -> 640589 | P127: {=IFERROR(_xlfn.STDEV.P(IF((F127:L127<>0)*(F127:L127<>""), F127:L127)), 0)} -> 48925.196 | Q127: =IFERROR(P127/N127*100,0) -> 7.6375329 | R127: =IFERROR(100-Q127,0) -> 92.362467 | S127: =IF(R127>70,"ALTO","BAJO") -> ALTO
B128: 119 | C128: MASCARA DE SOLDADURA AUTO OSCURECIENTE | D128: UND | E128: 1 | F128: 628856.28 | G128: 941515.46 | H128: 552801.47 | I128: 562972.94 | J128: 515259.51 | K128: 581997.68 | L128: 566178.77 | M128: =COUNTIF(F128:L128,">0") -> 7 | N128: =IFERROR(ROUND(AVERAGEIF(F128:L128,">0"),0),0) -> 621369 | O128: =IFERROR(ROUND(+N128*E128,0),0) -> 621369 | P128: {=IFERROR(_xlfn.STDEV.P(IF((F128:L128<>0)*(F128:L128<>""), F128:L128)), 0)} -> 134438.89 | Q128: =IFERROR(P128/N128*100,0) -> 21.635919 | R128: =IFERROR(100-Q128,0) -> 78.364081 | S128: =IF(R128>70,"ALTO","BAJO") -> ALTO
B129: 120 | C129: SERVICIO RECARGA PIPETA OXIGENO INDUSTRIAL (PROCESO DE OXICORTE) | D129: KG | E129: 1 | F129: 124806 | H129: 85832.391 | I129: 111520.96 | J129: 86606.448 | K129: 71801.117 | L129: 69567.184 | M129: =COUNTIF(F129:L129,">0") -> 6 | N129: =IFERROR(ROUND(AVERAGEIF(F129:L129,">0"),0),0) -> 91689 | O129: =IFERROR(ROUND(+N129*E129,0),0) -> 91689 | P129: {=IFERROR(_xlfn.STDEV.P(IF((F129:L129<>0)*(F129:L129<>""), F129:L129)), 0)} -> 20145.624 | Q129: =IFERROR(P129/N129*100,0) -> 21.971691 | R129: =IFERROR(100-Q129,0) -> 78.028309 | S129: =IF(R129>70,"ALTO","BAJO") -> ALTO
B130: 121 | C130: PINZA PORTA ELECTRODO INDUSTRIAL | D130: UND | E130: 1 | F130: 546264.06 | G130: 775019.18 | H130: 492897.62 | I130: 553452.35 | J130: 429620.64 | K130: 206063.37 | L130: 201878.48 | M130: =COUNTIF(F130:L130,">0") -> 7 | N130: =IFERROR(ROUND(AVERAGEIF(F130:L130,">0"),0),0) -> 457885 | O130: =IFERROR(ROUND(+N130*E130,0),0) -> 457885 | P130: {=IFERROR(_xlfn.STDEV.P(IF((F130:L130<>0)*(F130:L130<>""), F130:L130)), 0)} -> 188413.03 | Q130: =IFERROR(P130/N130*100,0) -> 41.148548 | R130: =IFERROR(100-Q130,0) -> 58.851452 | S130: =IF(R130>70,"ALTO","BAJO") -> BAJO
B131: 122 | C131: PINZA PORTA MASA INDUSTRIAL | D131: UND | E131: 1 | F131: 174103.56 | G131: 297896.15 | H131: 165789.35 | I131: 174887.87 | J131: 204212.37 | K131: 177751.55 | L131: 172345.84 | M131: =COUNTIF(F131:L131,">0") -> 7 | N131: =IFERROR(ROUND(AVERAGEIF(F131:L131,">0"),0),0) -> 195284 | O131: =IFERROR(ROUND(+N131*E131,0),0) -> 195284 | P131: {=IFERROR(_xlfn.STDEV.P(IF((F131:L131<>0)*(F131:L131<>""), F131:L131)), 0)} -> 43387.065 | Q131: =IFERROR(P131/N131*100,0) -> 22.217419 | R131: =IFERROR(100-Q131,0) -> 77.782581 | S131: =IF(R131>70,"ALTO","BAJO") -> ALTO
B132: 123 | C132: MANGUERAS GEMELAS PARA EQUIPOS DE OXICORTE, PAR AZUL Y ROJA X 20 METROS INCLUYE MANOMETROS | D132: METRO | E132: 1 | F132: 27694 | H132: 34358.502 | I132: 35109.622 | J132: 41120.802 | K132: 38527.429 | L132: 0 | M132: =COUNTIF(F132:L132,">0") -> 5 | N132: =IFERROR(ROUND(AVERAGEIF(F132:L132,">0"),0),0) -> 35362 | O132: =IFERROR(ROUND(+N132*E132,0),0) -> 35362 | P132: {=IFERROR(_xlfn.STDEV.P(IF((F132:L132<>0)*(F132:L132<>""), F132:L132)), 0)} -> 4539.8825 | Q132: =IFERROR(P132/N132*100,0) -> 12.838308 | R132: =IFERROR(100-Q132,0) -> 87.161692 | S132: =IF(R132>70,"ALTO","BAJO") -> ALTO
B133: 124 | C133: PIÑON DE CADENA , REF. 120B22 | D133: UND | E133: 1 | F133: 2966151.2 | G133: 2911374 | H133: 2676514.5 | I133: 3005289.5 | J133: 2332577 | K133: 1304387 | L133: 1227432.4 | M133: =COUNTIF(F133:L133,">0") -> 7 | N133: =IFERROR(ROUND(AVERAGEIF(F133:L133,">0"),0),0) -> 2346247 | O133: =IFERROR(ROUND(+N133*E133,0),0) -> 2346247 | P133: {=IFERROR(_xlfn.STDEV.P(IF((F133:L133<>0)*(F133:L133<>""), F133:L133)), 0)} -> 715588.54 | Q133: =IFERROR(P133/N133*100,0) -> 30.499284 | R133: =IFERROR(100-Q133,0) -> 69.500716 | S133: =IF(R133>70,"ALTO","BAJO") -> BAJO
B134: 125 | C134: PIÑON DE CADENA , REF. 120B25 | D134: UND | E134: 1 | F134: 2904904.7 | G134: 4836173.3 | H134: 2621208.8 | I134: 2943235.5 | J134: 2284409.6 | K134: 1460685.7 | L134: 1370270.4 | M134: =COUNTIF(F134:L134,">0") -> 7 | N134: =IFERROR(ROUND(AVERAGEIF(F134:L134,">0"),0),0) -> 2631555 | O134: =IFERROR(ROUND(+N134*E134,0),0) -> 2631555 | P134: {=IFERROR(_xlfn.STDEV.P(IF((F134:L134<>0)*(F134:L134<>""), F134:L134)), 0)} -> 1076674.6 | Q134: =IFERROR(P134/N134*100,0) -> 40.914007 | R134: =IFERROR(100-Q134,0) -> 59.085993 | S134: =IF(R134>70,"ALTO","BAJO") -> BAJO
B135: 126 | C135: PIÑON DE CADENA , REF. 140-2B-16 | D135: UND | E135: 1 | F135: 5872339.5 | G135: 6178050.3 | H135: 5298872.9 | I135: 5949842.2 | J135: 4617962.6 | K135: 2509098.8 | L135: 2420928.7 | M135: =COUNTIF(F135:L135,">0") -> 7 | N135: =IFERROR(ROUND(AVERAGEIF(F135:L135,">0"),0),0) -> 4692442 | O135: =IFERROR(ROUND(+N135*E135,0),0) -> 4692442 | P135: {=IFERROR(_xlfn.STDEV.P(IF((F135:L135<>0)*(F135:L135<>""), F135:L135)), 0)} -> 1487102.2 | Q135: =IFERROR(P135/N135*100,0) -> 31.691435 | R135: =IFERROR(100-Q135,0) -> 68.308565 | S135: =IF(R135>70,"ALTO","BAJO") -> BAJO
B136: 127 | C136: PIÑON DE CADENA , REF. 140-2B-21 | D136: UND | E136: 1 | F136: 7451467.5 | G136: 8923776 | H136: 6723792.8 | I136: 7549819.3 | J136: 5859758.4 | K136: 3545253.1 | L136: 3443871.5 | M136: =COUNTIF(F136:L136,">0") -> 7 | N136: =IFERROR(ROUND(AVERAGEIF(F136:L136,">0"),0),0) -> 6213963 | O136: =IFERROR(ROUND(+N136*E136,0),0) -> 6213963 | P136: {=IFERROR(_xlfn.STDEV.P(IF((F136:L136<>0)*(F136:L136<>""), F136:L136)), 0)} -> 1921302.5 | Q136: =IFERROR(P136/N136*100,0) -> 30.919117 | R136: =IFERROR(100-Q136,0) -> 69.080883 | S136: =IF(R136>70,"ALTO","BAJO") -> BAJO
B137: 128 | C137: PIÑON DE CADENA PASO 1", REF. 80B11 Y 80B32, EN ACERO 1045 CON TRATAMIENTO TERMICO | D137: UND | E137: 1 | F137: 837272.24 | G137: 1090737.4 | H137: 647574.74 | I137: 595393.57 | J137: 674412.68 | K137: 651025.99 | L137: 668722.57 | M137: =COUNTIF(F137:L137,">0") -> 7 | N137: =IFERROR(ROUND(AVERAGEIF(F137:L137,">0"),0),0) -> 737877 | O137: =IFERROR(ROUND(+N137*E137,0),0) -> 737877 | P137: {=IFERROR(_xlfn.STDEV.P(IF((F137:L137<>0)*(F137:L137<>""), F137:L137)), 0)} -> 159999.59 | Q137: =IFERROR(P137/N137*100,0) -> 21.683775 | R137: =IFERROR(100-Q137,0) -> 78.316225 | S137: =IF(R137>70,"ALTO","BAJO") -> ALTO
B138: 129 | C138: PIÑON DE CADENA PASO 1", REF. 80B14 Y 80B40, EN ACERO 1045 CON TRATAMIENTO TERMICO | D138: UND | E138: 1 | F138: 834939.84 | G138: 525011.19 | H138: 511162.55 | I138: 675496.81 | J138: 493070.95 | K138: 538508.38 | L138: 525221.81 | M138: =COUNTIF(F138:L138,">0") -> 7 | N138: =IFERROR(ROUND(AVERAGEIF(F138:L138,">0"),0),0) -> 586202 | O138: =IFERROR(ROUND(+N138*E138,0),0) -> 586202 | P138: {=IFERROR(_xlfn.STDEV.P(IF((F138:L138<>0)*(F138:L138<>""), F138:L138)), 0)} -> 115811.4 | Q138: =IFERROR(P138/N138*100,0) -> 19.756228 | R138: =IFERROR(100-Q138,0) -> 80.243772 | S138: =IF(R138>70,"ALTO","BAJO") -> ALTO
B139: 130 | C139: PRENSA MALLAS LONGITUD 3300 MM. | D139: UND | E139: 1 | F139: 607104.96 | G139: 977995.95 | H139: 557527.36 | I139: 603960.36 | J139: 599265.45 | K139: 591191.72 | L139: 588123.53 | M139: =COUNTIF(F139:L139,">0") -> 7 | N139: =IFERROR(ROUND(AVERAGEIF(F139:L139,">0"),0),0) -> 646453 | O139: =IFERROR(ROUND(+N139*E139,0),0) -> 646453 | P139: {=IFERROR(_xlfn.STDEV.P(IF((F139:L139<>0)*(F139:L139<>""), F139:L139)), 0)} -> 136206.35 | Q139: =IFERROR(P139/N139*100,0) -> 21.0698 | R139: =IFERROR(100-Q139,0) -> 78.9302 | S139: =IF(R139>70,"ALTO","BAJO") -> ALTO
B140: 131 | C140: REDUCCION DE 2 1/2" A 2" EN ACERO AL CARBON | D140: UND | E140: 1 | F140: 40147.48 | G140: 64713.945 | H140: 33208.961 | I140: 37678.565 | J140: 29297.257 | K140: 32835.877 | L140: 30558.573 | M140: =COUNTIF(F140:L140,">0") -> 7 | N140: =IFERROR(ROUND(AVERAGEIF(F140:L140,">0"),0),0) -> 38349 | O140: =IFERROR(ROUND(+N140*E140,0),0) -> 38349 | P140: {=IFERROR(_xlfn.STDEV.P(IF((F140:L140<>0)*(F140:L140<>""), F140:L140)), 0)} -> 11327.802 | Q140: =IFERROR(P140/N140*100,0) -> 29.538715 | R140: =IFERROR(100-Q140,0) -> 70.461285 | S140: =IF(R140>70,"ALTO","BAJO") -> ALTO
B141: 132 | C141: REGISTRO TIPO CORTINA DE 1" (ALTA TEMPERATURA) | D141: UND | E141: 1 | F141: 384557.63 | G141: 541969.08 | H141: 288662.51 | I141: 367495.33 | J141: 280739.3 | K141: 250136.41 | L141: 245421.9 | M141: =COUNTIF(F141:L141,">0") -> 7 | N141: =IFERROR(ROUND(AVERAGEIF(F141:L141,">0"),0),0) -> 336997 | O141: =IFERROR(ROUND(+N141*E141,0),0) -> 336997 | P141: {=IFERROR(_xlfn.STDEV.P(IF((F141:L141<>0)*(F141:L141<>""), F141:L141)), 0)} -> 97568.749 | Q141: =IFERROR(P141/N141*100,0) -> 28.952409 | R141: =IFERROR(100-Q141,0) -> 71.047591 | S141: =IF(R141>70,"ALTO","BAJO") -> ALTO
B142: 133 | C142: REGISTRO TIPO CORTINA DE 2" (ALTA TEMPERATURA) | D142: UND | E142: 1 | F142: 834281.63 | G142: 799477.25 | H142: 721145.36 | I142: 792587.81 | J142: 683249.88 | K142: 750847.05 | L142: 734901.4 | M142: =COUNTIF(F142:L142,">0") -> 7 | N142: =IFERROR(ROUND(AVERAGEIF(F142:L142,">0"),0),0) -> 759499 | O142: =IFERROR(ROUND(+N142*E142,0),0) -> 759499 | P142: {=IFERROR(_xlfn.STDEV.P(IF((F142:L142<>0)*(F142:L142<>""), F142:L142)), 0)} -> 48181.798 | Q142: =IFERROR(P142/N142*100,0) -> 6.3438922 | R142: =IFERROR(100-Q142,0) -> 93.656108 | S142: =IF(R142>70,"ALTO","BAJO") -> ALTO
B143: 134 | C143: REGISTRO TIPO CORTINA DE 3" (ALTA TEMPERATURA) | D143: UND | E143: 1 | F143: 906589.71 | G143: 1474024.8 | H143: 797015.06 | I143: 854900.52 | J143: 736967.1 | K143: 850522.18 | L143: 829759.98 | M143: =COUNTIF(F143:L143,">0") -> 7 | N143: =IFERROR(ROUND(AVERAGEIF(F143:L143,">0"),0),0) -> 921397 | O143: =IFERROR(ROUND(+N143*E143,0),0) -> 921397 | P143: {=IFERROR(_xlfn.STDEV.P(IF((F143:L143<>0)*(F143:L143<>""), F143:L143)), 0)} -> 230819.77 | Q143: =IFERROR(P143/N143*100,0) -> 25.051066 | R143: =IFERROR(100-Q143,0) -> 74.948934 | S143: =IF(R143>70,"ALTO","BAJO") -> ALTO
B144: 135 | C144: RODAMIENTO AUTOALINEANTE UC211-32 | D144: UND | E144: 1 | F144: 329207 | G144: 462031.42 | H144: 338603.67 | I144: 322157.95 | J144: 250102.97 | K144: 0 | L144: 0 | M144: =COUNTIF(F144:L144,">0") -> 5 | N144: =IFERROR(ROUND(AVERAGEIF(F144:L144,">0"),0),0) -> 340421 | O144: =IFERROR(ROUND(+N144*E144,0),0) -> 340421 | P144: {=IFERROR(_xlfn.STDEV.P(IF((F144:L144<>0)*(F144:L144<>""), F144:L144)), 0)} -> 68423.734 | Q144: =IFERROR(P144/N144*100,0) -> 20.099739 | R144: =IFERROR(100-Q144,0) -> 79.900261 | S144: =IF(R144>70,"ALTO","BAJO") -> ALTO
... B155: 146 | C155: RODAMIENTO, REF. 22219 EK | D155: UND | E155: 1 | F155: 2373786.8 | G155: 2304687.8 | H155: 1585600.2 | I155: 2803438.7 | J155: 2175906.1 | K155: 1585608 | L155: 1546814.2 | M155: =COUNTIF(F155:L155,">0") -> 7 | N155: =IFERROR(ROUND(AVERAGEIF(F155:L155,">0"),0),0) -> 2053692 | O155: =IFERROR(ROUND(+N155*E155,0),0) -> 2053692 | P155: {=IFERROR(_xlfn.STDEV.P(IF((F155:L155<>0)*(F155:L155<>""), F155:L155)), 0)} -> 453187.7 | Q155: =IFERROR(P155/N155*100,0) -> 22.066975 | R155: =IFERROR(100-Q155,0) -> 77.933025 | S155: =IF(R155>70,"ALTO","BAJO") -> ALTO
B156: 147 | C156: RODAMIENTO, REF. 22317 EK | D156: UND | E156: 1 | F156: 4625710 | H156: 0 | I156: 4131925.1 | J156: 3206975.8 | K156: 3157497.9 | L156: 3079912.7 | M156: =COUNTIF(F156:L156,">0") -> 5 | N156: =IFERROR(ROUND(AVERAGEIF(F156:L156,">0"),0),0) -> 3640404 | O156: =IFERROR(ROUND(+N156*E156,0),0) -> 3640404 | P156: {=IFERROR(_xlfn.STDEV.P(IF((F156:L156<>0)*(F156:L156<>""), F156:L156)), 0)} -> 624120.14 | Q156: =IFERROR(P156/N156*100,0) -> 17.144255 | R156: =IFERROR(100-Q156,0) -> 82.855745 | S156: =IF(R156>70,"ALTO","BAJO") -> ALTO
...

Sheet FM-029 DEPURADO
E2: FORMATO CUADRO DE TABULACIÓN Y ANÁLISIS DE DATOS ESTADÍSTICOS - ESTUDIO DE SECTOR
E3: CÓDIGO: GCON-FM-029 | L3: VERSIÓN 4
E4: FECHA DE APLICACIÓN: AGOSTO DE 2025
B6: TABULACIÓN INICIAL COTIZACIONES, CONTRATACIONES VIGENCIA ANTERIOR DE LA UAERMV Y CONTRATACIONES SIMILARES DE OTRAS ENTIDADES PARA EL ESTUDIO DE SECTOR PRESUPUESTO | F6: COTIZACIONES GESTIONADAS PARA EL ESTUDIO DE SECTOR | H6: CONTRATACIONES ANTERIORES UAERMV | M6: "PRESTAR EL SERVICIO DE MANTENIMIENTO E INGENIERÍA PARA LOS EQUIPOS Y PLANTAS INDUSTRIALES DE LAS SEDES DE LA UNIDAD ADMINISTRATIVA ESPECIAL DE REHABILITACIÓN Y MANTENIMIENTO VIAL – UAERMV, CON EL FIN DE GARANTIZAR SU ADECUADA OPERACIÓN Y DISPONIBILIDAD EN APOYO AL CUMPLIMIENTO DE LAS FUNCIONES MISIONALES DE LA ENTIDAD "
H7: Contrato Nro. 650 de 2025 | I7: Contrato Nro. 902 de 2024 | J7: Contrato Nro. 645 de 2023 | K7: Contrato Nro. 631 de 2021 | L7: Contrato Nro. 562 de 2020
F8: 1. IMC S.A.S. | G8: 2. AUTOCARS INGENIERIA SAS | H8: AUTOCARS INGENIERIA SAS | I8: IMC S.A.S. | J8: IMC S.A.S. | K8: AUTOCARS INGENIERIA SAS | L8: REIMPODIESEL S.A.S
B9: ITEM | C9: DESCRIPCIÓN | D9: UNID DE MEDIDA | E9: CANTIDAD | F9: VALOR UNITARIO INCLUIDO IVA | H9: VALOR UNITARIO INCLUIDO IVA | M9: MUESTRA | N9: VALOR PROMEDIO UNITARIO | O9: VALOR PROMEDIO TOTAL | P9: DESVIACION ESTANDAR | Q9: COEF VARIACION | R9: MARGEN DE CONFIABILIDAD | S9: NIVEL DE CONFIABILIDAD DE LOS DATOS
B10: 1 | C10: MANO DE OBRA TÉCNICO MECÁNICO ACTIVIDADES DE DIAGNÓSTICO Y MANTENIMIENTO PREVENTIVO Y/O CORRECTIVO PARA COMPONENTES O SISTEMAS MECÁNICOS, NEUMÁTICOS Y/O ACTIVIDADES RELACIONADAS A REALIZAR POR UN TÉCNICO MECÁNICO CALIFICADO. | D10: HORA | E10: 1 | F10: 186826.7 | G10: 261086 | H10: 174347.05 | I10: 176409.15 | J10: 139632.02 | K10: 133386.63 | L10: 134967.29 | M10: =COUNTIF(F10:L10,">0") -> 7 | N10: =IFERROR(ROUND(AVERAGEIF(F10:L10,">0"),0),0) -> 172379 | O10: =IFERROR(ROUND(+N10*E10,0),0) -> 172379 | P10: {=IFERROR(_xlfn.STDEV.P(IF((F10:L10<>0)*(F10:L10<>""), F10:L10)), 0)} -> 41559.231 | Q10: =IFERROR(P10/N10*100,0) -> 24.109219 | R10: =IFERROR(100-Q10,0) -> 75.890781 | S10: =IF(R10>70,"ALTO","BAJO") -> ALTO
B11: 2 | C11: MANO DE OBRA TÉCNICO ELÉCTRICISTA ACTIVIDADES DE DIAGNÓSTICO Y MANTENIMIENTO PREVENTIVO Y/O CORRECTIVO PARA COMPONENTES O SISTEMAS ELÉCTRICOS Y/O ACTIVIDADES RELACIONADAS A REALIZAR POR UN TÉCNICO ELECTRICISTA CALIFICADO. | D11: HORA | E11: 1 | F11: 151891.85 | G11: 193602 | H11: 152250.31 | I11: 153540.75 | J11: 140668.88 | K11: 133386.63 | L11: 134967.29 | M11: =COUNTIF(F11:L11,">0") -> 7 | N11: =IFERROR(ROUND(AVERAGEIF(F11:L11,">0"),0),0) -> 151473 | O11: =IFERROR(ROUND(+N11*E11,0),0) -> 151473 | P11: {=IFERROR(_xlfn.STDEV.P(IF((F11:L11<>0)*(F11:L11<>""), F11:L11)), 0)} -> 18883.826 | Q11: =IFERROR(P11/N11*100,0) -> 12.466794 | R11: =IFERROR(100-Q11,0) -> 87.533206 | S11: =IF(R11>70,"ALTO","BAJO") -> ALTO
B12: 3 | C12: MANO DE OBRA ESPECIALIZADA Actividades de diagnóstico, mantenimiento preventivo, mantenimiento correctivo y/o mantenimiento predictivo que requieren de un técnico especialista, tales como actividades de calibración, verificación, instrumentación y/o intervención de sistemas o equipos electrónicos, térmicos, de pesaje, entre otros. De igual forma incluye actividades de fabricación o manufactura de partes y componentes que deben deberán cumplir requerimientos de diseño específicos del fabricante de cada equipo industrial de la UAERMV. Incluye el levantamiento de información para fabricación directamente con la parte o componente afectada o con repuestos disponibles en el stock de la UAERMV. También podrán estar disponibles planos de fabricantes para algunas partes y componentes de mayor rotación y que corresponden a piezas de desgaste, tales como paletas, recubrimientos, brazos de mezclador, o repuestos necesarios de fabricación tales como trunnios, ejes y diferentes piezas de máquinas. Los procesos de manufactura requeridos pueden incluir procesos de mecanizado, fresado, fundición, conformado de chapa, corte, rolado, entre otros.Igualmente podrán ser requeridas actividades de Diseño para la fabricación de partes y componentes. | D12: HORA | E12: 1 | F12: 242861 | H12: 240381.79 | I12: 242305.72 | J12: 221991.89 | K12: 0 | L12: 0 | M12: =COUNTIF(F12:L12,">0") -> 4 | N12: =IFERROR(ROUND(AVERAGEIF(F12:L12,">0"),0),0) -> 236885 | O12: =IFERROR(ROUND(+N12*E12,0),0) -> 236885 | P12: {=IFERROR(_xlfn.STDEV.P(IF((F12:L12<>0)*(F12:L12<>""), F12:L12)), 0)} -> 8647.6746 | Q12: =IFERROR(P12/N12*100,0) -> 3.6505792 | R12: =IFERROR(100-Q12,0) -> 96.349421 | S12: =IF(R12>70,"ALTO","BAJO") -> ALTO
B13: 4 | C13: MANTENIMIENTO PREVENTIVO MOTOR ELECTRICO 100 a 150 HP - 440V - 4P - LAVAR DEVANADO Y HORNEAR - VERIFICAR AJUSTES - REEMPLAZAR RODAMIENTOS - PRUEBA DE RESISTENCIA DE AISLANTE -BARNIZADO DE AISLANTE - VIBRACION - PINTURA - PRUEBAS DE ARRANQUE | D13: UND | E13: 1 | F13: 15885456 | G13: 20811969 | H13: 14855518 | I13: 15421997 | J13: 13294522 | K13: 12731564 | L13: 14991741 | M13: =COUNTIF(F13:L13,">0") -> 7 | N13: =IFERROR(ROUND(AVERAGEIF(F13:L13,">0"),0),0) -> 15427538 | O13: =IFERROR(ROUND(+N13*E13,0),0) -> 15427538 | P13: {=IFERROR(_xlfn.STDEV.P(IF((F13:L13<>0)*(F13:L13<>""), F13:L13)), 0)} -> 2435950.3 | Q13: =IFERROR(P13/N13*100,0) -> 15.789624 | R13: =IFERROR(100-Q13,0) -> 84.210376 | S13: =IF(R13>70,"ALTO","BAJO") -> ALTO
B14: 5 | C14: MANTENIMIENTO PREVENTIVO MOTOR ELECTRICO 75HP a 100 HP - 440V - LAVAR DEVANADO Y HORNEAR - VERIFICAR AJUSTES - REEMPLAZAR RODAMIENTOS - PRUEBA DE RESISTENCIA DE AISLANTE -BARNIZADO DE AISLANTE - VIBRACION - PINTURA - PRUEBAS DE ARRANQUE | D14: UND | E14: 1 | F14: 12146537 | G14: 14037878 | H14: 10326454 | I14: 11740580 | J14: 10120960 | K14: 9110861.3 | L14: 10564061 | M14: =COUNTIF(F14:L14,">0") -> 7 | N14: =IFERROR(ROUND(AVERAGEIF(F14:L14,">0"),0),0) -> 11149619 | O14: =IFERROR(ROUND(+N14*E14,0),0) -> 11149619 | P14: {=IFERROR(_xlfn.STDEV.P(IF((F14:L14<>0)*(F14:L14<>""), F14:L14)), 0)} -> 1508086.4 | Q14: =IFERROR(P14/N14*100,0) -> 13.525901 | R14: =IFERROR(100-Q14,0) -> 86.474099 | S14: =IF(R14>70,"ALTO","BAJO") -> ALTO
B15: 6 | C15: MANTENIMIENTO PREVENTIVO MOTOR ELECTRICO 40HP A 75 HP- 440V - LAVAR DEVANADO Y HORNEAR - VERIFICAR AJUSTES - REEMPLAZAR RODAMIENTOS - PRUEBA DE RESISTENCIA DE AISLANTE -BARNIZADO DE AISLANTE - VIBRACION - PINTURA - PRUEBAS DE ARRANQUE | D15: UND | E15: 1 | F15: 9937439.4 | G15: 15599884 | H15: 8243869.1 | I15: 9623104 | J15: 8295591.4 | K15: 6876562.3 | L15: 8204935.3 | M15: =COUNTIF(F15:L15,">0") -> 7 | N15: =IFERROR(ROUND(AVERAGEIF(F15:L15,">0"),0),0) -> 9540198 | O15: =IFERROR(ROUND(+N15*E15,0),0) -> 9540198 | P15: {=IFERROR(_xlfn.STDEV.P(IF((F15:L15<>0)*(F15:L15<>""), F15:L15)), 0)} -> 2645531.6 | Q15: =IFERROR(P15/N15*100,0) -> 27.730364 | R15: =IFERROR(100-Q15,0) -> 72.269636 | S15: =IF(R15>70,"ALTO","BAJO") -> ALTO
B16: 7 | C16: MANTENIMIENTO GENERAL DE LA CALDERAS PARA ACEITE TERMICO 500,000 A 750,000 KCAL / HR, LIMPIADO DE PARED, CAMBIO DE EMPAQUETADURAS, DESHOLLINADO DE TUBERIA INTERNA, REVISION DE REFRACTARIO, LAVADO GENERAL, PUESTA EN MARCHA | D16: UND | E16: 1 | F16: 6219756.8 | H16: 3998869.8 | I16: 5540694.9 | J16: 4300378.9 | K16: 3841067.9 | L16: 4588578.9 | M16: =COUNTIF(F16:L16,">0") -> 6 | N16: =IFERROR(ROUND(AVERAGEIF(F16:L16,">0"),0),0) -> 4748225 | O16: =IFERROR(ROUND(+N16*E16,0),0) -> 4748225 | P16: {=IFERROR(_xlfn.STDEV.P(IF((F16:L16<>0)*(F16:L16<>""), F16:L16)), 0)} -> 856731.63 | Q16: =IFERROR(P16/N16*100,0) -> 18.043198 | R16: =IFERROR(100-Q16,0) -> 81.956802 | S16: =IF(R16>70,"ALTO","BAJO") -> ALTO
B17: 8 | C17: MANTENIMIENTO GENERAL PREVENTIVO QUEMADOR RIELLO LS130 Incluye: - Verificación, Limpieza General Exterior e Interior del quemador y cada uno de sus componentes ( Damper de Aire, carcaza interior , exterior y Ventilador) - Revisión y mantenimiento al difusor, boquillas, electrodos y cables de alta. - Revisión y limpieza Unidad detección de llama e Ignición (Transformador de Alta) - Limpieza y Calibración de los electrodos de Ignición / Ionización, fotocelda - Revisión del funcionamiento de las válvulas solenoides. - Verificación del funcionamiento de los Presóstatos de gas y de aire. - Verificación del funcionamiento del control de llama. CALIBRACIÓN ESTEQUIOMETRICA DEL QUEMADOR. - Verificación, y calibración de válvulas Principales del quemador - Realizará calibración de caudal según grafica de calibración. - Realizará calibración Entrada de Aire para el quemador (Dámper del aire). - Ajustarán Presiones estáticas y dinámicas de acuerdo a curva de fabricante. - Realizarán pruebas de calibración en proceso. ANALISIS DE GASES CON EQUIPO DIGITAL. - Toma de análisis de gases antes y después de la calibración. - Impresión inmediata y entrega de resultados de combustión. - Equipo calibrado y certificado. LIMPIEZA Y AJUSTE DEL TABLERO ELECTRICO Y LA INSTRUMENTACION - Limpieza y ajuste de contactos del tablero - Limpieza y ajuste de los controles de presión - Verificar amperaje de motores - Verificar voltaje de entrada para motores y mando REVISIÓN FINAL PARA ENTREGA - Pruebas de Funcionamiento y Operación del quemador. - Informe técnico con resultados y parámetros de calibración. - Asesoría y Capacitación a los operadores del quemador. ELSERVICIO DE MANTENIMIENTO INCLUYE. (GARANTÍA DE OPERACIÓN) - Dos paradas de emergencia durante los próximos 45 días. - Dos Visitas de seguimiento cada 20 días, en los siguientes 2 meses; programadas con producción. - Incluye, Insumos de Limpieza (desengrasante, Lija, Limpiador Electrónico) | D17: UND | E17: 1 | F17: 21421007 | H17: 17222423 | I17: 21620346 | J17: 14601696 | K17: 0 | L17: 0 | M17: =COUNTIF(F17:L17,">0") -> 4 | N17: =IFERROR(ROUND(AVERAGEIF(F17:L17,">0"),0),0) -> 18716368 | O17: =IFERROR(ROUND(+N17*E17,0),0) -> 18716368 | P17: {=IFERROR(_xlfn.STDEV.P(IF((F17:L17<>0)*(F17:L17<>""), F17:L17)), 0)} -> 2954257.8 | Q17: =IFERROR(P17/N17*100,0) -> 15.784354 | R17: =IFERROR(100-Q17,0) -> 84.215646 | S17: =IF(R17>70,"ALTO","BAJO") -> ALTO
B18: 9 | C18: MANTENIMIENTO EN GENERAL COMPRESOR INDUSTRIAL ATLAS COPCO GA37, SUMINISTRO Y CAMBIO DE: ACEITE, FILTRO DE ACEITE Y FILTRO DE AIRE ( DE ACUERDO CON ESPECIFICACIONES DEL FABRICANTE), REVISIÓN , AJUSTE Y LIMPIEZA DEL TABLERO ELECTRICO, REVISION DEL SISTEMA NEUMATICO, ASEO, | D18: UND | E18: 1 | H18: 0 | I18: 3483992.6 | J18: 2803480.9 | K18: 2504282.9 | L18: 0 | M18: =COUNTIF(F18:L18,">0") -> 3 | N18: =IFERROR(ROUND(AVERAGEIF(F18:L18,">0"),0),0) -> 2930585 | O18: =IFERROR(ROUND(+N18*E18,0),0) -> 2930585 | P18: {=IFERROR(_xlfn.STDEV.P(IF((F18:L18<>0)*(F18:L18<>""), F18:L18)), 0)} -> 409938.59 | Q18: =IFERROR(P18/N18*100,0) -> 13.988285 | R18: =IFERROR(100-Q18,0) -> 86.011715 | S18: =IF(R18>70,"ALTO","BAJO") -> ALTO
B19: 10 | C19: MANTENIMIENTO GENERAL DEL TRANSFORMADOR 800 KVA 11,4 KV - 440V Mantenimiento general de transformador inmersos en aceite EL mantenimiento preventivo de los transformadores incluye al menos siguientes acciones. 1. Termo filtrado y vaciado de aceite 2. Regeneración del aceite dieléctrico 3. Lavado y secado de parte activa 4. Suministro, cambio e implementación de aceite dieléctrico, bushings, válvulas, accesorios 5. Informe técnica de mantenimiento. | D19: UND | E19: 1 | F19: 20311978 | H19: 19019666 | I19: 20141331 | J19: 13909103 | K19: 10743899 | L19: 12702249 | M19: =COUNTIF(F19:L19,">0") -> 6 | N19: =IFERROR(ROUND(AVERAGEIF(F19:L19,">0"),0),0) -> 16138038 | O19: =IFERROR(ROUND(+N19*E19,0),0) -> 16138038 | P19: {=IFERROR(_xlfn.STDEV.P(IF((F19:L19<>0)*(F19:L19<>""), F19:L19)), 0)} -> 3821462.3 | Q19: =IFERROR(P19/N19*100,0) -> 23.679845 | R19: =IFERROR(100-Q19,0) -> 76.320155 | S19: =IF(R19>70,"ALTO","BAJO") -> ALTO
B20: 11 | C20: MANTENINIENTO PREDICTIVO TRANSFORMADOR 800 KVA 11,4 KV - 440V Consiste en la toma de la muestra del aceite del transformador y realizar el diagnostico completo que contemple los siguientes análisis. 1. Análisis dieléctrico 2. Análisis cromatográfico 3. Análisis de PBC'S 4. Análisis de contenido de furanos 5. Informe técnico de diagnostico | D20: UND | E20: 1 | F20: 9402586 | H20: 8223305.1 | I20: 8975433.4 | J20: 7737266.4 | K20: 6320541.5 | L20: 7706451 | M20: =COUNTIF(F20:L20,">0") -> 6 | N20: =IFERROR(ROUND(AVERAGEIF(F20:L20,">0"),0),0) -> 8060931 | O20: =IFERROR(ROUND(+N20*E20,0),0) -> 8060931 | P20: {=IFERROR(_xlfn.STDEV.P(IF((F20:L20<>0)*(F20:L20<>""), F20:L20)), 0)} -> 993486.18 | Q20: =IFERROR(P20/N20*100,0) -> 12.324708 | R20: =IFERROR(100-Q20,0) -> 87.675292 | S20: =IF(R20>70,"ALTO","BAJO") -> ALTO
B21: 12 | C21: MANTENINIENTO PREDICTIVO TRANSFORMADOR 30 KVA 11,4 KV - 440V Consiste en la toma de la muestra del aceite del transformador y realizar el diagnostico completo que contemple los siguientes análisis. 1. Análisis dieléctrico 2. Análisis cromatográfico 3. Análisis de PBC'S 4. Análisis de contenido de furanos 5. Informe técnico de diagnostico | D21: UND | E21: 1 | F21: 9265099 | H21: 7475848 | I21: 7753255.8 | J21: 5318503.4 | K21: 3825014.8 | L21: 5808999.7 | M21: =COUNTIF(F21:L21,">0") -> 6 | N21: =IFERROR(ROUND(AVERAGEIF(F21:L21,">0"),0),0) -> 6574453 | O21: =IFERROR(ROUND(+N21*E21,0),0) -> 6574453 | P21: {=IFERROR(_xlfn.STDEV.P(IF((F21:L21<>0)*(F21:L21<>""), F21:L21)), 0)} -> 1787195.4 | Q21: =IFERROR(P21/N21*100,0) -> 27.18394 | R21: =IFERROR(100-Q21,0) -> 72.81606 | S21: =IF(R21>70,"ALTO","BAJO") -> ALTO
B22: 13 | C22: MANTENINIENTO PREDICTIVO TRANSFORMADOR 500 KVA 11,4 KV - 440V Consiste en la toma de la muestra del aceite del transformador y realizar el diagnostico completo que contemple los siguientes análisis. 1. Análisis dieléctrico 2. Análisis cromatográfico 3. Análisis de PBC'S 4. Análisis de contenido de furanos 5. Informe técnico de diagnostico | D22: UND | E22: 1 | F22: 13627871 | H22: 11819836 | I22: 12524596 | J22: 8407197.1 | K22: 6221304.1 | L22: 7506412.7 | M22: =COUNTIF(F22:L22,">0") -> 6 | N22: =IFERROR(ROUND(AVERAGEIF(F22:L22,">0"),0),0) -> 10017869 | O22: =IFERROR(ROUND(+N22*E22,0),0) -> 10017869 | P22: {=IFERROR(_xlfn.STDEV.P(IF((F22:L22<>0)*(F22:L22<>""), F22:L22)), 0)} -> 2765214.2 | Q22: =IFERROR(P22/N22*100,0) -> 27.602819 | R22: =IFERROR(100-Q22,0) -> 72.397181 | S22: =IF(R22>70,"ALTO","BAJO") -> ALTO
B23: 14 | C23: MANTENIMIENTO GENERAL DEL TRANSFORMADOR 30 KVA 11,4 KV - 220V Mantenimiento general de transformador inmersos en aceite EL mantenimiento preventivo de los transformadores incluye al menos siguientes acciones. 1. Termo filtrado y vaciado de aceite 2. Regeneración del aceite dieléctrico 3. Lavado y secado de parte activa 4. Suministro, cambio e implementación de aceite dieléctrico, bushings, válvulas, accesorios 5. Informe técnica de mantenimiento. | D23: UND | E23: 1 | F23: 5416289 | G23: 9327769.9 | H23: 4962185.1 | I23: 5331402.4 | J23: 4797620 | K23: 4132942.4 | L23: 4884643.8 | M23: =COUNTIF(F23:L23,">0") -> 7 | N23: =IFERROR(ROUND(AVERAGEIF(F23:L23,">0"),0),0) -> 5550408 | O23: =IFERROR(ROUND(+N23*E23,0),0) -> 5550408 | P23: {=IFERROR(_xlfn.STDEV.P(IF((F23:L23<>0)*(F23:L23<>""), F23:L23)), 0)} -> 1590128.5 | Q23: =IFERROR(P23/N23*100,0) -> 28.648858 | R23: =IFERROR(100-Q23,0) -> 71.351142 | S23: =IF(R23>70,"ALTO","BAJO") -> ALTO
B24: 15 | C24: MANTENIMIENTO GENERAL DEL TRANSFORMADOR 500 KVA 11,4 KV - 220V Mantenimiento general de transformador inmersos en aceite EL mantenimiento preventivo de los transformadores incluye al menos siguientes acciones. 1. Termo filtrado y vaciado de aceite 2. Regeneración del aceite dieléctrico 3. Lavado y secado de parte activa 4. Suministro, cambio e implementación de aceite dieléctrico, bushings, válvulas, accesorios 5. Informe técnica de mantenimiento. | D24: UND | E24: 1 | F24: 21836252 | G24: 17227548 | H24: 17252949 | I24: 18273074 | J24: 12534754 | K24: 0 | L24: 10752721 | M24: =COUNTIF(F24:L24,">0") -> 6 | N24: =IFERROR(ROUND(AVERAGEIF(F24:L24,">0"),0),0) -> 16312883 | O24: =IFERROR(ROUND(+N24*E24,0),0) -> 16312883 | P24: {=IFERROR(_xlfn.STDEV.P(IF((F24:L24<>0)*(F24:L24<>""), F24:L24)), 0)} -> 3680125.7 | Q24: =IFERROR(P24/N24*100,0) -> 22.559628 | R24: =IFERROR(100-Q24,0) -> 77.440372 | S24: =IF(R24>70,"ALTO","BAJO") -> ALTO
B25: 16 | C25: MANTENIMIENTO PREDICTIVO BANCO CONDENSADORES 400 KVA- 440 VAC Que incluye: 1. Control del funcionamiento de contactores 2.Verificación del funcionamiento de relé varimétrico 3.Medición de la corriente nominal de los pasos 4.Medición de aislación 5.Medición de capacidad. 6.Medición de corriente de trabajo 7. Limpieza y reajuste de conexiones 9. Informe técnico del mantenimiento | D25: UND | E25: 1 | F25: 13546608 | G25: 10631909 | H25: 10380099 | I25: 12184606 | J25: 9569457.1 | K25: 9154642.5 | L25: 9416516.7 | M25: =COUNTIF(F25:L25,">0") -> 7 | N25: =IFERROR(ROUND(AVERAGEIF(F25:L25,">0"),0),0) -> 10697691 | O25: =IFERROR(ROUND(+N25*E25,0),0) -> 10697691 | P25: {=IFERROR(_xlfn.STDEV.P(IF((F25:L25<>0)*(F25:L25<>""), F25:L25)), 0)} -> 1498940.3 | Q25: =IFERROR(P25/N25*100,0) -> 14.011811 | R25: =IFERROR(100-Q25,0) -> 85.988189 | S25: =IF(R25>70,"ALTO","BAJO") -> ALTO
B26: 17 | C26: MANTENIMIENTO PREDICTIVO BANCO CONDENSADORES 300 KVA- 440 VAC Que incluye: 1. Control del funcionamiento de contactores 2.Verificación del funcionamiento de relé varimétrico 3.Medición de la corriente nominal de los pasos 4.Medición de aislación 5.Medición de capacidad. 6.Medición de corriente de trabajo 7. Limpieza y reajuste de conexiones 9. Informe técnico del mantenimiento | D26: UND | E26: 1 | F26: 9713978 | G26: 9070415.6 | H26: 8522696.6 | I26: 9399045 | J26: 8260572.3 | K26: 7685054.6 | L26: 9372950.1 | M26: =COUNTIF(F26:L26,">0") -> 7 | N26: =IFERROR(ROUND(AVERAGEIF(F26:L26,">0"),0),0) -> 8860673 | O26: =IFERROR(ROUND(+N26*E26,0),0) -> 8860673 | P26: {=IFERROR(_xlfn.STDEV.P(IF((F26:L26<>0)*(F26:L26<>""), F26:L26)), 0)} -> 674094.23 | Q26: =IFERROR(P26/N26*100,0) -> 7.6077091 | R26: =IFERROR(100-Q26,0) -> 92.392291 | S26: =IF(R26>70,"ALTO","BAJO") -> ALTO
B27: 18 | C27: MANTENIMIENTO PREDICTIVO VARIADORES ABB ACS 355 POTENCIA 4 HP A 440 V Que incluye: 1. Limpieza general 2. Revisión de los codensadores en las tarjetas de potencia y de control 3. Revisión de los condensadores de potencia. 4. Revisión de las resistencias de carga y de freno. 5. Revisión general de los circuitos. 6. Levantamiento de hoja de vida, con backup de la programacion. 7. Tropicalización de tarjetas. 8. Informe de mantenimiento | D27: UND | E27: 1 | F27: 1744276 | G27: 2487871.6 | H27: 1340747.9 | I27: 1558129.7 | J27: 1209403.6 | K27: 1037613.7 | L27: 1329336.6 | M27: =COUNTIF(F27:L27,">0") -> 7 | N27: =IFERROR(ROUND(AVERAGEIF(F27:L27,">0"),0),0) -> 1529626 | O27: =IFERROR(ROUND(+N27*E27,0),0) -> 1529626 | P27: {=IFERROR(_xlfn.STDEV.P(IF((F27:L27<>0)*(F27:L27<>""), F27:L27)), 0)} -> 444896.6 | Q27: =IFERROR(P27/N27*100,0) -> 29.085319 | R27: =IFERROR(100-Q27,0) -> 70.914681 | S27: =IF(R27>70,"ALTO","BAJO") -> ALTO
B28: 19 | C28: MANTENIMIENTO PREDICTIVO VARIADORES ABB ACS 355 POTENCIA 70 HP A 440 V Que incluye: 1. Limpieza general 2. Revisión de los codensadores en las tarjetas de potencia y de control 3. Revisión de los condensadores de potencia. 4. Revisión de las resistencias de carga y de freno. 5. Revisión general de los circuitos. 6. Levantamiento de hoja de vida, con backup de la programacion. 7. Tropicalización de tarjetas. 8. Informe de mantenimiento | D28: UND | E28: 1 | F28: 5239046 | G28: 5017067.4 | H28: 4182924.1 | I28: 5001039.9 | J28: 4311142.9 | K28: 0 | L28: 2615854.4 | M28: =COUNTIF(F28:L28,">0") -> 6 | N28: =IFERROR(ROUND(AVERAGEIF(F28:L28,">0"),0),0) -> 4394512 | O28: =IFERROR(ROUND(+N28*E28,0),0) -> 4394512 | P28: {=IFERROR(_xlfn.STDEV.P(IF((F28:L28<>0)*(F28:L28<>""), F28:L28)), 0)} -> 883556.44 | Q28: =IFERROR(P28/N28*100,0) -> 20.105906 | R28: =IFERROR(100-Q28,0) -> 79.894094 | S28: =IF(R28>70,"ALTO","BAJO") -> ALTO
B29: 20 | C29: MANTENIMIENTO PREDICTIVO VARIADORES ABB ACS 355 POTENCIA 150 HP A 440 V Que incluye: 1. Limpieza general 2. Revisión de los codensadores en las tarjetas de potencia y de control 3. Revisión de los condensadores de potencia. 4. Revisión de las resistencias de carga y de freno. 5. Revisión general de los circuitos. 6. Levantamiento de hoja de vida, con backup de la programacion. 7. Tropicalización de tarjetas. 8. Informe de mantenimiento | D29: UND | E29: 1 | F29: 6912750 | G29: 6950150.1 | H29: 5320458.7 | I29: 6174831 | J29: 4792573.1 | K29: 3502493.5 | L29: 3934648.9 | M29: =COUNTIF(F29:L29,">0") -> 7 | N29: =IFERROR(ROUND(AVERAGEIF(F29:L29,">0"),0),0) -> 5369701 | O29: =IFERROR(ROUND(+N29*E29,0),0) -> 5369701 | P29: {=IFERROR(_xlfn.STDEV.P(IF((F29:L29<>0)*(F29:L29<>""), F29:L29)), 0)} -> 1276624.7 | Q29: =IFERROR(P29/N29*100,0) -> 23.774595 | R29: =IFERROR(100-Q29,0) -> 76.225405 | S29: =IF(R29>70,"ALTO","BAJO") -> ALTO
B30: 21 | C30: CALIBRACION BASCULA CAMIONERA DE 80 TON. EFECTUADA POR UN LABORATORIO ACREDITADO POR ONAC, de acuerdo al método de comparación directa con pesas patrón y/o sustitución de carga; realizando pruebas de Excentricidad de Carga, Repetibilidad y Exactitud de Carga. DEBE ENTREGARSE EL CERTIFICADO. | D30: UND | E30: 1 | G30: 16400727 | H30: 13807264 | I30: 16583796 | J30: 14296051 | K30: 11677897 | L30: 13560394 | M30: =COUNTIF(F30:L30,">0") -> 6 | N30: =IFERROR(ROUND(AVERAGEIF(F30:L30,">0"),0),0) -> 14387688 | O30: =IFERROR(ROUND(+N30*E30,0),0) -> 14387688 | P30: {=IFERROR(_xlfn.STDEV.P(IF((F30:L30<>0)*(F30:L30<>""), F30:L30)), 0)} -> 1695478.7 | Q30: =IFERROR(P30/N30*100,0) -> 11.784233 | R30: =IFERROR(100-Q30,0) -> 88.215767 | S30: =IF(R30>70,"ALTO","BAJO") -> ALTO
B31: 22 | C31: MANTENIMIENTO PREVENTIVO BASCULA CAMIONERA DE 80 TON VERIFICACION Y AJUSTE CELDAS DE CARGA, SISTEMAS ELECTRICO Y MECANICO, PRUEBAS DE REPETIBILIDAD: AJUSTE CON PESAS CALIBRADAS y/o sustitución de carga. ENTREGA PROTOCOLOS DE VERIFICACIÓN. ENTREGA COPIA CERTIFICADO DE CALIBRACION DE LAS PESAS UTILIZADAS EXPEDIDA POR LABORATORIO ACREDITADO. | D31: UND | E31: 1 | F31: 5490919 | H31: 4644145.5 | I31: 4904786.4 | J31: 3806845.7 | K31: 0 | L31: 0 | M31: =COUNTIF(F31:L31,">0") -> 4 | N31: =IFERROR(ROUND(AVERAGEIF(F31:L31,">0"),0),0) -> 4711674 | O31: =IFERROR(ROUND(+N31*E31,0),0) -> 4711674 | P31: {=IFERROR(_xlfn.STDEV.P(IF((F31:L31<>0)*(F31:L31<>""), F31:L31)), 0)} -> 605761.83 | Q31: =IFERROR(P31/N31*100,0) -> 12.856616 | R31: =IFERROR(100-Q31,0) -> 87.143384 | S31: =IF(R31>70,"ALTO","BAJO") -> ALTO
B32: 23 | C32: SERVICIO DE BALANCEO DINÁMICO EN CAMPO, DE ROTOR EN ALUMINIO D=740MM, SE ENTREGA REPORTE TÉCNICO Y DE NORMATIVIDAD, INCLUYENDO UN ANÁLISIS DE LAS CONDICIONES DEL EQUIPO BASADO EN GRAFICAS DE TIEMPO Y FRECUENCIA. | D32: UND | E32: 1 | F32: 5862040.7 | H32: 5289548.8 | I32: 6314656.2 | J32: 5443545.3 | K32: 4246773.4 | L32: 5139731.7 | M32: =COUNTIF(F32:L32,">0") -> 6 | N32: =IFERROR(ROUND(AVERAGEIF(F32:L32,">0"),0),0) -> 5382716 | O32: =IFERROR(ROUND(+N32*E32,0),0) -> 5382716 | P32: {=IFERROR(_xlfn.STDEV.P(IF((F32:L32<>0)*(F32:L32<>""), F32:L32)), 0)} -> 640319.19 | Q32: =IFERROR(P32/N32*100,0) -> 11.895838 | R32: =IFERROR(100-Q32,0) -> 88.104162 | S32: =IF(R32>70,"ALTO","BAJO") -> ALTO
B33: 24 | C33: SERVICIO DE BALANCEO DINÁMICO EN CAMPO, DE ROTOR DE EXHAUSTOR EN ACERO D=900 MM, SE ENTREGA REPORTE TÉCNICO Y DE NORMATIVIDAD, INCLUYENDO UN ANÁLISIS DE LAS CONDICIONES DEL EQUIPO BASADO EN GRAFICAS DE TIEMPO Y FRECUENCIA. | D33: UND | E33: 1 | F33: 6331082.3 | H33: 5663149.7 | I33: 6814514.3 | J33: 5874447.7 | K33: 4499244.8 | L33: 5445337.6 | M33: =COUNTIF(F33:L33,">0") -> 6 | N33: =IFERROR(ROUND(AVERAGEIF(F33:L33,">0"),0),0) -> 5771296 | O33: =IFERROR(ROUND(+N33*E33,0),0) -> 5771296 | P33: {=IFERROR(_xlfn.STDEV.P(IF((F33:L33<>0)*(F33:L33<>""), F33:L33)), 0)} -> 724380.68 | Q33: =IFERROR(P33/N33*100,0) -> 12.551439 | R33: =IFERROR(100-Q33,0) -> 87.448561 | S33: =IF(R33>70,"ALTO","BAJO") -> ALTO
B34: 25 | C34: ABRAZADERA PLASTICA 15 CM PAQUETE 100 UN | D34: UND | E34: 1 | F34: 52089.8 | G34: 68062.463 | H34: 36913.037 | I34: 46089.29 | J34: 31633.775 | K34: 0 | L34: 0 | M34: =COUNTIF(F34:L34,">0") -> 5 | N34: =IFERROR(ROUND(AVERAGEIF(F34:L34,">0"),0),0) -> 46958 | O34: =IFERROR(ROUND(+N34*E34,0),0) -> 46958 | P34: {=IFERROR(_xlfn.STDEV.P(IF((F34:L34<>0)*(F34:L34<>""), F34:L34)), 0)} -> 12713.942 | Q34: =IFERROR(P34/N34*100,0) -> 27.075134 | R34: =IFERROR(100-Q34,0) -> 72.924866 | S34: =IF(R34>70,"ALTO","BAJO") -> ALTO
B35: 26 | C35: ABRAZADERA PLASTICA 30 CM PAQUETE 100 UN | D35: UND | E35: 1 | F35: 54739.2 | G35: 43883.724 | H35: 43938.01 | I35: 52882.694 | J35: 41065.853 | K35: 39694.927 | L35: 40980.132 | M35: =COUNTIF(F35:L35,">0") -> 7 | N35: =IFERROR(ROUND(AVERAGEIF(F35:L35,">0"),0),0) -> 45312 | O35: =IFERROR(ROUND(+N35*E35,0),0) -> 45312 | P35: {=IFERROR(_xlfn.STDEV.P(IF((F35:L35<>0)*(F35:L35<>""), F35:L35)), 0)} -> 5586.4849 | Q35: =IFERROR(P35/N35*100,0) -> 12.32893 | R35: =IFERROR(100-Q35,0) -> 87.67107 | S35: =IF(R35>70,"ALTO","BAJO") -> ALTO
B36: 27 | C36: ABRAZADERAS INOXIDABLE 2", TORNILLO Y TUERCA , Paquete de 5 Und | D36: UND | E36: 1 | F36: 76824.57 | G36: 72867.969 | H36: 64246.567 | I36: 70517.171 | J36: 55856.632 | K36: 0 | L36: 0 | M36: =COUNTIF(F36:L36,">0") -> 5 | N36: =IFERROR(ROUND(AVERAGEIF(F36:L36,">0"),0),0) -> 68063 | O36: =IFERROR(ROUND(+N36*E36,0),0) -> 68063 | P36: {=IFERROR(_xlfn.STDEV.P(IF((F36:L36<>0)*(F36:L36<>""), F36:L36)), 0)} -> 7340.7953 | Q36: =IFERROR(P36/N36*100,0) -> 10.785295 | R36: =IFERROR(100-Q36,0) -> 89.214705 | S36: =IF(R36>70,"ALTO","BAJO") -> ALTO
B37: 28 | C37: ACEITE DE TRANSFERENCIA TERMICA, VISCOSIDAD CST, 40 °C - 46 , RANGO MÁXIMO DE TEMP. 315°C, CANECA 55 GALONES | D37: UND | E37: 1 | F37: 5928776.2 | G37: 5645594.9 | H37: 4879035 | I37: 5819673 | J37: 5016845.3 | K37: 3832165.7 | L37: 4881675.7 | M37: =COUNTIF(F37:L37,">0") -> 7 | N37: =IFERROR(ROUND(AVERAGEIF(F37:L37,">0"),0),0) -> 5143395 | O37: =IFERROR(ROUND(+N37*E37,0),0) -> 5143395 | P37: {=IFERROR(_xlfn.STDEV.P(IF((F37:L37<>0)*(F37:L37<>""), F37:L37)), 0)} -> 676134.02 | Q37: =IFERROR(P37/N37*100,0) -> 13.145676 | R37: =IFERROR(100-Q37,0) -> 86.854324 | S37: =IF(R37>70,"ALTO","BAJO") -> ALTO
B38: 29 | C38: ACEITE GEAR 630 PARA REDUCTORES POR 55 GALONES | D38: UND | E38: 1 | F38: 11261788 | G38: 12490714 | H38: 9121862.9 | I38: 9661264.9 | J38: 6627357.1 | K38: 0 | L38: 0 | M38: =COUNTIF(F38:L38,">0") -> 5 | N38: =IFERROR(ROUND(AVERAGEIF(F38:L38,">0"),0),0) -> 9832597 | O38: =IFERROR(ROUND(+N38*E38,0),0) -> 9832597 | P38: {=IFERROR(_xlfn.STDEV.P(IF((F38:L38<>0)*(F38:L38<>""), F38:L38)), 0)} -> 1995807.3 | Q38: =IFERROR(P38/N38*100,0) -> 20.297865 | R38: =IFERROR(100-Q38,0) -> 79.702135 | S38: =IF(R38>70,"ALTO","BAJO") -> ALTO
B39: 30 | C39: ACEITE HIDRAULICO ISO 68 ( POR CANECA X 55 GAL ONES) | D39: UND | E39: 1 | F39: 9956283.8 | G39: 12169365 | H39: 8193417 | I39: 8673155.8 | J39: 6101069.6 | K39: 0 | L39: 5095018.7 | M39: =COUNTIF(F39:L39,">0") -> 6 | N39: =IFERROR(ROUND(AVERAGEIF(F39:L39,">0"),0),0) -> 8364718 | O39: =IFERROR(ROUND(+N39*E39,0),0) -> 8364718 | P39: {=IFERROR(_xlfn.STDEV.P(IF((F39:L39<>0)*(F39:L39<>""), F39:L39)), 0)} -> 2343357.1 | Q39: =IFERROR(P39/N39*100,0) -> 28.014777 | R39: =IFERROR(100-Q39,0) -> 71.985223 | S39: =IF(R39>70,"ALTO","BAJO") -> ALTO
B40: 31 | C40: ACEITE SINTETICO PARA COMPRESORES DE AIRE | D40: GALON | E40: 1 | G40: 784017.3 | H40: 468757.26 | I40: 542135.47 | J40: 391022.7 | K40: 427742.02 | L40: 0 | M40: =COUNTIF(F40:L40,">0") -> 5 | N40: =IFERROR(ROUND(AVERAGEIF(F40:L40,">0"),0),0) -> 522735 | O40: =IFERROR(ROUND(+N40*E40,0),0) -> 522735 | P40: {=IFERROR(_xlfn.STDEV.P(IF((F40:L40<>0)*(F40:L40<>""), F40:L40)), 0)} -> 139950.14 | Q40: =IFERROR(P40/N40*100,0) -> 26.772675 | R40: =IFERROR(100-Q40,0) -> 73.227325 | S40: =IF(R40>70,"ALTO","BAJO") -> ALTO
B41: 32 | C41: ACETILENO INDUSTRIAL (PROCESO DE OXICORTE) CILINDRO POR 10 KG | D41: KG | E41: 1 | F41: 165567.76 | G41: 166347.96 | H41: 160552.55 | I41: 148456.34 | J41: 115278.96 | K41: 111496.04 | L41: 223804.7 | M41: =COUNTIF(F41:L41,">0") -> 7 | N41: =IFERROR(ROUND(AVERAGEIF(F41:L41,">0"),0),0) -> 155929 | O41: =IFERROR(ROUND(+N41*E41,0),0) -> 155929 | P41: {=IFERROR(_xlfn.STDEV.P(IF((F41:L41<>0)*(F41:L41<>""), F41:L41)), 0)} -> 34872.22 | Q41: =IFERROR(P41/N41*100,0) -> 22.364166 | R41: =IFERROR(100-Q41,0) -> 77.635834 | S41: =IF(R41>70,"ALTO","BAJO") -> ALTO
B42: 33 | C42: ACOPLE DE CADENA CON CARCAZA , REF. 100-20 | D42: UND | E42: 1 | F42: 3056664 | G42: 4518367.8 | H42: 2620187 | I42: 3017665 | J42: 2650958.6 | K42: 2591407.4 | L42: 2587553.2 | M42: =COUNTIF(F42:L42,">0") -> 7 | N42: =IFERROR(ROUND(AVERAGEIF(F42:L42,">0"),0),0) -> 3006115 | O42: =IFERROR(ROUND(+N42*E42,0),0) -> 3006115 | P42: {=IFERROR(_xlfn.STDEV.P(IF((F42:L42<>0)*(F42:L42<>""), F42:L42)), 0)} -> 644964.02 | Q42: =IFERROR(P42/N42*100,0) -> 21.455068 | R42: =IFERROR(100-Q42,0) -> 78.544932 | S42: =IF(R42>70,"ALTO","BAJO") -> ALTO
B43: 34 | C43: ACOPLE DE CADENA CON CARCAZA , REF. 60-22 | D43: UND | E43: 1 | F43: 2089039.5 | G43: 3632317.5 | H43: 2027279.3 | I43: 2016642.4 | J43: 1769156.1 | K43: 2031446.2 | L43: 2273171.3 | M43: =COUNTIF(F43:L43,">0") -> 7 | N43: =IFERROR(ROUND(AVERAGEIF(F43:L43,">0"),0),0) -> 2262722 | O43: =IFERROR(ROUND(+N43*E43,0),0) -> 2262722 | P43: {=IFERROR(_xlfn.STDEV.P(IF((F43:L43<>0)*(F43:L43<>""), F43:L43)), 0)} -> 575592.96 | Q43: =IFERROR(P43/N43*100,0) -> 25.438077 | R43: =IFERROR(100-Q43,0) -> 74.561923 | S43: =IF(R43>70,"ALTO","BAJO") -> ALTO
B44: 35 | C44: ACOPLE DE CADENA, CON CARCAZA , REF. 80-18 | D44: UND | E44: 1 | F44: 2578599.5 | G44: 2350038.1 | H44: 1881159.9 | I44: 2264306.5 | J44: 1636618.4 | K44: 1701190.3 | L44: 1729552.2 | M44: =COUNTIF(F44:L44,">0") -> 7 | N44: =IFERROR(ROUND(AVERAGEIF(F44:L44,">0"),0),0) -> 2020209 | O44: =IFERROR(ROUND(+N44*E44,0),0) -> 2020209 | P44: {=IFERROR(_xlfn.STDEV.P(IF((F44:L44<>0)*(F44:L44<>""), F44:L44)), 0)} -> 344943.36 | Q44: =IFERROR(P44/N44*100,0) -> 17.074637 | R44: =IFERROR(100-Q44,0) -> 82.925363 | S44: =IF(R44>70,"ALTO","BAJO") -> ALTO
B45: 36 | C45: ACOPLE INDUSTRIAL PARA MANGUERA ALTA TEMPERATURA 1/2" | D45: UND | E45: 1 | F45: 491800.86 | G45: 609476.99 | H45: 447682.34 | I45: 479320.76 | J45: 413198.12 | K45: 459702.28 | L45: 479286.61 | M45: =COUNTIF(F45:L45,">0") -> 7 | N45: =IFERROR(ROUND(AVERAGEIF(F45:L45,">0"),0),0) -> 482924 | O45: =IFERROR(ROUND(+N45*E45,0),0) -> 482924 | P45: {=IFERROR(_xlfn.STDEV.P(IF((F45:L45<>0)*(F45:L45<>""), F45:L45)), 0)} -> 57025.799 | Q45: =IFERROR(P45/N45*100,0) -> 11.808442 | R45: =IFERROR(100-Q45,0) -> 88.191558 | S45: =IF(R45>70,"ALTO","BAJO") -> ALTO
B46: 37 | C46: ACOPLE INDUSTRIAL PARA MANGUERA ALTA TEMPERATURA 3/4" | D46: UND | E46: 1 | F46: 304988.76 | G46: 285401.62 | H46: 290450.68 | I46: 287326.61 | J46: 275705.52 | K46: 319748.47 | L46: 333330.72 | M46: =COUNTIF(F46:L46,">0") -> 7 | N46: =IFERROR(ROUND(AVERAGEIF(F46:L46,">0"),0),0) -> 299565 | O46: =IFERROR(ROUND(+N46*E46,0),0) -> 299565 | P46: {=IFERROR(_xlfn.STDEV.P(IF((F46:L46<>0)*(F46:L46<>""), F46:L46)), 0)} -> 19196.87 | Q46: =IFERROR(P46/N46*100,0) -> 6.4082488 | R46: =IFERROR(100-Q46,0) -> 93.591751 | S46: =IF(R46>70,"ALTO","BAJO") -> ALTO
B47: 38 | C47: ACOPLE INDUSTRIAL HEMBRA Y MACHO PARA MANGUERA ALTA TEMPERATURA 1 IN CON EMPAQUE | D47: UND | E47: 1 | F47: 146145 | G47: 151958.64 | H47: 120190.89 | I47: 131291.13 | J47: 100304.22 | K47: 104782.93 | L47: 125086.51 | M47: =COUNTIF(F47:L47,">0") -> 7 | N47: =IFERROR(ROUND(AVERAGEIF(F47:L47,">0"),0),0) -> 125680 | O47: =IFERROR(ROUND(+N47*E47,0),0) -> 125680 | P47: {=IFERROR(_xlfn.STDEV.P(IF((F47:L47<>0)*(F47:L47<>""), F47:L47)), 0)} -> 17936.269 | Q47: =IFERROR(P47/N47*100,0) -> 14.271379 | R47: =IFERROR(100-Q47,0) -> 85.728621 | S47: =IF(R47>70,"ALTO","BAJO") -> ALTO
B48: 39 | C48: ACOPLE INDUSTRIAL HEMBRA Y MACHO PARA MANGUERA ALTA TEMPERATURA 2 IN CON EMPAQUE | D48: UND | E48: 1 | F48: 569260.5 | G48: 681029.56 | H48: 390333.02 | I48: 494718.05 | J48: 356978.35 | K48: 353168.1 | L48: 333338.44 | M48: =COUNTIF(F48:L48,">0") -> 7 | N48: =IFERROR(ROUND(AVERAGEIF(F48:L48,">0"),0),0) -> 454118 | O48: =IFERROR(ROUND(+N48*E48,0),0) -> 454118 | P48: {=IFERROR(_xlfn.STDEV.P(IF((F48:L48<>0)*(F48:L48<>""), F48:L48)), 0)} -> 122286.69 | Q48: =IFERROR(P48/N48*100,0) -> 26.928394 | R48: =IFERROR(100-Q48,0) -> 73.071606 | S48: =IF(R48>70,"ALTO","BAJO") -> ALTO
B49: 40 | C49: ACOPLE RAPIDO HEMBRA INDUSTRIAL PARA ALTA TEMPERATURA 4" CON EMPAQUE | D49: UND | E49: 1 | F49: 690914.49 | H49: 476931.77 | I49: 598068.37 | J49: 416551.19 | K49: 400013.95 | L49: 416551.77 | M49: =COUNTIF(F49:L49,">0") -> 6 | N49: =IFERROR(ROUND(AVERAGEIF(F49:L49,">0"),0),0) -> 499839 | O49: =IFERROR(ROUND(+N49*E49,0),0) -> 499839 | P49: {=IFERROR(_xlfn.STDEV.P(IF((F49:L49<>0)*(F49:L49<>""), F49:L49)), 0)} -> 108414.53 | Q49: =IFERROR(P49/N49*100,0) -> 21.689889 | R49: =IFERROR(100-Q49,0) -> 78.310111 | S49: =IF(R49>70,"ALTO","BAJO") -> ALTO
B50: 41 | C50: ACOPLE RAPIDO MACHO INDUSTRIAL PARA ALTA TEMPERATURA 4" CON EMPAQUE | D50: UND | E50: 1 | F50: 540268.8 | G50: 601221.27 | H50: 434143.3 | I50: 399672.6 | J50: 481370.45 | K50: 490203.16 | L50: 511109.06 | M50: =COUNTIF(F50:L50,">0") -> 7 | N50: =IFERROR(ROUND(AVERAGEIF(F50:L50,">0"),0),0) -> 493998 | O50: =IFERROR(ROUND(+N50*E50,0),0) -> 493998 | P50: {=IFERROR(_xlfn.STDEV.P(IF((F50:L50<>0)*(F50:L50<>""), F50:L50)), 0)} -> 61625.977 | Q50: =IFERROR(P50/N50*100,0) -> 12.474945 | R50: =IFERROR(100-Q50,0) -> 87.525055 | S50: =IF(R50>70,"ALTO","BAJO") -> ALTO
B51: 42 | C51: ANGULO EN ACERO A36, DE 1 1/2"X3/16", LONG 6M. | D51: UND | E51: 1 | F51: 163213.65 | G51: 232405.99 | H51: 124278.15 | I51: 174298.56 | J51: 0 | K51: 0 | L51: 101340.19 | M51: =COUNTIF(F51:L51,">0") -> 5 | N51: =IFERROR(ROUND(AVERAGEIF(F51:L51,">0"),0),0) -> 159107 | O51: =IFERROR(ROUND(+N51*E51,0),0) -> 159107 | P51: {=IFERROR(_xlfn.STDEV.P(IF((F51:L51<>0)*(F51:L51<>""), F51:L51)), 0)} -> 45100.872 | Q51: =IFERROR(P51/N51*100,0) -> 28.346253 | R51: =IFERROR(100-Q51,0) -> 71.653747 | S51: =IF(R51>70,"ALTO","BAJO") -> ALTO
B52: 43 | C52: ANGULO EN ACERO A36, DE 2 1/2"X 3/16" , LONG 6M. | D52: UND | E52: 1 | F52: 382596.48 | G52: 447083.65 | H52: 364404.48 | I52: 376905.69 | J52: 0 | K52: 0 | L52: 0 | M52: =COUNTIF(F52:L52,">0") -> 4 | N52: =IFERROR(ROUND(AVERAGEIF(F52:L52,">0"),0),0) -> 392748 | O52: =IFERROR(ROUND(+N52*E52,0),0) -> 392748 | P52: {=IFERROR(_xlfn.STDEV.P(IF((F52:L52<>0)*(F52:L52<>""), F52:L52)), 0)} -> 32053.665 | Q52: =IFERROR(P52/N52*100,0) -> 8.161382 | R52: =IFERROR(100-Q52,0) -> 91.838618 | S52: =IF(R52>70,"ALTO","BAJO") -> ALTO
B53: 44 | C53: ANGULO EN ACERO A36, DE 1"X3/16", LONG 6M. | D53: UND | E53: 1 | F53: 112378.25 | G53: 112015.59 | H53: 0 | I53: 139841.54 | J53: 0 | K53: 0 | L53: 67708.454 | M53: =COUNTIF(F53:L53,">0") -> 4 | N53: =IFERROR(ROUND(AVERAGEIF(F53:L53,">0"),0),0) -> 107986 | O53: =IFERROR(ROUND(+N53*E53,0),0) -> 107986 | P53: {=IFERROR(_xlfn.STDEV.P(IF((F53:L53<>0)*(F53:L53<>""), F53:L53)), 0)} -> 25848.528 | Q53: =IFERROR(P53/N53*100,0) -> 23.936925 | R53: =IFERROR(100-Q53,0) -> 76.063075 | S53: =IF(R53>70,"ALTO","BAJO") -> ALTO
B54: 45 | C54: ANGULO EN ACERO A36, DE 2"X1/4", LONG 6M. | D54: UND | E54: 1 | F54: 297574.2 | G54: 191328.21 | H54: 161063.46 | I54: 0 | J54: 0 | K54: 174103.12 | L54: 174848.87 | M54: =COUNTIF(F54:L54,">0") -> 5 | N54: =IFERROR(ROUND(AVERAGEIF(F54:L54,">0"),0),0) -> 199784 | O54: =IFERROR(ROUND(+N54*E54,0),0) -> 199784 | P54: {=IFERROR(_xlfn.STDEV.P(IF((F54:L54<>0)*(F54:L54<>""), F54:L54)), 0)} -> 49829.654 | Q54: =IFERROR(P54/N54*100,0) -> 24.941764 | R54: =IFERROR(100-Q54,0) -> 75.058236 | S54: =IF(R54>70,"ALTO","BAJO") -> ALTO
B55: 46 | C55: ANGULO EN ACERO A36, DE 2"X3/16", LONG 6M. | D55: UND | E55: 1 | F55: 217539 | G55: 206863.5 | H55: 124278.15 | I55: 0 | J55: 0 | K55: 133824.44 | L55: 134925.57 | M55: =COUNTIF(F55:L55,">0") -> 5 | N55: =IFERROR(ROUND(AVERAGEIF(F55:L55,">0"),0),0) -> 163486 | O55: =IFERROR(ROUND(+N55*E55,0),0) -> 163486 | P55: {=IFERROR(_xlfn.STDEV.P(IF((F55:L55<>0)*(F55:L55<>""), F55:L55)), 0)} -> 40090.137 | Q55: =IFERROR(P55/N55*100,0) -> 24.522061 | R55: =IFERROR(100-Q55,0) -> 75.477939 | S55: =IF(R55>70,"ALTO","BAJO") -> ALTO
B56: 47 | C56: ANGULO EN ACERO A36, DE 3"X1/4", LONG 6M. | D56: UND | E56: 1 | F56: 425979.2 | G56: 335426.55 | H56: 257752.63 | I56: 0 | J56: 0 | K56: 280345.42 | L56: 279826.18 | M56: =COUNTIF(F56:L56,">0") -> 5 | N56: =IFERROR(ROUND(AVERAGEIF(F56:L56,">0"),0),0) -> 315866 | O56: =IFERROR(ROUND(+N56*E56,0),0) -> 315866 | P56: {=IFERROR(_xlfn.STDEV.P(IF((F56:L56<>0)*(F56:L56<>""), F56:L56)), 0)} -> 60737.594 | Q56: =IFERROR(P56/N56*100,0) -> 19.228912 | R56: =IFERROR(100-Q56,0) -> 80.771088 | S56: =IF(R56>70,"ALTO","BAJO") -> ALTO
B57: 48 | C57: ANGULO EN ACERO A36, DE 3"X3/8", LONG 6M. | D57: UND | E57: 1 | F57: 574685.46 | G57: 656255 | H57: 339753.22 | I57: 0 | J57: 0 | K57: 379144.93 | L57: 368977.24 | M57: =COUNTIF(F57:L57,">0") -> 5 | N57: =IFERROR(ROUND(AVERAGEIF(F57:L57,">0"),0),0) -> 463763 | O57: =IFERROR(ROUND(+N57*E57,0),0) -> 463763 | P57: {=IFERROR(_xlfn.STDEV.P(IF((F57:L57<>0)*(F57:L57<>""), F57:L57)), 0)} -> 127184.86 | Q57: =IFERROR(P57/N57*100,0) -> 27.424539 | R57: =IFERROR(100-Q57,0) -> 72.575461 | S57: =IF(R57>70,"ALTO","BAJO") -> ALTO
B58: 49 | C58: ANGULO EN ACERO A36, DE 1 1/2" x 1/4, LONG 6M. | D58: UND | E58: 1 | F58: 286797.24 | G58: 489471.92 | H58: 273079.84 | I58: 282531.4 | J58: 0 | K58: 0 | L58: 0 | M58: =COUNTIF(F58:L58,">0") -> 4 | N58: =IFERROR(ROUND(AVERAGEIF(F58:L58,">0"),0),0) -> 332970 | O58: =IFERROR(ROUND(+N58*E58,0),0) -> 332970 | P58: {=IFERROR(_xlfn.STDEV.P(IF((F58:L58<>0)*(F58:L58<>""), F58:L58)), 0)} -> 90492.623 | Q58: =IFERROR(P58/N58*100,0) -> 27.17741 | R58: =IFERROR(100-Q58,0) -> 72.82259 | S58: =IF(R58>70,"ALTO","BAJO") -> ALTO
B59: 50 | C59: BANDA 4 LONAS DE 18" EN CAUCHO | D59: METRO | E59: 1 | F59: 361336.64 | G59: 511815.84 | H59: 331834.16 | I59: 361588.07 | J59: 311706.52 | K59: 0 | L59: 0 | M59: =COUNTIF(F59:L59,">0") -> 5 | N59: =IFERROR(ROUND(AVERAGEIF(F59:L59,">0"),0),0) -> 375656 | O59: =IFERROR(ROUND(+N59*E59,0),0) -> 375656 | P59: {=IFERROR(_xlfn.STDEV.P(IF((F59:L59<>0)*(F59:L59<>""), F59:L59)), 0)} -> 70643.249 | Q59: =IFERROR(P59/N59*100,0) -> 18.805303 | R59: =IFERROR(100-Q59,0) -> 81.194697 | S59: =IF(R59>70,"ALTO","BAJO") -> ALTO
B60: 51 | C60: BANDA 4 LONAS DE 22" EN CAUCHO | D60: METRO | E60: 1 | F60: 978726.24 | G60: 920339.53 | H60: 932149.99 | I60: 977379.31 | J60: 984786.1 | K60: 0 | L60: 0 | M60: =COUNTIF(F60:L60,">0") -> 5 | N60: =IFERROR(ROUND(AVERAGEIF(F60:L60,">0"),0),0) -> 958676 | O60: =IFERROR(ROUND(+N60*E60,0),0) -> 958676 | P60: {=IFERROR(_xlfn.STDEV.P(IF((F60:L60<>0)*(F60:L60<>""), F60:L60)), 0)} -> 26858.434 | Q60: =IFERROR(P60/N60*100,0) -> 2.8016175 | R60: =IFERROR(100-Q60,0) -> 97.198383 | S60: =IF(R60>70,"ALTO","BAJO") -> ALTO
B61: 52 | C61: BANDA 4 LONAS DE 24" EN CAUCHO | D61: METRO | E61: 1 | F61: 576652.5 | G61: 537329.08 | H61: 474504.96 | I61: 502841.76 | J61: 337751.05 | K61: 0 | L61: 0 | M61: =COUNTIF(F61:L61,">0") -> 5 | N61: =IFERROR(ROUND(AVERAGEIF(F61:L61,">0"),0),0) -> 485816 | O61: =IFERROR(ROUND(+N61*E61,0),0) -> 485816 | P61: {=IFERROR(_xlfn.STDEV.P(IF((F61:L61<>0)*(F61:L61<>""), F61:L61)), 0)} -> 81542.52 | Q61: =IFERROR(P61/N61*100,0) -> 16.784651 | R61: =IFERROR(100-Q61,0) -> 83.215349 | S61: =IF(R61>70,"ALTO","BAJO") -> ALTO
B62: 53 | C62: BANDA 4 LONAS DE 30" EN CAUCHO | D62: METRO | E62: 1 | F62: 1153476.7 | G62: 1132864 | H62: 1098578 | I62: 1151933.2 | J62: 1159280.7 | K62: 0 | L62: 0 | M62: =COUNTIF(F62:L62,">0") -> 5 | N62: =IFERROR(ROUND(AVERAGEIF(F62:L62,">0"),0),0) -> 1139227 | O62: =IFERROR(ROUND(+N62*E62,0),0) -> 1139227 | P62: {=IFERROR(_xlfn.STDEV.P(IF((F62:L62<>0)*(F62:L62<>""), F62:L62)), 0)} -> 22178.758 | Q62: =IFERROR(P62/N62*100,0) -> 1.9468251 | R62: =IFERROR(100-Q62,0) -> 98.053175 | S62: =IF(R62>70,"ALTO","BAJO") -> ALTO
B63: 54 | C63: BANDA 3 LONAS DE 36" EN CAUCHO | D63: METRO | E63: 1 | F63: 637897.48 | H63: 542200.15 | I63: 573579.38 | J63: 418556.82 | K63: 325731.9 | L63: 331164.52 | M63: =COUNTIF(F63:L63,">0") -> 6 | N63: =IFERROR(ROUND(AVERAGEIF(F63:L63,">0"),0),0) -> 471522 | O63: =IFERROR(ROUND(+N63*E63,0),0) -> 471522 | P63: {=IFERROR(_xlfn.STDEV.P(IF((F63:L63<>0)*(F63:L63<>""), F63:L63)), 0)} -> 120313.62 | Q63: =IFERROR(P63/N63*100,0) -> 25.516013 | R63: =IFERROR(100-Q63,0) -> 74.483987 | S63: =IF(R63>70,"ALTO","BAJO") -> ALTO
B64: 55 | C64: BOMBA CENTRIFUGA AUTOCEBANTE DE 2X2, MOTOR ELECTRICO DE 3 HP CAUDAL 143 GPM, CABEZA 39 METROS | D64: UND | E64: 1 | F64: 6108806.7 | G64: 7791617.8 | H64: 4654746.8 | I64: 5679881.6 | J64: 4408429.7 | K64: 3726215.3 | L64: 4553873.3 | M64: =COUNTIF(F64:L64,">0") -> 7 | N64: =IFERROR(ROUND(AVERAGEIF(F64:L64,">0"),0),0) -> 5274796 | O64: =IFERROR(ROUND(+N64*E64,0),0) -> 5274796 | P64: {=IFERROR(_xlfn.STDEV.P(IF((F64:L64<>0)*(F64:L64<>""), F64:L64)), 0)} -> 1267559.1 | Q64: =IFERROR(P64/N64*100,0) -> 24.030487 | R64: =IFERROR(100-Q64,0) -> 75.969513 | S64: =IF(R64>70,"ALTO","BAJO") -> ALTO
B65: 56 | C65: BOMBA CENTRIFUGA AUTOCEBANTE DE 2X2, MOTOR ELECTRICO DE 5 HP CAUDAL 175 GPM, CABEZA 34 METROS | D65: UND | E65: 1 | F65: 7380980.5 | G65: 5895229.4 | H65: 5542064.7 | I65: 6913678.4 | J65: 5366036.5 | K65: 4337546.4 | L65: 5387874.5 | M65: =COUNTIF(F65:L65,">0") -> 7 | N65: =IFERROR(ROUND(AVERAGEIF(F65:L65,">0"),0),0) -> 5831916 | O65: =IFERROR(ROUND(+N65*E65,0),0) -> 5831916 | P65: {=IFERROR(_xlfn.STDEV.P(IF((F65:L65<>0)*(F65:L65<>""), F65:L65)), 0)} -> 949074 | Q65: =IFERROR(P65/N65*100,0) -> 16.273794 | R65: =IFERROR(100-Q65,0) -> 83.726206 | S65: =IF(R65>70,"ALTO","BAJO") -> ALTO
B66: 57 | C66: BOMBA VIKING G32 CON SOPORTE BRACKET Y VALVULA DE ALIVIO | D66: UND | E66: 1 | F66: 13261316 | G66: 11314918 | H66: 11001362 | I66: 8611703.1 | J66: 6683957.9 | K66: 0 | L66: 0 | M66: =COUNTIF(F66:L66,">0") -> 5 | N66: =IFERROR(ROUND(AVERAGEIF(F66:L66,">0"),0),0) -> 10174652 | O66: =IFERROR(ROUND(+N66*E66,0),0) -> 10174652 | P66: {=IFERROR(_xlfn.STDEV.P(IF((F66:L66<>0)*(F66:L66<>""), F66:L66)), 0)} -> 2286434.2 | Q66: =IFERROR(P66/N66*100,0) -> 22.471867 | R66: =IFERROR(100-Q66,0) -> 77.528133 | S66: =IF(R66>70,"ALTO","BAJO") -> ALTO
B67: 58 | C67: BOMBA VIKING KK224 - ENCHAQUETADA | D67: UND | E67: 1 | F67: 29484851 | G67: 27038261 | H67: 22804977 | I67: 23561510 | J67: 24809980 | K67: 0 | L67: 0 | M67: =COUNTIF(F67:L67,">0") -> 5 | N67: =IFERROR(ROUND(AVERAGEIF(F67:L67,">0"),0),0) -> 25539916 | O67: =IFERROR(ROUND(+N67*E67,0),0) -> 25539916 | P67: {=IFERROR(_xlfn.STDEV.P(IF((F67:L67<>0)*(F67:L67<>""), F67:L67)), 0)} -> 2438620.1 | Q67: =IFERROR(P67/N67*100,0) -> 9.54827 | R67: =IFERROR(100-Q67,0) -> 90.45173 | S67: =IF(R67>70,"ALTO","BAJO") -> ALTO
B68: 59 | C68: Mantenimiento correctivo - BOMBA VIKING KK224 - ENCHAQUETADA - Cambio de bujes; Cambio de rodamientos; rectificacion de eje y cambio de empaquetadura por desgaste. | D68: UND | E68: 1 | H68: 14748227 | I68: 15253591 | J68: 0 | K68: 0 | L68: 0 | M68: =COUNTIF(F68:L68,">0") -> 2 | N68: =IFERROR(ROUND(AVERAGEIF(F68:L68,">0"),0),0) -> 15000909 | O68: =IFERROR(ROUND(+N68*E68,0),0) -> 15000909 | P68: {=IFERROR(_xlfn.STDEV.P(IF((F68:L68<>0)*(F68:L68<>""), F68:L68)), 0)} -> 252681.73 | Q68: =IFERROR(P68/N68*100,0) -> 1.6844428 | R68: =IFERROR(100-Q68,0) -> 98.315557 | S68: =IF(R68>70,"ALTO","BAJO") -> ALTO
B69: 60 | C69: BOMBA VIKING LQ34 - ENCHAQUETADA CARCAZA EN ACERO ENCAMISADA PARA ALTAS TEMPERATURAS. SALIDA EN FLANCHE CLASS 125 ANSI 2 1/2". ORIENTADA A 90º. BUJES EN BRONCE. EJE EN ACERO. PASADOR DEL TENSOR EN ACERO REFORZADO. | D69: UND | E69: 1 | F69: 49988449 | H69: 40066867 | I69: 0 | J69: 0 | K69: 0 | L69: 30192569 | M69: =COUNTIF(F69:L69,">0") -> 3 | N69: =IFERROR(ROUND(AVERAGEIF(F69:L69,">0"),0),0) -> 40082628 | O69: =IFERROR(ROUND(+N69*E69,0),0) -> 40082628 | P69: {=IFERROR(_xlfn.STDEV.P(IF((F69:L69<>0)*(F69:L69<>""), F69:L69)), 0)} -> 8081641.9 | Q69: =IFERROR(P69/N69*100,0) -> 20.162455 | R69: =IFERROR(100-Q69,0) -> 79.837545 | S69: =IF(R69>70,"ALTO","BAJO") -> ALTO
B70: 61 | C70: BOMBA ZIHI ZTND 050160 0AA-002 | D70: UND | E70: 1 | F70: 38055965 | G70: 31554577 | H70: 31318094 | I70: 34476006 | J70: 0 | K70: 0 | L70: 0 | M70: =COUNTIF(F70:L70,">0") -> 4 | N70: =IFERROR(ROUND(AVERAGEIF(F70:L70,">0"),0),0) -> 33851160 | O70: =IFERROR(ROUND(+N70*E70,0),0) -> 33851160 | P70: {=IFERROR(_xlfn.STDEV.P(IF((F70:L70<>0)*(F70:L70<>""), F70:L70)), 0)} -> 2727706.7 | Q70: =IFERROR(P70/N70*100,0) -> 8.0579417 | R70: =IFERROR(100-Q70,0) -> 91.942058 | S70: =IF(R70>70,"ALTO","BAJO") -> ALTO
B71: 62 | C71: Mantenimiento correctivo - BOMBA ZIHI ZTND 050160 0AA-002 - Cambio de bujes; Cambio de rodamientos; rectificacion de eje y cambio de empaquetadura por desgaste. | D71: UND | E71: 1 | F71: 18068400 | H71: 0 | I71: 18911968 | J71: 0 | K71: 0 | L71: 0 | M71: =COUNTIF(F71:L71,">0") -> 2 | N71: =IFERROR(ROUND(AVERAGEIF(F71:L71,">0"),0),0) -> 18490184 | O71: =IFERROR(ROUND(+N71*E71,0),0) -> 18490184 | P71: {=IFERROR(_xlfn.STDEV.P(IF((F71:L71<>0)*(F71:L71<>""), F71:L71)), 0)} -> 421784.07 | Q71: =IFERROR(P71/N71*100,0) -> 2.2811242 | R71: =IFERROR(100-Q71,0) -> 97.718876 | S71: =IF(R71>70,"ALTO","BAJO") -> ALTO
B72: 63 | C72: BOMBA ZIHI ZTND 032125…200-500 CAUDAL MX 1000 M2 X H VELOCIDAD 3600RPM TEM 350°C BRIDAS DIN EN 1092-2 PN 16 / 25 1) | D72: UND | E72: 1 | F72: 46119094 | H72: 38570803 | I72: 39542706 | J72: 30690831 | K72: 0 | L72: 0 | M72: =COUNTIF(F72:L72,">0") -> 4 | N72: =IFERROR(ROUND(AVERAGEIF(F72:L72,">0"),0),0) -> 38730858 | O72: =IFERROR(ROUND(+N72*E72,0),0) -> 38730858 | P72: {=IFERROR(_xlfn.STDEV.P(IF((F72:L72<>0)*(F72:L72<>""), F72:L72)), 0)} -> 5475234.4 | Q72: =IFERROR(P72/N72*100,0) -> 14.136621 | R72: =IFERROR(100-Q72,0) -> 85.863379 | S72: =IF(R72>70,"ALTO","BAJO") -> ALTO
B73: 64 | C73: Mantenimiento correctivo - BOMBA ZIHI ZTND 032125 - Cambio de bujes; Cambio de rodamientos; rectificacion de eje y cambio de empaquetadura por desgaste. | D73: UND | E73: 1 | F73: 18152087 | H73: 0 | I73: 18999563 | J73: 0 | K73: 0 | L73: 0 | M73: =COUNTIF(F73:L73,">0") -> 2 | N73: =IFERROR(ROUND(AVERAGEIF(F73:L73,">0"),0),0) -> 18575825 | O73: =IFERROR(ROUND(+N73*E73,0),0) -> 18575825 | P73: {=IFERROR(_xlfn.STDEV.P(IF((F73:L73<>0)*(F73:L73<>""), F73:L73)), 0)} -> 423738.09 | Q73: =IFERROR(P73/N73*100,0) -> 2.2811266 | R73: =IFERROR(100-Q73,0) -> 97.718873 | S73: =IF(R73>70,"ALTO","BAJO") -> ALTO
B74: 65 | C74: BOQUILLA OXICORTE ACETILENO | D74: UND | E74: 1 | F74: 166574.36 | H74: 130792.22 | I74: 159476.39 | J74: 123819.91 | K74: 0 | L74: 0 | M74: =COUNTIF(F74:L74,">0") -> 4 | N74: =IFERROR(ROUND(AVERAGEIF(F74:L74,">0"),0),0) -> 145166 | O74: =IFERROR(ROUND(+N74*E74,0),0) -> 145166 | P74: {=IFERROR(_xlfn.STDEV.P(IF((F74:L74<>0)*(F74:L74<>""), F74:L74)), 0)} -> 18202.789 | Q74: =IFERROR(P74/N74*100,0) -> 12.539292 | R74: =IFERROR(100-Q74,0) -> 87.460708 | S74: =IF(R74>70,"ALTO","BAJO") -> ALTO
B75: 66 | C75: BOQUILLA OXICORTE OXIGENO | D75: UND | E75: 1 | F75: 178367.15 | G75: 208917.79 | H75: 133857.66 | I75: 161512.77 | J75: 118500.63 | K75: 114414.79 | L75: 125485.14 | M75: =COUNTIF(F75:L75,">0") -> 7 | N75: =IFERROR(ROUND(AVERAGEIF(F75:L75,">0"),0),0) -> 148722 | O75: =IFERROR(ROUND(+N75*E75,0),0) -> 148722 | P75: {=IFERROR(_xlfn.STDEV.P(IF((F75:L75<>0)*(F75:L75<>""), F75:L75)), 0)} -> 32770.168 | Q75: =IFERROR(P75/N75*100,0) -> 22.034513 | R75: =IFERROR(100-Q75,0) -> 77.965487 | S75: =IF(R75>70,"ALTO","BAJO") -> ALTO
B76: 67 | C76: CADENA ACODADA, REX S102B - PASO 4" PULGADAS.CON ADITAMENTO K-2M | D76: METRO | E76: 1 | F76: 3856205.6 | G76: 4221751.7 | H76: 3051392.6 | I76: 3592113.1 | J76: 2788052.2 | K76: 2463274.5 | L76: 0 | M76: =COUNTIF(F76:L76,">0") -> 6 | N76: =IFERROR(ROUND(AVERAGEIF(F76:L76,">0"),0),0) -> 3328798 | O76: =IFERROR(ROUND(+N76*E76,0),0) -> 3328798 | P76: {=IFERROR(_xlfn.STDEV.P(IF((F76:L76<>0)*(F76:L76<>""), F76:L76)), 0)} -> 614186.54 | Q76: =IFERROR(P76/N76*100,0) -> 18.4507 | R76: =IFERROR(100-Q76,0) -> 81.5493 | S76: =IF(R76>70,"ALTO","BAJO") -> ALTO
B77: 68 | C77: CADENA DE RODILLOS DOBLE, PASO 1 3/4", REF 140-2 | D77: METRO | E77: 1 | F77: 2297421.6 | G77: 3422807.8 | H77: 1831985.1 | I77: 2181578.7 | J77: 1693262.3 | K77: 1634934.8 | L77: 1749927.2 | M77: =COUNTIF(F77:L77,">0") -> 7 | N77: =IFERROR(ROUND(AVERAGEIF(F77:L77,">0"),0),0) -> 2115988 | O77: =IFERROR(ROUND(+N77*E77,0),0) -> 2115988 | P77: {=IFERROR(_xlfn.STDEV.P(IF((F77:L77<>0)*(F77:L77<>""), F77:L77)), 0)} -> 581840.15 | Q77: =IFERROR(P77/N77*100,0) -> 27.497327 | R77: =IFERROR(100-Q77,0) -> 72.502673 | S77: =IF(R77>70,"ALTO","BAJO") -> ALTO
B78: 69 | C78: CADENA DE RODILLOS PASO 1 1/2", REF 120. | D78: METRO | E78: 1 | F78: 1308795 | G78: 1082828.4 | H78: 1076992.1 | I78: 1201690.4 | J78: 932716.16 | K78: 1039510.9 | L78: 1111240.9 | M78: =COUNTIF(F78:L78,">0") -> 7 | N78: =IFERROR(ROUND(AVERAGEIF(F78:L78,">0"),0),0) -> 1107682 | O78: =IFERROR(ROUND(+N78*E78,0),0) -> 1107682 | P78: {=IFERROR(_xlfn.STDEV.P(IF((F78:L78<>0)*(F78:L78<>""), F78:L78)), 0)} -> 110916.06 | Q78: =IFERROR(P78/N78*100,0) -> 10.013348 | R78: =IFERROR(100-Q78,0) -> 89.986652 | S78: =IF(R78>70,"ALTO","BAJO") -> ALTO
B79: 70 | C79: CADENA DE RODILLOS PASO 1 1/4", REF 100. | D79: METRO | E79: 1 | F79: 660430.7 | G79: 882378.14 | H79: 488682.63 | I79: 624032.82 | J79: 484390.24 | K79: 395489.89 | L79: 422789.25 | M79: =COUNTIF(F79:L79,">0") -> 7 | N79: =IFERROR(ROUND(AVERAGEIF(F79:L79,">0"),0),0) -> 565456 | O79: =IFERROR(ROUND(+N79*E79,0),0) -> 565456 | P79: {=IFERROR(_xlfn.STDEV.P(IF((F79:L79<>0)*(F79:L79<>""), F79:L79)), 0)} -> 157932.7 | Q79: =IFERROR(P79/N79*100,0) -> 27.930149 | R79: =IFERROR(100-Q79,0) -> 72.069851 | S79: =IF(R79>70,"ALTO","BAJO") -> ALTO
B80: 71 | C80: CADENA DE RODILLOS PASO 1", REF. 80 | D80: METRO | E80: 1 | F80: 184005.9 | G80: 220049.57 | H80: 145480.79 | I80: 178892.97 | J80: 138906.94 | K80: 114706.66 | L80: 129411.19 | M80: =COUNTIF(F80:L80,">0") -> 7 | N80: =IFERROR(ROUND(AVERAGEIF(F80:L80,">0"),0),0) -> 158779 | O80: =IFERROR(ROUND(+N80*E80,0),0) -> 158779 | P80: {=IFERROR(_xlfn.STDEV.P(IF((F80:L80<>0)*(F80:L80<>""), F80:L80)), 0)} -> 34166.883 | Q80: =IFERROR(P80/N80*100,0) -> 21.518515 | R80: =IFERROR(100-Q80,0) -> 78.481485 | S80: =IF(R80>70,"ALTO","BAJO") -> ALTO
B81: 72 | C81: CADENA DE RODILLOS PASO 2", REF 160 | D81: METRO | E81: 1 | F81: 774462.6 | G81: 872787.76 | H81: 590097.69 | I81: 882609.96 | J81: 629027.38 | K81: 480133.49 | L81: 552277.69 | M81: =COUNTIF(F81:L81,">0") -> 7 | N81: =IFERROR(ROUND(AVERAGEIF(F81:L81,">0"),0),0) -> 683057 | O81: =IFERROR(ROUND(+N81*E81,0),0) -> 683057 | P81: {=IFERROR(_xlfn.STDEV.P(IF((F81:L81<>0)*(F81:L81<>""), F81:L81)), 0)} -> 148331.65 | Q81: =IFERROR(P81/N81*100,0) -> 21.715852 | R81: =IFERROR(100-Q81,0) -> 78.284148 | S81: =IF(R81>70,"ALTO","BAJO") -> ALTO
B82: 73 | C82: CADENA DE RODILLOS PASO 3/4", REF. 60 | D82: METRO | E82: 1 | F82: 128019.52 | G82: 155653.1 | H82: 96816.894 | I82: 123467.53 | J82: 95840.233 | K82: 74573.925 | L82: 81733.137 | M82: =COUNTIF(F82:L82,">0") -> 7 | N82: =IFERROR(ROUND(AVERAGEIF(F82:L82,">0"),0),0) -> 108015 | O82: =IFERROR(ROUND(+N82*E82,0),0) -> 108015 | P82: {=IFERROR(_xlfn.STDEV.P(IF((F82:L82<>0)*(F82:L82<>""), F82:L82)), 0)} -> 26702.098 | Q82: =IFERROR(P82/N82*100,0) -> 24.720731 | R82: =IFERROR(100-Q82,0) -> 75.279269 | S82: =IF(R82>70,"ALTO","BAJO") -> ALTO
B83: 74 | C83: CADENA DE RODILLOS TRT2510 | D83: METRO | E83: 1 | F83: 5053881.6 | G83: 5174477.9 | H83: 4061583.7 | I83: 5008078.9 | J83: 4317211.1 | K83: 3523362.6 | L83: 3590783.8 | M83: =COUNTIF(F83:L83,">0") -> 7 | N83: =IFERROR(ROUND(AVERAGEIF(F83:L83,">0"),0),0) -> 4389911 | O83: =IFERROR(ROUND(+N83*E83,0),0) -> 4389911 | P83: {=IFERROR(_xlfn.STDEV.P(IF((F83:L83<>0)*(F83:L83<>""), F83:L83)), 0)} -> 648198.42 | Q83: =IFERROR(P83/N83*100,0) -> 14.765639 | R83: =IFERROR(100-Q83,0) -> 85.234361 | S83: =IF(R83>70,"ALTO","BAJO") -> ALTO
B84: 75 | C84: CADENA TS856, PASO 6", CON ADITAMENTO K-2M, CADA 2 PIES. | D84: METRO | E84: 1 | F84: 5611771.7 | G84: 6536393.2 | H84: 4693192.5 | I84: 5996930.1 | J84: 4654501.1 | K84: 3941326.8 | L84: 3955547.6 | M84: =COUNTIF(F84:L84,">0") -> 7 | N84: =IFERROR(ROUND(AVERAGEIF(F84:L84,">0"),0),0) -> 5055666 | O84: =IFERROR(ROUND(+N84*E84,0),0) -> 5055666 | P84: {=IFERROR(_xlfn.STDEV.P(IF((F84:L84<>0)*(F84:L84<>""), F84:L84)), 0)} -> 935957.65 | Q84: =IFERROR(P84/N84*100,0) -> 18.513044 | R84: =IFERROR(100-Q84,0) -> 81.486956 | S84: =IF(R84>70,"ALTO","BAJO") -> ALTO
B85: 76 | C85: CHUMACERA SNL 520-617, PARA EJE 75MM. | D85: UND | E85: 1 | F85: 1433998.8 | G85: 1369688.3 | H85: 1143410.1 | I85: 1211653 | J85: 814514.16 | K85: 0 | L85: 0 | M85: =COUNTIF(F85:L85,">0") -> 5 | N85: =IFERROR(ROUND(AVERAGEIF(F85:L85,">0"),0),0) -> 1194653 | O85: =IFERROR(ROUND(+N85*E85,0),0) -> 1194653 | P85: {=IFERROR(_xlfn.STDEV.P(IF((F85:L85<>0)*(F85:L85<>""), F85:L85)), 0)} -> 216953.52 | Q85: =IFERROR(P85/N85*100,0) -> 18.16038 | R85: =IFERROR(100-Q85,0) -> 81.83962 | S85: =IF(R85>70,"ALTO","BAJO") -> ALTO
B86: 77 | C86: CHUMACERA SNL 524-620, Según foto | D86: UND | E86: 1 | F86: 1411550 | H86: 1146347.8 | I86: 1460078.8 | J86: 1399633.9 | K86: 960996.66 | L86: 962510.09 | M86: =COUNTIF(F86:L86,">0") -> 6 | N86: =IFERROR(ROUND(AVERAGEIF(F86:L86,">0"),0),0) -> 1223520 | O86: =IFERROR(ROUND(+N86*E86,0),0) -> 1223520 | P86: {=IFERROR(_xlfn.STDEV.P(IF((F86:L86<>0)*(F86:L86<>""), F86:L86)), 0)} -> 210290.14 | Q86: =IFERROR(P86/N86*100,0) -> 17.187307 | R86: =IFERROR(100-Q86,0) -> 82.812693 | S86: =IF(R86>70,"ALTO","BAJO") -> ALTO
B87: 78 | C87: CINTA AISLANTE AUTOFUNDENTE 23 3M | D87: UND | E87: 1 | F87: 109945.17 | G87: 130850.74 | H87: 89025.561 | I87: 103111.32 | J87: 94400.813 | K87: 86832.652 | L87: 84568.357 | M87: =COUNTIF(F87:L87,">0") -> 7 | N87: =IFERROR(ROUND(AVERAGEIF(F87:L87,">0"),0),0) -> 99819 | O87: =IFERROR(ROUND(+N87*E87,0),0) -> 99819 | P87: {=IFERROR(_xlfn.STDEV.P(IF((F87:L87<>0)*(F87:L87<>""), F87:L87)), 0)} -> 15228.872 | Q87: =IFERROR(P87/N87*100,0) -> 15.256487 | R87: =IFERROR(100-Q87,0) -> 84.743513 | S87: =IF(R87>70,"ALTO","BAJO") -> ALTO
B88: 79 | C88: CODO CALLE GALVANIZADO DE 3/4 | D88: UND | E88: 1 | F88: 8398.41 | G88: 12021.57 | H88: 6514.0654 | I88: 7762.4872 | J88: 6063.4787 | K88: 6275.3009 | L88: 6013.4477 | M88: =COUNTIF(F88:L88,">0") -> 7 | N88: =IFERROR(ROUND(AVERAGEIF(F88:L88,">0"),0),0) -> 7578 | O88: =IFERROR(ROUND(+N88*E88,0),0) -> 7578 | P88: {=IFERROR(_xlfn.STDEV.P(IF((F88:L88<>0)*(F88:L88<>""), F88:L88)), 0)} -> 2000.8214 | Q88: =IFERROR(P88/N88*100,0) -> 26.403027 | R88: =IFERROR(100-Q88,0) -> 73.596973 | S88: =IF(R88>70,"ALTO","BAJO") -> ALTO
B89: 80 | C89: CORDON PLOMAGINADO DE 1/2" X CAJA X 5 KG | D89: UND | E89: 1 | F89: 993423.9 | G89: 940429.78 | H89: 858707.09 | I89: 907466.73 | J89: 687638.62 | K89: 546388.99 | L89: 523987.29 | M89: =COUNTIF(F89:L89,">0") -> 7 | N89: =IFERROR(ROUND(AVERAGEIF(F89:L89,">0"),0),0) -> 779720 | O89: =IFERROR(ROUND(+N89*E89,0),0) -> 779720 | P89: {=IFERROR(_xlfn.STDEV.P(IF((F89:L89<>0)*(F89:L89<>""), F89:L89)), 0)} -> 178236.09 | Q89: =IFERROR(P89/N89*100,0) -> 22.858987 | R89: =IFERROR(100-Q89,0) -> 77.141013 | S89: =IF(R89>70,"ALTO","BAJO") -> ALTO
B90: 81 | C90: CORDON PLOMAGINADO DE 3/8" X CAJA X 5 KG | D90: UND | E90: 1 | F90: 907195.08 | G90: 868356.7 | H90: 706967.69 | I90: 818839.27 | J90: 581065.45 | K90: 532962.77 | L90: 511927.95 | M90: =COUNTIF(F90:L90,">0") -> 7 | N90: =IFERROR(ROUND(AVERAGEIF(F90:L90,">0"),0),0) -> 703902 | O90: =IFERROR(ROUND(+N90*E90,0),0) -> 703902 | P90: {=IFERROR(_xlfn.STDEV.P(IF((F90:L90<>0)*(F90:L90<>""), F90:L90)), 0)} -> 152482.54 | Q90: =IFERROR(P90/N90*100,0) -> 21.662467 | R90: =IFERROR(100-Q90,0) -> 78.337533 | S90: =IF(R90>70,"ALTO","BAJO") -> ALTO
B91: 82 | C91: CORREA TRAPEZOIDAL PERFIL A, REF A-61 | D91: UND | E91: 1 | F91: 125702.06 | H91: 101798.24 | I91: 107919.63 | J91: 71457.308 | K91: 51807.717 | L91: 0 | M91: =COUNTIF(F91:L91,">0") -> 5 | N91: =IFERROR(ROUND(AVERAGEIF(F91:L91,">0"),0),0) -> 91737 | O91: =IFERROR(ROUND(+N91*E91,0),0) -> 91737 | P91: {=IFERROR(_xlfn.STDEV.P(IF((F91:L91<>0)*(F91:L91<>""), F91:L91)), 0)} -> 26541.835 | Q91: =IFERROR(P91/N91*100,0) -> 28.93253 | R91: =IFERROR(100-Q91,0) -> 71.06747 | S91: =IF(R91>70,"ALTO","BAJO") -> ALTO
B92: 83 | C92: CORREA TRAPEZOIDAL PERFIL B, REF B-36 | D92: UND | E92: 1 | F92: 114837.09 | G92: 95539.703 | H92: 91452.369 | I92: 97030.544 | J92: 65230.177 | K92: 0 | L92: 0 | M92: =COUNTIF(F92:L92,">0") -> 5 | N92: =IFERROR(ROUND(AVERAGEIF(F92:L92,">0"),0),0) -> 92818 | O92: =IFERROR(ROUND(+N92*E92,0),0) -> 92818 | P92: {=IFERROR(_xlfn.STDEV.P(IF((F92:L92<>0)*(F92:L92<>""), F92:L92)), 0)} -> 15955.854 | Q92: =IFERROR(P92/N92*100,0) -> 17.190474 | R92: =IFERROR(100-Q92,0) -> 82.809526 | S92: =IF(R92>70,"ALTO","BAJO") -> ALTO
B93: 84 | C93: CORREA TRAPEZOIDAL PERFIL B, REF B-46 | D93: UND | E93: 1 | F93: 122640 | G93: 160880.13 | H93: 100904.15 | I93: 106939.64 | J93: 71920.789 | K93: 0 | L93: 0 | M93: =COUNTIF(F93:L93,">0") -> 5 | N93: =IFERROR(ROUND(AVERAGEIF(F93:L93,">0"),0),0) -> 112657 | O93: =IFERROR(ROUND(+N93*E93,0),0) -> 112657 | P93: {=IFERROR(_xlfn.STDEV.P(IF((F93:L93<>0)*(F93:L93<>""), F93:L93)), 0)} -> 29173.232 | Q93: =IFERROR(P93/N93*100,0) -> 25.895623 | R93: =IFERROR(100-Q93,0) -> 74.104377 | S93: =IF(R93>70,"ALTO","BAJO") -> ALTO
B94: 85 | C94: CORREA TRAPEZOIDAL PERFIL B, REF B-57 | D94: UND | E94: 1 | F94: 154684.16 | G94: 179619.91 | H94: 124278.15 | I94: 131720.01 | J94: 88564.297 | K94: 0 | L94: 0 | M94: =COUNTIF(F94:L94,">0") -> 5 | N94: =IFERROR(ROUND(AVERAGEIF(F94:L94,">0"),0),0) -> 135773 | O94: =IFERROR(ROUND(+N94*E94,0),0) -> 135773 | P94: {=IFERROR(_xlfn.STDEV.P(IF((F94:L94<>0)*(F94:L94<>""), F94:L94)), 0)} -> 30520.169 | Q94: =IFERROR(P94/N94*100,0) -> 22.478821 | R94: =IFERROR(100-Q94,0) -> 77.521179 | S94: =IF(R94>70,"ALTO","BAJO") -> ALTO
B95: 86 | C95: CORREA TRAPEZOIDAL PERFIL B, REF B-62 | D95: UND | E95: 1 | F95: 144533.75 | H95: 118913.63 | I95: 125879.32 | J95: 89413.614 | L95: 0 | M95: =COUNTIF(F95:L95,">0") -> 4 | N95: =IFERROR(ROUND(AVERAGEIF(F95:L95,">0"),0),0) -> 119685 | O95: =IFERROR(ROUND(+N95*E95,0),0) -> 119685 | P95: {=IFERROR(_xlfn.STDEV.P(IF((F95:L95<>0)*(F95:L95<>""), F95:L95)), 0)} -> 19829.157 | Q95: =IFERROR(P95/N95*100,0) -> 16.567788 | R95: =IFERROR(100-Q95,0) -> 83.432212 | S95: =IF(R95>70,"ALTO","BAJO") -> ALTO
B96: 87 | C96: CORREA TRAPEZOIDAL PERFIL B, REF B-81 | D96: UND | E96: 1 | F96: 141644.3 | G96: 153229.81 | H96: 106268.68 | I96: 129603.96 | J96: 99017.706 | K96: 98069.819 | L96: 96409.843 | M96: =COUNTIF(F96:L96,">0") -> 7 | N96: =IFERROR(ROUND(AVERAGEIF(F96:L96,">0"),0),0) -> 117749 | O96: =IFERROR(ROUND(+N96*E96,0),0) -> 117749 | P96: {=IFERROR(_xlfn.STDEV.P(IF((F96:L96<>0)*(F96:L96<>""), F96:L96)), 0)} -> 21698.263 | Q96: =IFERROR(P96/N96*100,0) -> 18.427556 | R96: =IFERROR(100-Q96,0) -> 81.572444 | S96: =IF(R96>70,"ALTO","BAJO") -> ALTO
B97: 88 | C97: CORREA TRAPEZOIDAL PERFIL B, REF B-90 | D97: UND | E97: 1 | F97: 142653.72 | G97: 195197.62 | H97: 109461.84 | I97: 135324.61 | J97: 103392.11 | K97: 99675.128 | L97: 99235.792 | M97: =COUNTIF(F97:L97,">0") -> 7 | N97: =IFERROR(ROUND(AVERAGEIF(F97:L97,">0"),0),0) -> 126420 | O97: =IFERROR(ROUND(+N97*E97,0),0) -> 126420 | P97: {=IFERROR(_xlfn.STDEV.P(IF((F97:L97<>0)*(F97:L97<>""), F97:L97)), 0)} -> 32393.383 | Q97: =IFERROR(P97/N97*100,0) -> 25.623622 | R97: =IFERROR(100-Q97,0) -> 74.376378 | S97: =IF(R97>70,"ALTO","BAJO") -> ALTO
B98: 89 | C98: CORREA TRAPEZOIDAL PERFIL B, REF B-120 | D98: UND | E98: 1 | F98: 251826.4 | G98: 292901.75 | H98: 231185.46 | I98: 253978.37 | J98: 194015.79 | K98: 214527.73 | L98: 0 | M98: =COUNTIF(F98:L98,">0") -> 6 | N98: =IFERROR(ROUND(AVERAGEIF(F98:L98,">0"),0),0) -> 239739 | O98: =IFERROR(ROUND(+N98*E98,0),0) -> 239739 | P98: {=IFERROR(_xlfn.STDEV.P(IF((F98:L98<>0)*(F98:L98<>""), F98:L98)), 0)} -> 31555.577 | Q98: =IFERROR(P98/N98*100,0) -> 13.162471 | R98: =IFERROR(100-Q98,0) -> 86.837529 | S98: =IF(R98>70,"ALTO","BAJO") -> ALTO
B99: 90 | C99: CORREA TRAPEZOIDAL PERFIL B, REF B-93 | D99: UND | E99: 1 | F99: 147475.87 | G99: 177933.83 | H99: 115720.46 | I99: 145495.62 | J99: 106888.52 | K99: 103177.62 | L99: 103160.29 | M99: =COUNTIF(F99:L99,">0") -> 7 | N99: =IFERROR(ROUND(AVERAGEIF(F99:L99,">0"),0),0) -> 128550 | O99: =IFERROR(ROUND(+N99*E99,0),0) -> 128550 | P99: {=IFERROR(_xlfn.STDEV.P(IF((F99:L99<>0)*(F99:L99<>""), F99:L99)), 0)} -> 26743.001 | Q99: =IFERROR(P99/N99*100,0) -> 20.803579 | R99: =IFERROR(100-Q99,0) -> 79.196421 | S99: =IF(R99>70,"ALTO","BAJO") -> ALTO
B100: 91 | C100: CORREA TRAPEZOIDAL PERFIL C, XPC-2240 | D100: UND | E100: 1 | F100: 342796.16 | G100: 465661.04 | H100: 296326.11 | I100: 313073.89 | J100: 239196.83 | K100: 0 | L100: 0 | M100: =COUNTIF(F100:L100,">0") -> 5 | N100: =IFERROR(ROUND(AVERAGEIF(F100:L100,">0"),0),0) -> 331411 | O100: =IFERROR(ROUND(+N100*E100,0),0) -> 331411 | P100: {=IFERROR(_xlfn.STDEV.P(IF((F100:L100<>0)*(F100:L100<>""), F100:L100)), 0)} -> 75131.016 | Q100: =IFERROR(P100/N100*100,0) -> 22.670043 | R100: =IFERROR(100-Q100,0) -> 77.329957 | S100: =IF(R100>70,"ALTO","BAJO") -> ALTO
B101: 92 | C101: CORREA TRAPEZOIDAL PERFIL C, REF - SPC-3550 | D101: UND | E101: 1 | F101: 605590.61 | G101: 749064.8 | H101: 490470.81 | I101: 581088.68 | J101: 443918.07 | K101: 345579.36 | L101: 328170.16 | M101: =COUNTIF(F101:L101,">0") -> 7 | N101: =IFERROR(ROUND(AVERAGEIF(F101:L101,">0"),0),0) -> 506269 | O101: =IFERROR(ROUND(+N101*E101,0),0) -> 506269 | P101: {=IFERROR(_xlfn.STDEV.P(IF((F101:L101<>0)*(F101:L101<>""), F101:L101)), 0)} -> 139432.6 | Q101: =IFERROR(P101/N101*100,0) -> 27.541208 | R101: =IFERROR(100-Q101,0) -> 72.458792 | S101: =IF(R101>70,"ALTO","BAJO") -> ALTO
B102: 93 | C102: CORREA TRAPEZOIDAL PERFIL C, REF - SPC-3750 | D102: UND | E102: 1 | F102: 410573.22 | G102: 525926.73 | H102: 332472.79 | I102: 390666.02 | J102: 298442.37 | K102: 232332.07 | L102: 0 | M102: =COUNTIF(F102:L102,">0") -> 6 | N102: =IFERROR(ROUND(AVERAGEIF(F102:L102,">0"),0),0) -> 365069 | O102: =IFERROR(ROUND(+N102*E102,0),0) -> 365069 | P102: {=IFERROR(_xlfn.STDEV.P(IF((F102:L102<>0)*(F102:L102<>""), F102:L102)), 0)} -> 92845.54 | Q102: =IFERROR(P102/N102*100,0) -> 25.432327 | R102: =IFERROR(100-Q102,0) -> 74.567673 | S102: =IF(R102>70,"ALTO","BAJO") -> ALTO
...

Sheet FM-029 DEP
E2: FORMATO CUADRO DE TABULACIÓN Y ANÁLISIS DE DATOS ESTADÍSTICOS - ESTUDIO DE SECTOR
E3: CÓDIGO: GCON-FM-029 | M3: VERSIÓN: 3
E4: FECHA DE APLICACIÓN: DICIEMBRE DE 2021
B6: TABULACION INICIAL COTIZACIONES, CONTRATACIONES VIGENCIA ANTERIOR DE LA UAERMV Y CONTRATACIONES SIMILARES DE OTRAS ENTIDADES PARA EL ESTUDIO DE SECTOR PRESUPUESTO | F6: COTIZACIONES GESTIONADAS PARA EL ESTUDIO DE SECTOR | H6: CONTRATACIONES ANTERIORES UAERMV | M6: CONTRATACIONES SIMILARES OTRAS ENTIDADES VIGENCIA | N6: "PRESTAR EL SERVICIO DE MANTENIMIENTO E INGENIERÍA PARA LAS MÁQUINAS Y EQUIPOS INDUSTRIALES DE LA SEDE PRODUCCIÓN DE LA UAERMV"
H7: Contrato Nro. 902 de 2024 | I7: Contrato Nro. 645 de 2023 | J7: Contrato Nro. 631 de 2021 | K7: Contrato Nro. 562 de 2020 | L7: Contrato Nro. 460 de 2019 | M7: Visor de Precios Unitarios de Referencia 2024-I Fase II + M.O. 2025
F8: GECOLSA | G8: IMC SAS | H8: IMC SAS | I8: IMC SAS | J8: AUTOCARS INGENIERIA SAS | K8: REIMPODIESEL S.A.S | L8: IMC SAS | M8: IDU
B9: ITEM | C9: DESCRIPCIÓN | D9: UNIDAD DE MEDIDA | E9: CANTIDAD | F9: VALOR UNITARIO INCLUIDO IVA | G9: 1 | H9: VALOR UNITARIO INCLUIDO IVA A PRECIO FEB 2025 | I9: 4 | J9: 5 | K9: 6 | L9: 7 | M9: VALOR UNITARIO INCLUIDO IVA A PRECIO FEB 2025 | N9: MUESTRA | O9: VALOR PROMEDIO UNITARIO | P9: VALOR PROMEDIO TOTAL | Q9: DESVIACION ESTANDAR | R9: COEF VARIACION | S9: MARGEN DE CONFIABILIDAD | T9: NIVEL DE CONFIABILIDAD DE LOS DATOS
B10: 1 | C10: MANO DE OBRA TÉCNICO MECÁNICO ACTIVIDADES DE DIAGNÓSTICO Y MANTENIMIENTO PREVENTIVO Y/O CORRECTIVO PARA COMPONENTES O SISTEMAS MECÁNICOS, NEUMÁTICOS Y/O ACTIVIDADES RELACIONADAS A REALIZAR POR UN TÉCNICO MECÁNICO CALIFICADO. | D10: HORA | E10: 1 | F10: =BASE!F10 -> 0 | G10: =BASE!G10 -> 195220 | H10: =BASE!H10*'FM-029 DEP'!$H$1152 -> 160471.91 | I10: =BASE!I10*'FM-029 DEP'!$I$1152 -> 127017.32 | M10: =BASE!M10*$M$1152 -> 0 | N10: =COUNTIF(F10:M10,">0") -> 3 | O10: =IFERROR(ROUND(AVERAGEIF(F10:M10,">0"),0),0) -> 160903 | P10: =IFERROR(ROUND(+O10*E10,0),0) -> 160903 | Q10: {=IFERROR(_xlfn.STDEV.P(IF((F10:M10<>0)*(F10:M10<>""), F10:M10)), 0)} -> 27845.299 | R10: =IFERROR(Q10/O10*100,0) -> 17.305643 | S10: =IFERROR(100-R10,0) -> 82.694357 | T10: =IF(S10>70,"ALTO","BAJO") -> ALTO
B11: 2 | C11: MANO DE OBRA TÉCNICO ELÉCTRICISTA ACTIVIDADES DE DIAGNÓSTICO Y MANTENIMIENTO PREVENTIVO Y/O CORRECTIVO PARA COMPONENTES O SISTEMAS ELÉCTRICOS Y/O ACTIVIDADES RELACIONADAS A REALIZAR POR UN TÉCNICO ELECTRICISTA CALIFICADO. | D11: HORA | E11: 1 | F11: =BASE!F11 -> 0 | G11: =BASE!G11 -> 153892 | H11: =BASE!H11*'FM-029 DEP'!$H$1152 -> 139669.5 | I11: =BASE!I11*'FM-029 DEP'!$I$1152 -> 127960.5 | M11: =BASE!M11*$M$1152 -> 0 | N11: =COUNTIF(F11:M11,">0") -> 3 | O11: =IFERROR(ROUND(AVERAGEIF(F11:M11,">0"),0),0) -> 140507 | P11: =IFERROR(ROUND(+O11*E11,0),0) -> 140507 | Q11: {=IFERROR(_xlfn.STDEV.P(IF((F11:M11<>0)*(F11:M11<>""), F11:M11)), 0)} -> 10603.054 | R11: =IFERROR(Q11/O11*100,0) -> 7.5462814 | S11: =IFERROR(100-R11,0) -> 92.453719 | T11: =IF(S11>70,"ALTO","BAJO") -> ALTO
B12: 3 | C12: MANO DE OBRA ESPECIALIZADA Actividades de diagnóstico, mantenimiento preventivo, mantenimiento correctivo y/o mantenimiento predictivo que requieren de un técnico especialista, tales como actividades de calibración, verificación, instrumentación y/o intervención de sistemas o equipos electrónicos, térmicos, de pesaje, entre otros. De igual forma incluye actividades de fabricación o manufactura de partes y componentes que deben deberán cumplir requerimientos de diseño específicos del fabricante de cada equipo industrial de la UAERMV. Incluye el levantamiento de información para fabricación directamente con la parte o componente afectada o con repuestos disponibles en el stock de la UAERMV. También podrán estar disponibles planos de fabricantes para algunas partes y componentes de mayor rotación y que corresponden a piezas de desgaste, tales como paletas, recubrimientos, brazos de mezclador, o repuestos necesarios de fabricación tales como trunnios, ejes y diferentes piezas de máquinas. Los procesos de manufactura requeridos pueden incluir procesos de mecanizado, fresado, fundición, conformado de chapa, corte, rolado, entre otros.Igualmente podrán ser requeridas actividades de Diseño para la fabricación de partes y componentes. | D12: HORA | E12: 1 | F12: =BASE!F12 -> 0 | G12: =BASE!G12 -> 242861 | H12: =BASE!H12*'FM-029 DEP'!$H$1152 -> 220415.21 | I12: =BASE!I12*'FM-029 DEP'!$I$1152 -> 201936.58 | M12: =BASE!M12*$M$1152 -> 0 | N12: =COUNTIF(F12:M12,">0") -> 3 | O12: =IFERROR(ROUND(AVERAGEIF(F12:M12,">0"),0),0) -> 221738 | P12: =IFERROR(ROUND(+O12*E12,0),0) -> 221738 | Q12: {=IFERROR(_xlfn.STDEV.P(IF((F12:M12<>0)*(F12:M12<>""), F12:M12)), 0)} -> 16733.47 | R12: =IFERROR(Q12/O12*100,0) -> 7.5465055 | S12: =IFERROR(100-R12,0) -> 92.453495 | T12: =IF(S12>70,"ALTO","BAJO") -> ALTO
B13: 4 | C13: MANTENIMIENTO PREVENTIVO MOTOR ELECTRICO 100 a 150 HP - 440V - 4P - LAVAR DEVANADO Y HORNEAR - VERIFICAR AJUSTES - REEMPLAZAR RODAMIENTOS - PRUEBA DE RESISTENCIA DE AISLANTE -BARNIZADO DE AISLANTE - VIBRACION - PINTURA - PRUEBAS DE ARRANQUE | D13: UND | E13: 1 | F13: =BASE!F13 -> 0 | G13: =BASE!G13 -> 16155949 | H13: =BASE!H13*'FM-029 DEP'!$H$1152 -> 14028735 | K13: =BASE!K13*'FM-029 DEP'!$K$1152 -> 13637350 | L13: =BASE!L13*'FM-029 DEP'!$L$1152 -> 13278840 | M13: =BASE!M13*$M$1152 -> 0 | N13: =COUNTIF(F13:M13,">0") -> 4 | O13: =IFERROR(ROUND(AVERAGEIF(F13:M13,">0"),0),0) -> 14275219 | P13: =IFERROR(ROUND(+O13*E13,0),0) -> 14275219 | Q13: {=IFERROR(_xlfn.STDEV.P(IF((F13:M13<>0)*(F13:M13<>""), F13:M13)), 0)} -> 1117759.7 | R13: =IFERROR(Q13/O13*100,0) -> 7.8300704 | S13: =IFERROR(100-R13,0) -> 92.16993 | T13: =IF(S13>70,"ALTO","BAJO") -> ALTO
B14: 5 | C14: MANTENIMIENTO PREVENTIVO MOTOR ELECTRICO 75HP a 100 HP - 440V - LAVAR DEVANADO Y HORNEAR - VERIFICAR AJUSTES - REEMPLAZAR RODAMIENTOS - PRUEBA DE RESISTENCIA DE AISLANTE -BARNIZADO DE AISLANTE - VIBRACION - PINTURA - PRUEBAS DE ARRANQUE | D14: UND | E14: 1 | F14: =BASE!F14 -> 0 | G14: =BASE!G14 -> 12299329 | H14: =BASE!H14*'FM-029 DEP'!$H$1152 -> 10679907 | I14: =BASE!I14*'FM-029 DEP'!$I$1152 -> 9206607.1 | J14: =BASE!J14*'FM-029 DEP'!$J$1152 -> 8287763.2 | K14: =BASE!K14*'FM-029 DEP'!$K$1152 -> 9609677.1 | L14: =BASE!L14*'FM-029 DEP'!$L$1152 -> 9382105.3 | M14: =BASE!M14*$M$1152 -> 0 | N14: =COUNTIF(F14:M14,">0") -> 6 | O14: =IFERROR(ROUND(AVERAGEIF(F14:M14,">0"),0),0) -> 9910898 | P14: =IFERROR(ROUND(+O14*E14,0),0) -> 9910898 | Q14: {=IFERROR(_xlfn.STDEV.P(IF((F14:M14<>0)*(F14:M14<>""), F14:M14)), 0)} -> 1277818.8 | R14: =IFERROR(Q14/O14*100,0) -> 12.893068 | S14: =IFERROR(100-R14,0) -> 87.106932 | T14: =IF(S14>70,"ALTO","BAJO") -> ALTO
B15: 6 | C15: MANTENIMIENTO PREVENTIVO MOTOR ELECTRICO 40HP A 75 HP- 440V - LAVAR DEVANADO Y HORNEAR - VERIFICAR AJUSTES - REEMPLAZAR RODAMIENTOS - PRUEBA DE RESISTENCIA DE AISLANTE -BARNIZADO DE AISLANTE - VIBRACION - PINTURA - PRUEBAS DE ARRANQUE | D15: UND | E15: 1 | F15: =BASE!F15 -> 0 | G15: =BASE!G15 -> 10081078 | H15: =BASE!H15*'FM-029 DEP'!$H$1152 -> 8753728.6 | I15: =BASE!I15*'FM-029 DEP'!$I$1152 -> 7546146.8 | J15: =BASE!J15*'FM-029 DEP'!$J$1152 -> 6255316.4 | K15: =BASE!K15*'FM-029 DEP'!$K$1152 -> 7463680.8 | L15: =BASE!L15*'FM-029 DEP'!$L$1152 -> 7377595.9 | M15: =BASE!M15*$M$1152 -> 0 | N15: =COUNTIF(F15:M15,">0") -> 6 | O15: =IFERROR(ROUND(AVERAGEIF(F15:M15,">0"),0),0) -> 7912924 | P15: =IFERROR(ROUND(+O15*E15,0),0) -> 7912924 | Q15: {=IFERROR(_xlfn.STDEV.P(IF((F15:M15<>0)*(F15:M15<>""), F15:M15)), 0)} -> 1209574.9 | R15: =IFERROR(Q15/O15*100,0) -> 15.286067 | S15: =IFERROR(100-R15,0) -> 84.713933 | T15: =IF(S15>70,"ALTO","BAJO") -> ALTO
B16: 7 | C16: MANTENIMIENTO GENERAL DE LA CALDERAS PARA ACEITE TERMICO 500,000 A 750,000 KCAL / HR, LIMPIADO DE PARED, CAMBIO DE EMPAQUETADURAS, DESHOLLINADO DE TUBERIA INTERNA, REVISION DE REFRACTARIO, LAVADO GENERAL, PUESTA EN MARCHA | D16: UND | E16: 1 | F16: =BASE!F16 -> 0 | G16: =BASE!G16 -> 6202841 | H16: =BASE!H16*'FM-029 DEP'!$H$1152 -> 5040134.6 | K16: =BASE!K16*'FM-029 DEP'!$K$1152 -> 4174035.1 | M16: =BASE!M16*$M$1152 -> 0 | N16: =COUNTIF(F16:M16,">0") -> 3 | O16: =IFERROR(ROUND(AVERAGEIF(F16:M16,">0"),0),0) -> 5139004 | P16: =IFERROR(ROUND(+O16*E16,0),0) -> 5139004 | Q16: {=IFERROR(_xlfn.STDEV.P(IF((F16:M16<>0)*(F16:M16<>""), F16:M16)), 0)} -> 831201.79 | R16: =IFERROR(Q16/O16*100,0) -> 16.174375 | S16: =IFERROR(100-R16,0) -> 83.825625 | T16: =IF(S16>70,"ALTO","BAJO") -> ALTO
B17: 8 | C17: MANTENIMIENTO GENERAL PREVENTIVO QUEMADOR RIELLO LS130 Incluye: - Verificación, Limpieza General Exterior e Interior del quemador y cada uno de sus componentes ( Damper de Aire, carcaza interior , exterior y Ventilador) - Revisión y mantenimiento al difusor, boquillas, electrodos y cables de alta. - Revisión y limpieza Unidad detección de llama e Ignición (Transformador de Alta) - Limpieza y Calibración de los electrodos de Ignición / Ionización, fotocelda - Revisión del funcionamiento de las válvulas solenoides. - Verificación del funcionamiento de los Presóstatos de gas y de aire. - Verificación del funcionamiento del control de llama. CALIBRACIÓN ESTEQUIOMETRICA DEL QUEMADOR. - Verificación, y calibración de válvulas Principales del quemador - Realizará calibración de caudal según grafica de calibración. - Realizará calibración Entrada de Aire para el quemador (Dámper del aire). - Ajustarán Presiones estáticas y dinámicas de acuerdo a curva de fabricante. - Realizarán pruebas de calibración en proceso. ANALISIS DE GASES CON EQUIPO DIGITAL. - Toma de análisis de gases antes y después de la calibración. - Impresión inmediata y entrega de resultados de combustión. - Equipo calibrado y certificado. LIMPIEZA Y AJUSTE DEL TABLERO ELECTRICO Y LA INSTRUMENTACION - Limpieza y ajuste de contactos del tablero - Limpieza y ajuste de los controles de presión - Verificar amperaje de motores - Verificar voltaje de entrada para motores y mando REVISIÓN FINAL PARA ENTREGA - Pruebas de Funcionamiento y Operación del quemador. - Informe técnico con resultados y parámetros de calibración. - Asesoría y Capacitación a los operadores del quemador. ELSERVICIO DE MANTENIMIENTO INCLUYE. (GARANTÍA DE OPERACIÓN) - Dos paradas de emergencia durante los próximos 45 días. - Dos Visitas de seguimiento cada 20 días, en los siguientes 2 meses; programadas con producción. - Incluye, Insumos de Limpieza (desengrasante, Lija, Limpiador Electrónico) | D17: UND | E17: 1 | F17: =BASE!F17 -> 0 | H17: =BASE!H17*'FM-029 DEP'!$H$1152 -> 19667110 | I17: =BASE!I17*'FM-029 DEP'!$I$1152 -> 13282542 | J17: =BASE!J17*'FM-029 DEP'!$J$1152 -> 0 | K17: =BASE!K17*'FM-029 DEP'!$K$1152 -> 0 | L17: =BASE!L17*'FM-029 DEP'!$L$1152 -> 0 | M17: =BASE!M17*$M$1152 -> 0 | N17: =COUNTIF(F17:M17,">0") -> 2 | O17: =IFERROR(ROUND(AVERAGEIF(F17:M17,">0"),0),0) -> 16474826 | P17: =IFERROR(ROUND(+O17*E17,0),0) -> 16474826 | Q17: {=IFERROR(_xlfn.STDEV.P(IF((F17:M17<>0)*(F17:M17<>""), F17:M17)), 0)} -> 3192283.6 | R17: =IFERROR(Q17/O17*100,0) -> 19.376737 | S17: =IFERROR(100-R17,0) -> 80.623263 | T17: =IF(S17>70,"ALTO","BAJO") -> ALTO
B18: 9 | C18: MANTENIMIENTO EN GENERAL COMPRESOR INDUSTRIAL ATLAS COPCO GA37, SUMINISTRO Y CAMBIO DE: ACEITE, FILTRO DE ACEITE Y FILTRO DE AIRE ( DE ACUERDO CON ESPECIFICACIONES DEL FABRICANTE), REVISIÓN , AJUSTE Y LIMPIEZA DEL TABLERO ELECTRICO, REVISION DEL SISTEMA NEUMATICO, ASEO, | D18: UND | E18: 1 | F18: =BASE!F18 -> 0 | G18: =BASE!G18 -> 3817139 | H18: =BASE!H18*'FM-029 DEP'!$H$1152 -> 3169240 | K18: =BASE!K18*'FM-029 DEP'!$K$1152 -> 0 | M18: =BASE!M18*$M$1152 -> 0 | N18: =COUNTIF(F18:M18,">0") -> 2 | O18: =IFERROR(ROUND(AVERAGEIF(F18:M18,">0"),0),0) -> 3493189 | P18: =IFERROR(ROUND(+O18*E18,0),0) -> 3493189 | Q18: {=IFERROR(_xlfn.STDEV.P(IF((F18:M18<>0)*(F18:M18<>""), F18:M18)), 0)} -> 323949.51 | R18: =IFERROR(Q18/O18*100,0) -> 9.273747 | S18: =IFERROR(100-R18,0) -> 90.726253 | T18: =IF(S18>70,"ALTO","BAJO") -> ALTO
B19: 10 | C19: MANTENIMIENTO GENERAL DEL TRANSFORMADOR 800 KVA 11,4 KV - 440V Mantenimiento general de transformador inmersos en aceite EL mantenimiento preventivo de los transformadores incluye al menos siguientes acciones. 1. Termo filtrado y vaciado de aceite 2. Regeneración del aceite dieléctrico 3. Lavado y secado de parte activa 4. Suministro, cambio e implementación de aceite dieléctrico, bushings, válvulas, accesorios 5. Informe técnica de mantenimiento. | D19: UND | E19: 1 | F19: =BASE!F19 -> 0 | G19: =BASE!G19 -> 23991139 | H19: =BASE!H19*'FM-029 DEP'!$H$1152 -> 18321712 | I19: =BASE!I19*'FM-029 DEP'!$I$1152 -> 12652520 | M19: =BASE!M19*$M$1152 -> 0 | N19: =COUNTIF(F19:M19,">0") -> 3 | O19: =IFERROR(ROUND(AVERAGEIF(F19:M19,">0"),0),0) -> 18321790 | P19: =IFERROR(ROUND(+O19*E19,0),0) -> 18321790 | Q19: {=IFERROR(_xlfn.STDEV.P(IF((F19:M19<>0)*(F19:M19<>""), F19:M19)), 0)} -> 4628972 | R19: =IFERROR(Q19/O19*100,0) -> 25.264846 | S19: =IFERROR(100-R19,0) -> 74.735154 | T19: =IF(S19>70,"ALTO","BAJO") -> ALTO
B20: 11 | C20: MANTENINIENTO PREDICTIVO TRANSFORMADOR 800 KVA 11,4 KV - 440V Consiste en la toma de la muestra del aceite del transformador y realizar el diagnostico completo que contemple los siguientes análisis. 1. Análisis dieléctrico 2. Análisis cromatográfico 3. Análisis de PBC'S 4. Análisis de contenido de furanos 5. Informe técnico de diagnostico | D20: UND | E20: 1 | F20: =BASE!F20 -> 0 | G20: =BASE!G20 -> 9402586 | H20: =BASE!H20*'FM-029 DEP'!$H$1152 -> 8164570.2 | I20: =BASE!I20*'FM-029 DEP'!$I$1152 -> 7038262.3 | K20: =BASE!K20*'FM-029 DEP'!$K$1152 -> 7010230.9 | M20: =BASE!M20*$M$1152 -> 0 | N20: =COUNTIF(F20:M20,">0") -> 4 | O20: =IFERROR(ROUND(AVERAGEIF(F20:M20,">0"),0),0) -> 7903912 | P20: =IFERROR(ROUND(+O20*E20,0),0) -> 7903912 | Q20: {=IFERROR(_xlfn.STDEV.P(IF((F20:M20<>0)*(F20:M20<>""), F20:M20)), 0)} -> 982596.28 | R20: =IFERROR(Q20/O20*100,0) -> 12.431771 | S20: =IFERROR(100-R20,0) -> 87.568229 | T20: =IF(S20>70,"ALTO","BAJO") -> ALTO
B21: 12 | C21: MANTENINIENTO PREDICTIVO TRANSFORMADOR 30 KVA 11,4 KV - 440V Consiste en la toma de la muestra del aceite del transformador y realizar el diagnostico completo que contemple los siguientes análisis. 1. Análisis dieléctrico 2. Análisis cromatográfico 3. Análisis de PBC'S 4. Análisis de contenido de furanos 5. Informe técnico de diagnostico | D21: UND | E21: 1 | F21: =BASE!F21 -> 0 | G21: =BASE!G21 -> 9265099 | H21: =BASE!H21*'FM-029 DEP'!$H$1152 -> 7052807.2 | K21: =BASE!K21*'FM-029 DEP'!$K$1152 -> 5284200.1 | M21: =BASE!M21*$M$1152 -> 0 | N21: =COUNTIF(F21:M21,">0") -> 3 | O21: =IFERROR(ROUND(AVERAGEIF(F21:M21,">0"),0),0) -> 7200702 | P21: =IFERROR(ROUND(+O21*E21,0),0) -> 7200702 | Q21: {=IFERROR(_xlfn.STDEV.P(IF((F21:M21<>0)*(F21:M21<>""), F21:M21)), 0)} -> 1628556.4 | R21: =IFERROR(Q21/O21*100,0) -> 22.616633 | S21: =IFERROR(100-R21,0) -> 77.383367 | T21: =IF(S21>70,"ALTO","BAJO") -> ALTO
B22: 13 | C22: MANTENINIENTO PREDICTIVO TRANSFORMADOR 500 KVA 11,4 KV - 440V Consiste en la toma de la muestra del aceite del transformador y realizar el diagnostico completo que contemple los siguientes análisis. 1. Análisis dieléctrico 2. Análisis cromatográfico 3. Análisis de PBC'S 4. Análisis de contenido de furanos 5. Informe técnico de diagnostico | D22: UND | E22: 1 | F22: =BASE!F22 -> 0 | G22: =BASE!G22 -> 15121112 | H22: =BASE!H22*'FM-029 DEP'!$H$1152 -> 11393092 | I22: =BASE!I22*'FM-029 DEP'!$I$1152 -> 7647669.8 | M22: =BASE!M22*$M$1152 -> 0 | N22: =COUNTIF(F22:M22,">0") -> 3 | O22: =IFERROR(ROUND(AVERAGEIF(F22:M22,">0"),0),0) -> 11387291 | P22: =IFERROR(ROUND(+O22*E22,0),0) -> 11387291 | Q22: {=IFERROR(_xlfn.STDEV.P(IF((F22:M22<>0)*(F22:M22<>""), F22:M22)), 0)} -> 3051022.7 | R22: =IFERROR(Q22/O22*100,0) -> 26.793227 | S22: =IFERROR(100-R22,0) -> 73.206773 | T22: =IF(S22>70,"ALTO","BAJO") -> ALTO
B23: 14 | C23: MANTENIMIENTO GENERAL DEL TRANSFORMADOR 30 KVA 11,4 KV - 220V Mantenimiento general de transformador inmersos en aceite EL mantenimiento preventivo de los transformadores incluye al menos siguientes acciones. 1. Termo filtrado y vaciado de aceite 2. Regeneración del aceite dieléctrico 3. Lavado y secado de parte activa 4. Suministro, cambio e implementación de aceite dieléctrico, bushings, válvulas, accesorios 5. Informe técnica de mantenimiento. | D23: UND | E23: 1 | F23: =BASE!F23 -> 0 | G23: =BASE!G23 -> 5416289 | H23: =BASE!H23*'FM-029 DEP'!$H$1152 -> 4849750.1 | I23: =BASE!I23*'FM-029 DEP'!$I$1152 -> 4364191 | K23: =BASE!K23*'FM-029 DEP'!$K$1152 -> 4443352.8 | M23: =BASE!M23*$M$1152 -> 0 | N23: =COUNTIF(F23:M23,">0") -> 4 | O23: =IFERROR(ROUND(AVERAGEIF(F23:M23,">0"),0),0) -> 4768396 | P23: =IFERROR(ROUND(+O23*E23,0),0) -> 4768396 | Q23: {=IFERROR(_xlfn.STDEV.P(IF((F23:M23<>0)*(F23:M23<>""), F23:M23)), 0)} -> 416958.81 | R23: =IFERROR(Q23/O23*100,0) -> 8.7442153 | S23: =IFERROR(100-R23,0) -> 91.255785 | T23: =IF(S23>70,"ALTO","BAJO") -> ALTO
